Workbook

Sheet Assumptions Sheet
C1: 2010 | D1: 2011 | E1: 2012 | F1: 2013 | G1: 2014 | H1: 2015 | I1: 2016 | J1: 2017 | K1: 2018E | L1: 2019E | M1: 2020E | N1: 2021E | O1: 2022E | P1: 2023E
B2: ASK (in million) | C2: 9286 | D2: 12491 | E2: 18006 | F2: 24977 | G2: 29967 | H2: 35327 | I2: 42826 | J2: 54583 | K2: =J2*(1+K3) -> 65499.6 | L2: =K2*(1+L3) -> 78599.52 | M2: =L2*(1+M3) -> 94319.424 | N2: =M2*(1+N3) -> 113183.31 | O2: =N2*(1+O3) -> 135819.97 | P2: =O2*(1+P3) -> 162983.96 | S2: Year | T2: 2018E | U2: 2019E | V2: 2020E | W2: 2021E | X2: 2022E
B3: Growth in ASK | D3: =(D2/C2)-1 -> 0.34514323 | E3: =(E2/D2)-1 -> 0.44151789 | F3: =(F2/E2)-1 -> 0.38714873 | G3: =(G2/F2)-1 -> 0.1997838 | H3: =(H2/G2)-1 -> 0.17886342 | I3: =(I2/H2)-1 -> 0.2122739 | J3: =(J2/I2)-1 -> 0.27452949 | K3: 0.2 | L3: 0.2 | M3: 0.2 | N3: 0.2 | O3: 0.2 | P3: 0.2 | S3: RPK (in million) | T3: 55019.664 | U3: 65237.602 | V3: 77341.928 | W3: 91678.48 | X3: 108655.98
B4: RPK (in million) | C4: 7429 | D4: 10634 | E4: 14826 | F4: 20260 | G4: 23136 | H4: 28177 | I4: 35968 | J4: 46288 | K4: =K2*K5 -> 55674.66 | L4: =L2*L5 -> 66809.592 | M4: =M2*M5 -> 80171.51 | N4: =N2*N5 -> 96205.812 | O4: =O2*O5 -> 115446.97 | P4: =P2*P5 -> 138536.37 | S4: ASK (in million) | T4: 65499.6 | U4: 78599.52 | V4: 94319.424 | W4: 113183.31 | X4: 135819.97
B5: Passenger Load Factor (%) | C5: 0.8 | D5: 0.851 | E5: 0.823 | F5: 0.811 | G5: 0.772 | H5: 0.798 | I5: 0.84 | J5: 0.848 | K5: 0.85 | L5: =K5 -> 0.85 | M5: =L5 -> 0.85 | N5: =M5 -> 0.85 | O5: =N5 -> 0.85 | P5: =O5 -> 0.85 | S5: Passenger Load Factor (%) | T5: 0.84 | U5: 0.83 | V5: 0.82 | W5: 0.81 | X5: 0.8
B6: RASK (Rs.) | C6: 2.84 | D6: 3.1 | E6: 3.1 | F6: 3.7 | G6: 3.72 | H6: 3.95 | I6: 3.78 | J6: 3.44 | K6: =K24/K2 -> 3.315 | L6: =L24/L2 -> 3.315 | M6: =M24/M2 -> 3.315 | N6: =N24/N2 -> 3.315 | O6: =O24/O2 -> 3.315 | P6: =P24/P2 -> 3.315 | S6: RASK (Rs.) | T6: 3.0233235 | U6: 3.0703315 | V6: 3.1153396 | W6: 3.1583476 | X6: 3.1993557
B7: Yield (Rs.) (passenger revenue in ₹ / revenue passenger kms) | C7: =C24/C4 -> 3.1309584 | D7: =D24/D4 -> 3.1888151 | E7: =E24/E4 -> 3.3638905 | F7: =F24/F4 -> 4.0802848 | G7: =G24/G4 -> 4.2894117 | H7: =H24/H4 -> 4.3630976 | I7: =I24/I4 -> 3.9097036 | J7: =J24/J4 -> 3.4991946 | K7: 3.9 | L7: =K7 -> 3.9 | M7: =L7 -> 3.9 | N7: =M7 -> 3.9 | O7: =N7 -> 3.9 | P7: =O7 -> 3.9 | S7: Yield (Rs.) | T7: 3.5991946 | U7: 3.6991946 | V7: 3.7991946 | W7: 3.8991946 | X7: 3.9991946
B8: Block Hours | C8: 93487 | D8: 125553 | E8: 179252 | F8: 246140 | G8: 297653 | H8: 354276 | I8: 436739 | J8: 558567 | K8: ='Cost Matrix'!K7 -> 669154.5 | L8: ='Cost Matrix'!L7 -> 742717.11 | M8: ='Cost Matrix'!M7 -> 823244.54 | N8: ='Cost Matrix'!N7 -> 963196.11 | O8: ='Cost Matrix'!O7 -> 1126198.5 | S8: Passenger Ticket Revenue | T8: 198026.48 | U8: 241326.58 | V8: 293837.03 | W8: 357472.24 | X8: 434536.4
B9: Block Hours Per Aircraft | C9: =C8/C17 -> 3739.48 | D9: =D8/AVERAGE(C17:D17) -> 3923.5312 | E9: =E8/AVERAGE(D17:E17) -> 3813.8723 | F9: =F8/AVERAGE(E17:F17) -> 4068.4298 | G9: =G8/AVERAGE(F17:G17) -> 4162.979 | H9: =H8/AVERAGE(G17:H17) -> 4143.5789 | I9: =I8/AVERAGE(H17:I17) -> 4345.6617 | J9: =J8/AVERAGE(I17:J17) -> 4693.8403 | K9: ='Cost Matrix'!K9 -> 4599 | L9: ='Cost Matrix'!L9 -> 4489.5 | M9: ='Cost Matrix'!M9 -> 4380 | N9: ='Cost Matrix'!N9 -> 4270.5 | O9: ='Cost Matrix'!O9 -> 4161
C10: =(J9/C9)^(1/7)-1 -> 0.033005045 | D10: =D9/C9-1 -> 0.049218407 | E10: =E9/D9-1 -> -0.027949034 | F10: =F9/E9-1 -> 0.066745132 | G10: =G9/F9-1 -> 0.023239745 | H10: =H9/G9-1 -> -0.0046601421 | I10: =I9/H9-1 -> 0.048770096 | J10: =J9/I9-1 -> 0.080120973
B11: RASK (Rs.) | D11: ='Income statement'!D9/'Assumptions Sheet'!C2 -> 4.247423 | E11: ='Income statement'!E9/'Assumptions Sheet'!D2 -> 4.5701865 | F11: ='Income statement'!F9/'Assumptions Sheet'!E2 -> 5.2428268 | G11: ='Income statement'!G9/'Assumptions Sheet'!F2 -> 4.5770581 | H11: ='Income statement'!H9/'Assumptions Sheet'!G2 -> 4.7785628 | I11: ='Income statement'!I9/'Assumptions Sheet'!H2 -> 4.699324 | J11: ='Income statement'!J9/'Assumptions Sheet'!I2 -> 4.5228529 | K11: ='Income statement'!K9/'Assumptions Sheet'!J2 -> 4.6654183 | ... O11: ='Income statement'!O9/'Assumptions Sheet'!N2 -> 4.6351855 | Q11: ='Income statement'!Q9/'Assumptions Sheet'!P2 -> 0
B12: CASK (Rs.) | C12: 2.3 | D12: 2.53 | E12: 3.06 | F12: 3.3 | G12: 3.56 | H12: 3.42 | I12: 3.12 | J12: 3.04 | K12: =SUM('Income statement'!K14,'Income statement'!K16,'Income statement'!K20)/K2 -> 3.0477655 | L12: =SUM('Income statement'!L14,'Income statement'!L16,'Income statement'!L20)/L2 -> 3.0996141 | M12: =SUM('Income statement'!M14,'Income statement'!M16,'Income statement'!M20)/M2 -> 3.0714852 | N12: =SUM('Income statement'!N14,'Income statement'!N16,'Income statement'!N20)/N2 -> 3.0659085 | O12: =SUM('Income statement'!O14,'Income statement'!O16,'Income statement'!O20)/O2 -> 3.0720339
B13: RASK - CASK (Rs) | D13: =D11-D12 -> 1.717423 | E13: =E11-E12 -> 1.5101865 | F13: =F11-F12 -> 1.9428268 | G13: =G11-G12 -> 1.0170581 | H13: =H11-H12 -> 1.3585628 | I13: =I11-I12 -> 1.579324 | J13: =J11-J12 -> 1.4828529 | K13: =K11-K12 -> 1.6176529 | ... O13: =O11-O12 -> 1.5631517
B14: CASK ex-fuel (Rs.) | D14: =SUM('Income statement'!D14,'Income statement'!D20)/D2 -> 1.2810984 | E14: =SUM('Income statement'!E14,'Income statement'!E20)/E2 -> 1.4673859 | F14: =SUM('Income statement'!F14,'Income statement'!F20)/F2 -> 1.6002198 | G14: =SUM('Income statement'!G14,'Income statement'!G20)/G2 -> 1.7013001 | H14: 1.8 | I14: 2.01 | J14: 1.88 | K14: =SUM('Income statement'!K14,'Income statement'!K20)/K2 -> 1.7035226 | L14: =SUM('Income statement'!L14,'Income statement'!L20)/L2 -> 1.711183 | M14: =SUM('Income statement'!M14,'Income statement'!M20)/M2 -> 1.760801 | N14: =SUM('Income statement'!N14,'Income statement'!N20)/N2 -> 1.754081 | O14: =SUM('Income statement'!O14,'Income statement'!O20)/O2 -> 1.7610412
B15: Number of Scheduled Passengers Carried (in thousands) | C15: 45337263 | D15: 53842538 | E15: 60837455 | F15: 57647250 | G15: 60668409 | H15: 70083961 | I15: 85197675 | J15: 103748598 | K15: =J15*(1+K16) -> 1.1723592e+08 | L15: =K15*(1+L16) -> 1.3364894e+08 | M15: =L15*(1+M16) -> 1.523598e+08 | N15: =M15*(1+N16) -> 1.7521377e+08 | O15: =N15*(1+O16) -> 2.0149583e+08
B16: Growth in Passengers | D16: =D15/C15-1 -> 0.1876001 | E16: =E15/D15-1 -> 0.12991433 | F16: =F15/E15-1 -> -0.052438173 | G16: =G15/F15-1 -> 0.052407686 | H16: =H15/G15-1 -> 0.15519695 | I16: =I15/H15-1 -> 0.21565154 | J16: =J15/I15-1 -> 0.21773978 | K16: 0.13 | L16: 0.14 | M16: 0.14 | N16: 0.15 | O16: 0.15
B17: Number of Planes | C17: 25 | D17: 39 | E17: 55 | F17: 66 | G17: 77 | H17: 94 | I17: 107 | J17: 131 | K17: 160 | L17: =L2/L20 -> 170.86852 | M17: =M2/M20 -> 205.04223 | N17: =N2/N20 -> 246.05067 | O17: =O2/O20 -> 295.26081 | P17: =P2/P20 -> 354.31297
D18: =D17-C17 -> 14 | E18: =E17-D17 -> 16 | F18: =F17-E17 -> 11 | G18: =G17-F17 -> 11 | H18: =H17-G17 -> 17 | I18: =I17-H17 -> 13 | J18: =J17-I17 -> 24 | K18: =K17-J17 -> 29 | ... P18: =P17-O17 -> 59.052161
C19: =C20*(1+J21)^7 -> 371.44 | D19: =D18/C17 -> 0.56 | E19: =E18/D17 -> 0.41025641 | F19: =F18/E17 -> 0.2 | G19: =G18/F17 -> 0.16666667 | H19: =H18/G17 -> 0.22077922 | I19: =I18/H17 -> 0.13829787 | J19: =J18/I17 -> 0.22429907 | K19: =K18/J17 -> 0.22137405 | ... P19: =P18/O17 -> 0.2
B20: ASK Per Plane | C20: =C2/C17 -> 371.44 | D20: =D2/D17 -> 320.28205 | E20: ='Revenue Matrix'!E15 -> 383.10638 | F20: ='Revenue Matrix'!F15 -> 412.84298 | G20: ='Revenue Matrix'!G15 -> 419.11888 | H20: ='Revenue Matrix'!H15 -> 413.18129 | I20: ='Revenue Matrix'!I15 -> 426.12935 | J20: ='Revenue Matrix'!J15 -> 458.68067 | K20: 460 | L20: =K20 -> 460 | M20: =L20 -> 460 | N20: =M20 -> 460 | O20: =N20 -> 460 | P20: =O20 -> 460
B21: Average Fare | C21: 3548 | D21: 3582 | E21: 3911 | F21: 4895 | G21: 5071 | H21: 4882 | I21: 4248
B23: Passenger Revenue
B24: Passenger ticket revenue | C24: 23259.89 | D24: 33909.86 | E24: 49873.04 | F24: 82666.57 | G24: 99239.83 | H24: 122939 | I24: 140624.22 | J24: 161970.72 | K24: =K7*K4 -> 217131.17 | L24: =L7*L4 -> 260557.41 | M24: =M7*M4 -> 312668.89 | N24: =N7*N4 -> 375202.67 | O24: =O7*O4 -> 450243.2 | P24: =P7*P4 -> 540291.84
B26: Ancillary revenue | C26: =C40 -> 2765.35 | D26: =D40 -> 4356.65 | E26: =E40 -> 5680.34 | F26: =F40 -> 9253.44 | G26: =G40 -> 11553.33 | H26: =H40 -> 15724.87 | I26: =I40 -> 20019.95 | J26: 22667.6 | K26: =K27*K24 -> 29312.708 | L26: =L27*L24 -> 35175.25 | M26: =M27*M24 -> 40646.956 | N26: =N27*N24 -> 46900.334 | O26: =O27*O24 -> 56280.4 | P26: =P27*P24 -> 67536.48
C27: =C26/C$24 -> 0.11888921 | D27: =D26/D$24 -> 0.12847738 | E27: =E26/E$24 -> 0.113896 | F27: =F26/F$24 -> 0.11193691 | G27: =G26/G$24 -> 0.11641828 | H27: =H26/H$24 -> 0.12790791 | I27: =I26/I$24 -> 0.14236488 | J27: =J26/J$24 -> 0.13994875 | K27: 0.135 | L27: 0.135 | M27: 0.13 | N27: 0.125 | O27: 0.125 | P27: 0.125
B28: Other operating revenue | C28: 29.57 | D28: 67.69 | E28: 93.22 | F28: 111.29 | G28: 372.69 | H28: 589.5 | I28: 754.9 | J28: 1167 | K28: =K29*K24 -> 1694.7101 | L28: =L29*L24 -> 2189.9866 | M28: =M29*M24 -> 2815.5852 | N28: =N29*N24 -> 3603.8239 | O28: =O29*O24 -> 4594.7346 | P28: =P29*P24 -> 5837.8566 | Q28: 0.19
C29: =C28/C$24 -> 0.0012712872 | D29: =D28/D$24 -> 0.0019961746 | E29: =E28/E$24 -> 0.0018691461 | F29: =F28/F$24 -> 0.0013462516 | G29: =G28/G$24 -> 0.0037554478 | H29: =H28/H$24 -> 0.004795061 | I29: =I28/I$24 -> 0.0053682076 | J29: =J28/J$24 -> 0.0072050059 | K29: =J29+0.06% -> 0.0078050059 | L29: =K29+0.06% -> 0.0084050059 | M29: =L29+0.06% -> 0.0090050059 | N29: =M29+0.06% -> 0.0096050059 | O29: =N29+0.06% -> 0.010205006 | P29: =O29+0.06% -> 0.010805006
B30: Other Income | C30: 621.93 | D30: 1107.37 | E30: 1439.6 | F30: 2371.04 | G30: 3155.34 | H30: 3945.83 | I30: 4613.93 | J30: 7890.7 | K30: =K24*K31 -> 6513.9352 | L30: =L24*L31 -> 7816.7223 | M30: =M24*M31 -> 9380.0667 | N30: =N24*N31 -> 11256.08 | O30: =O24*O31 -> 13507.296 | P30: =P24*P31 -> 16208.755
C31: =C30/C$24 -> 0.026738304 | D31: =D30/D$24 -> 0.032656283 | E31: =E30/E$24 -> 0.028865295 | F31: =F30/F$24 -> 0.028681969 | G31: =G30/G$24 -> 0.031795097 | H31: =H30/H$24 -> 0.032095836 | I31: =I30/I$24 -> 0.032810351 | J31: =J30/J$24 -> 0.04871683 | K31: 0.03 | L31: =K31 -> 0.03 | M31: =L31 -> 0.03 | N31: =M31 -> 0.03 | O31: =N31 -> 0.03 | P31: =O31 -> 0.03 | Q31: 0.03
B32: Total Revenue | C32: =SUM(C24,C26,C28,C30) -> 26676.74 | D32: =SUM(D24:D30) -> 39441.7 | E32: =SUM(E24:E30) -> 57086.316 | F32: =SUM(F24:F30) -> 94402.453 | G32: =SUM(G24:G30) -> 114321.31 | H32: =SUM(H24:H30) -> 143199.33 | I32: =SUM(I24:I30) -> 166013.15 | J32: =SUM(J24:J30) -> 193696.17 | K32: =SUM(K24:K30) -> 254652.67 | ... P32: =SUM(P24:P30) -> 629875.07
B34: (a) Revenue from Ancillary Passenger related services | C34: 934.38 | D34: 1508.03 | E34: 2075.43 | F34: 3936.81 | G34: 5394.52 | H34: 7608.24 | I34: 10464.65 | J34: =J26-SUM(J35:J39) -> 11376.95
B35: (b) Cargo services | C35: 1565.4 | D35: 2451.26 | E35: 2903.72 | F35: 4102.94 | G35: 4859.78 | H35: 6538.8 | I35: 7576.65 | J35: 8761.86
B36: (c) Tours and packages | C36: – | D36: 1.37 | E36: 61.78 | F36: 121.67 | G36: 142.03 | H36: 146 | I36: 33 | J36: 33
B37: In-flight sales | C37: 256.02 | D37: 383.57 | E37: 610.07 | F37: 1022.28 | G37: 1047.38 | H37: 1290.3 | I37: 1726.3 | J37: 1595.9
B38: Advertisement | C38: 9.55 | D38: 12.42 | E38: 23.29 | F38: 62.14 | G38: 106.97 | H38: 138.6 | I38: 218.9 | J38: 899.89
B39: Commission | C39: – | D39: – | E39: 6.05 | F39: 7.6 | G39: 2.65 | H39: 2.93 | I39: 0.45
B40: Total Revenues from Ancillary Products and Services | C40: =SUM(C34:C39) -> 2765.35 | D40: =SUM(D34:D39) -> 4356.65 | E40: =SUM(E34:E39) -> 5680.34 | F40: =SUM(F34:F39) -> 9253.44 | G40: =SUM(G34:G39) -> 11553.33 | H40: =SUM(H34:H39) -> 15724.87 | I40: =SUM(I34:I39) -> 20019.95 | J40: =SUM(J34:J39) -> 22667.6
B45: Lease Payments
B46: Operating Lease Expense
B47: Finance Lease Interest Payment | Q47: 2023E
B48: Finance Lease Principal Payment | C48: =C52/C32 -> 0.10356813 | D48: =D52/D32 -> 0.10391261 | E48: =E52/E32 -> 0.14026391 | F48: =F52/F32 -> 0.14365601 | G48: =G52/G32 -> 0.14610697 | H48: =H52/H32 -> 0.1363301 | I48: =I52/I32 -> 0.15734609 | J48: =J52/J32 -> 0.16135441 | Q48: 460
C49: 2010 | D49: =C49+1 -> 2011 | E49: =D49+1 -> 2012 | F49: =E49+1 -> 2013 | G49: =F49+1 -> 2014 | H49: =G49+1 -> 2015 | I49: =H49+1 -> 2016 | J49: =I49+1 -> 2017
B50: Aircraft and engine rentals | C50: 4703.81 | D50: 6372.43 | E50: 10634.4 | F50: 17149.51 | G50: 20310.31 | H50: =H52-H51 -> 23075.5 | I50: =I52-I51 -> 29687.48 | J50: =J52-J51 -> 36585.73
B51: Cash and non-cash incentives | C51: -1940.95 | D51: -2273.94 | E51: -2627.25 | F51: -3588.03 | G51: -3607.17 | H51: -3553.12 | I51: -3565.96 | J51: -5332 | AA51: 354.31297
B52: Aircraft and engine rentals (net) | C52: 2762.86 | D52: 4098.49 | E52: 8007.15 | F52: 13561.48 | G52: 16703.14 | H52: 19522.38 | I52: 26121.52 | J52: 31253.73
B53: Finance lease charges (Interest) | C53: 87.77 | D53: 300.35 | E53: 313.18 | F53: 364.29 | G53: 826.57 | H53: 929.36 | I53: 1019.02 | J53: 1299 | U53: Year | V53: 2018E | W53: 2019E | X53: 2020E | Y53: 2021E | Z53: 2022E
B54: Finance lease charges paid | C54: 80.68 | D54: 302.35 | E54: 312.73 | F54: 363.12 | G54: 603.2 | H54: 669.67 | I54: 701.57 | J54: 478.8 | U54: Number of Planes | V54: 160 | W54: 170.86852 | X54: 205.04223 | Y54: 246.05067 | Z54: 295.26081
B55: Total Finance % | C55: =SUM(C53:C54)/C56 -> 0.034573278 | D55: =SUM(D53:D54)/D56 -> 0.086406992 | E55: =SUM(E53:E54)/E56 -> 0.055585503 | F55: =SUM(F53:F54)/F56 -> 0.040689895 | G55: =SUM(G53:G54)/G56 -> 0.065766547 | H55: =SUM(H53:H54)/H56 -> 0.064804882 | I55: =SUM(I53:I54)/I56 -> 0.054781781 | J55: =SUM(J53:J54)/J56 -> 0.046340887 | U55: ASK Per Plane | V55: 460 | W55: 460 | X55: 460 | Y55: 460 | Z55: 460
B56: Total Lease Payment | C56: =SUM(C50,C53,C54) -> 4872.26 | D56: =SUM(D50,D53,D54) -> 6975.13 | E56: =SUM(E50,E53,E54) -> 11260.31 | F56: =SUM(F50,F53,F54) -> 17876.92 | G56: =SUM(G50,G53,G54) -> 21740.08 | H56: =SUM(H50,H53,H54) -> 24674.53 | I56: =SUM(I50,I53,I54) -> 31408.07 | J56: =SUM(J50,J53,J54) -> 38363.53
B57: Total Lease Payment ( Net of Incentive ) | C57: =SUM(C52:C54) -> 2931.31 | D57: =SUM(D52:D54) -> 4701.19 | E57: =SUM(E52:E54) -> 8633.06 | F57: =SUM(F52:F54) -> 14288.89 | G57: =SUM(G52:G54) -> 18132.91 | H57: =SUM(H52:H54) -> 21121.41 | I57: =SUM(I52:I54) -> 27842.11 | J57: =SUM(J52:J54) -> 33031.53 | N57: =7.55%+1.95%+1% -> 0.105
B58: Number of Planes | C58: =C17 -> 25 | D58: =D17 -> 39 | E58: =E17 -> 55 | F58: =F17 -> 66 | G58: =G17 -> 77 | H58: =H17 -> 94 | I58: =I17 -> 107 | J58: =J17 -> 131 | U58: Year | V58: 2018E | W58: 2019E | X58: 2020E | Y58: 2021E | Z58: 2022E
C59: =C56/C58 -> 194.8904 | D59: =D56/D58 -> 178.84949 | E59: =E56/E58 -> 204.73291 | F59: =F56/F58 -> 270.86242 | G59: =G56/G58 -> 282.3387 | H59: =H56/H58 -> 262.495 | I59: =I56/I58 -> 293.53336 | J59: =J56/J58 -> 292.85137 | U59: Passenger Load Factor (%) | V59: 0.85 | W59: =V59 -> 0.85 | X59: =W59 -> 0.85 | Y59: =X59 -> 0.85 | Z59: =Y59 -> 0.85
B60: operating Lease | U60: Yield (Rs.) | V60: 3.9 | W60: =V60 -> 3.9 | X60: =W60 -> 3.9 | Y60: =X60 -> 3.9 | Z60: =Y60 -> 3.9
B61: Capitalized Operating Lease | C61: 1 Year | D61: 1-5 Year | E61: >5 Years | F61: 1 | G61: 2 | H61: 3 | I61: 4 | J61: 5 | K61: 6 | L61: 7 | M61: 8 | N61: 9 | O61: 10 | U61: RASK (Rs.) | V61: 3.315 | W61: 3.315 | X61: 3.315 | Y61: 3.315 | Z61: 3.315
C62: 25603.42 | D62: 54159.89 | E62: 3445.52 | F62: =C62 -> 25603.42 | G62: =$D$62/4 -> 13539.972 | H62: =$D$62/4 -> 13539.972 | I62: =$D$62/4 -> 13539.972 | J62: =$D$62/4 -> 13539.972 | K62: =$E$62/5 -> 689.104 | L62: =$E$62/5 -> 689.104 | M62: =$E$62/5 -> 689.104 | N62: =$E$62/5 -> 689.104 | O62: =$E$62/5 -> 689.104 | P62: 0.105
F63: =F62/(1+$P$62)^F61 -> 23170.516 | G63: =G62/(1+$P$62)^G61 -> 11089.022 | H63: =H62/(1+$P$62)^H61 -> 10035.314 | I63: =I62/(1+$P$62)^I61 -> 9081.7318 | J63: =J62/(1+$P$62)^J61 -> 8218.7618 | K63: =K62/(1+$P$62)^K61 -> 378.53941 | L63: =L62/(1+$P$62)^L61 -> 342.5696 | M63: =M62/(1+$P$62)^M61 -> 310.01774 | ... O63: =O62/(1+$P$62)^O61 -> 253.89958 | P63: =SUM(F63:O63) -> 63160.93
C64: 1 Year | D64: 1-5 Year | E64: >5 Years | F64: 1 | G64: 2 | H64: 3 | I64: 4 | J64: 5 | K64: 6 | L64: 7 | M64: 8 | N64: 9 | O64: 10 | U64: Year | V64: 2018E | W64: 2019E | X64: 2020E | Y64: 2021E | Z64: 2022E
C65: 2993 | D65: 11980 | E65: 11336 | F65: =C65 -> 2993 | G65: =$D$65/4 -> 2995 | H65: =$D$65/4 -> 2995 | I65: =$D$65/4 -> 2995 | J65: =$D$65/4 -> 2995 | K65: =$E$65/5 -> 2267.2 | L65: =$E$65/5 -> 2267.2 | M65: =$E$65/5 -> 2267.2 | N65: =$E$65/5 -> 2267.2 | O65: =$E$65/5 -> 2267.2 | P65: 0.105 | U65: Ancillary revenue | V65: 29312.708 | W65: 35175.25 | X65: 40646.956 | Y65: 46900.334 | Z65: 56280.4
F66: =F64*12 -> 12 | G66: =G64*12 -> 24 | H66: =H64*12 -> 36 | I66: =I64*12 -> 48 | J66: =J64*12 -> 60 | K66: =K64*12 -> 72 | L66: =L64*12 -> 84 | M66: =M64*12 -> 96 | ... O66: =O64*12 -> 120 | P66: =SUM(F66:O66) -> 660 | V66: 0.135 | W66: 0.135 | X66: 0.13 | Y66: 0.125 | Z66: 0.125
U67: Other operating revenue | V67: 1694.7101 | W67: 2189.9866 | X67: 2815.5852 | Y67: 3603.8239 | Z67: 4594.7346
D68: 2011 | E68: 2012 | F68: 2013 | G68: 2014 | V68: 0.0078050059 | W68: 0.0084050059 | X68: 0.0090050059 | Y68: 0.0096050059 | Z68: 0.010205006
B69: Landing fee and en-route charges | D69: 2725.81 | E69: 4066.52 | F69: 6418.78 | G69: 8794.31 | U69: Other Income | V69: 6513.9352 | W69: 7816.7223 | X69: 9380.0667 | Y69: 11256.08 | Z69: 13507.296
B70: Maintenance Cost | D70: 955.07 | E70: 1574.29 | F70: 2617.47 | G70: 3167.07 | V70: 0.03 | W70: 0.03 | X70: 0.03 | Y70: 0.03 | Z70: 0.03
B71: Selling and Distribution Cost | D71: 3119.38 | E71: 4195.32 | F71: 5564.58 | G71: 6945.46
B72: Other Operating Expenses | D72: 1983.46 | E72: 3124.91 | F72: 4360.57 | G72: 5565.11
D73: =SUM(D69:D72) -> 8783.72 | E73: =SUM(E69:E72) -> 12961.04 | F73: =SUM(F69:F72) -> 18961.4 | G73: =SUM(G69:G72) -> 24471.95 | H73: 30876.97 | I73: 38393.71 | J73: 47985.83

Sheet Income statement
A1: Interglobe Aviation
A2: Template
A3: All Data in Millions INR, except per share
A4: (Red=Assumption, Blue=Actual, Black=Calculation)
A5: Date | D5: 40633 | E5: =EOMONTH(D5,12) -> 40999 | F5: =EOMONTH(E5,12) -> 41364 | G5: =EOMONTH(F5,12) -> 41729 | H5: =EOMONTH(G5,12) -> 42094 | I5: =EOMONTH(H5,12) -> 42460 | J5: =EOMONTH(I5,12) -> 42825 | K5: =EOMONTH(J5,12) -> 43190 | L5: =EOMONTH(K5,12) -> 43555 | ... O5: =EOMONTH(N5,12) -> 44651
A6: Year | D6: =YEAR(D5) -> 2011 | E6: =YEAR(E5) -> 2012 | F6: =YEAR(F5) -> 2013 | G6: =YEAR(G5) -> 2014 | H6: =YEAR(H5) -> 2015 | I6: =YEAR(I5) -> 2016 | J6: =YEAR(J5) -> 2017 | K6: =YEAR(K5) -> 2018 | ... O6: =YEAR(O5) -> 2022
A7: Revenue from operations | D7: 38334.2 | E7: 55646.6 | F7: 92031.3 | G7: 111165.84 | H7: 139253.36 | I7: 161399.09 | J7: 185805 | K7: =SUM('Assumptions Sheet'!K24,'Assumptions Sheet'!K26,'Assumptions Sheet'!K28) -> 248138.59 | L7: =SUM('Assumptions Sheet'!L24,'Assumptions Sheet'!L26,'Assumptions Sheet'!L28) -> 297922.65 | M7: =SUM('Assumptions Sheet'!M24,'Assumptions Sheet'!M26,'Assumptions Sheet'!M28) -> 356131.43 | N7: =SUM('Assumptions Sheet'!N24,'Assumptions Sheet'!N26,'Assumptions Sheet'!N28) -> 425706.83 | O7: =SUM('Assumptions Sheet'!O24,'Assumptions Sheet'!O26,'Assumptions Sheet'!O28) -> 511118.34
A8: Other Income | D8: 1107.37 | E8: 1439.6 | F8: 2371.04 | G8: 3155.34 | H8: 3945.83 | I8: 4613.93 | J8: 7890.7 | K8: ='Assumptions Sheet'!K30 -> 6513.9352 | L8: ='Assumptions Sheet'!L30 -> 7816.7223 | M8: ='Assumptions Sheet'!M30 -> 9380.0667 | N8: ='Assumptions Sheet'!N30 -> 11256.08 | O8: ='Assumptions Sheet'!O30 -> 13507.296
A9: Total Revenue | D9: =SUM(D7:D8) -> 39441.57 | E9: =SUM(E7:E8) -> 57086.2 | F9: =SUM(F7:F8) -> 94402.34 | G9: =SUM(G7:G8) -> 114321.18 | H9: =SUM(H7:H8) -> 143199.19 | I9: =SUM(I7:I8) -> 166013.02 | J9: =SUM(J7:J8) -> 193695.7 | K9: =SUM(K7:K8) -> 254652.53 | ... O9: =SUM(O7:O8) -> 524625.63
A10: Purchase of stock in trade | D10: 190.93 | E10: 341.79 | F10: 559.94 | G10: 589.63 | H10: 817.1 | I10: 1147.82 | J10: 1238.32 | K10: ='Cost Matrix'!K32 -> 1393.4795 | L10: ='Cost Matrix'!L32 -> 1699.0438 | M10: ='Cost Matrix'!M32 -> 2060.9826 | N10: ='Cost Matrix'!N32 -> 2497.8845 | O10: ='Cost Matrix'!O32 -> 3037.9447
A11: Changes in inventories of stock in trade | D11: -1.1 | E11: -6.83 | F11: -18.65 | G11: 7.06 | H11: -31.72 | I11: -11.32 | J11: -2.94
A12: Employee benefits | D12: 2930.16 | E12: 5118.6 | F12: 6904.52 | G12: 9211.08 | H12: 11886.91 | I12: 17899.23 | J12: 20481.9 | K12: ='Cost Matrix'!K35 -> 24385.892 | L12: ='Cost Matrix'!L35 -> 29733.266 | M12: ='Cost Matrix'!M35 -> 36067.196 | N12: ='Cost Matrix'!N35 -> 43712.979 | O12: ='Cost Matrix'!O35 -> 53164.032
A13: Other expenses | D13: 8783.72 | E13: 12961.04 | F13: 18961.4 | G13: 24471.95 | H13: 30876.97 | I13: 38393.71 | J13: 47986.24 | K13: ='Cost Matrix'!K41 -> 51094.249 | L13: ='Cost Matrix'!L41 -> 62298.272 | M13: ='Cost Matrix'!M41 -> 75569.363 | N13: ='Cost Matrix'!N41 -> 91589.1 | O13: ='Cost Matrix'!O41 -> 111391.31
A14: Operating Expenses(Excluding fuel) | D14: =SUM(D10:D13) -> 11903.71 | E14: =SUM(E10:E13) -> 18414.6 | F14: =SUM(F10:F13) -> 26407.21 | G14: =SUM(G10:G13) -> 34279.72 | H14: =SUM(H10:H13) -> 43549.26 | I14: =SUM(I10:I13) -> 57429.44 | J14: =SUM(J10:J13) -> 69703.52 | K14: =SUM(K10:K13) -> 76873.62 | ... O14: =SUM(O10:O13) -> 167593.28
A15: EBITDAR(fuel) | D15: =D9-D14 -> 27537.86 | E15: =E9-E14 -> 38671.6 | F15: =F9-F14 -> 67995.13 | G15: =G9-G14 -> 80041.46 | H15: =H9-H14 -> 99649.93 | I15: =I9-I14 -> 108583.58 | J15: =J9-J14 -> 123992.18 | K15: =K9-K14 -> 177778.91 | ... O15: =O9-O14 -> 357032.35
A16: Aircraft fuel expenses | D16: 15213.26 | E16: 28735.91 | F16: 43126.26 | G16: 55133.5 | H16: 57484.86 | I16: 47793.24 | J16: 63415.13 | K16: ='Cost Matrix'!K26 -> 88047.37 | L16: ='Cost Matrix'!L26 -> 109130.02 | M16: ='Cost Matrix'!M26 -> 123622.97 | N16: ='Cost Matrix'!N26 -> 148476.98 | O16: ='Cost Matrix'!O26 -> 178058.99
A17: EBITDAR | D17: =D15-D16 -> 12324.6 | E17: =E15-E16 -> 9935.69 | F17: =F15-F16 -> 24868.87 | G17: =G15-G16 -> 24907.96 | H17: =H15-H16 -> 42165.07 | I17: =I15-I16 -> 60790.34 | J17: =J15-J16 -> 60577.05 | K17: =K15-K16 -> 89731.537 | ... O17: =O15-O16 -> 178973.36
A18: Aircraft and engine rentals | D18: 6372.43 | E18: 10634.4 | F18: 17149.51 | G18: 20310.31 | H18: =H20-H19 -> 23075.5 | I18: =I20-I19 -> 29687.48 | J18: =J20-J19 -> 36585.79 | K18: ='Cost Matrix'!K28 -> 41804.386 | L18: ='Cost Matrix'!L28 -> 50121.792 | M18: ='Cost Matrix'!M28 -> 59768.496 | N18: ='Cost Matrix'!N28 -> 71189.709 | O18: ='Cost Matrix'!O28 -> 85062.452
A19: Less: Cash and non-cash incentives | D19: -2273.94 | E19: -2627.25 | F19: -3588.03 | G19: -3607.17 | H19: -3553.12 | I19: -3565.96 | J19: -5332.06 | K19: =-Incentive!K8 -> -7097.958 | L19: =-Incentive!L8 -> -9354.2156 | M19: =-Incentive!M8 -> -7388.3001 | N19: =-Incentive!N8 -> -10456.985 | O19: =-Incentive!O8 -> -13471.177
A20: Aircraft and engine rentals (net) | D20: =D18+D19 -> 4098.49 | E20: =E18+E19 -> 8007.15 | F20: =F18+F19 -> 13561.48 | G20: =G18+G19 -> 16703.14 | H20: 19522.38 | I20: 26121.52 | J20: 31253.73 | K20: =K18+K19 -> 34706.428 | L20: =L18+L19 -> 40767.576 | M20: =M18+M19 -> 52380.196 | N20: =N18+N19 -> 60732.724 | O20: =O18+O19 -> 71591.275
A21: EBITDA | D21: =D17-D20 -> 8226.11 | E21: =E17-E20 -> 1928.54 | F21: =F17-F20 -> 11307.39 | G21: =G17-G20 -> 8204.82 | H21: =H17-H20 -> 22642.69 | I21: =I17-I20 -> 34668.82 | J21: =J17-J20 -> 29323.32 | K21: =K17-K20 -> 55025.11 | ... O21: =O17-O20 -> 107382.09
A22: Depreciation and amortisation | D22: 628.7 | E22: 665.23 | F22: 856.2 | G22: 2260.08 | H22: 3022.14 | I22: 5030.79 | J22: 4572.53 | K22: =-('Asset Schedule '!K10+'Asset Schedule '!K23) -> 4186.492 | L22: =-('Asset Schedule '!L10+'Asset Schedule '!L23) -> 4809.7754 | M22: =-('Asset Schedule '!M10+'Asset Schedule '!M23) -> 5383.5817 | N22: =-('Asset Schedule '!N10+'Asset Schedule '!N23) -> 5921.2152 | O22: =-('Asset Schedule '!O10+'Asset Schedule '!O23) -> 6431.0802
A23: EBIT | D23: =D21-D22 -> 7597.41 | E23: =E21-E22 -> 1263.31 | F23: =F21-F22 -> 10451.19 | G23: =G21-G22 -> 5944.74 | H23: =H21-H22 -> 19620.55 | I23: =I21-I22 -> 29638.03 | J23: =J21-J22 -> 24750.79 | K23: =K21-K22 -> 50838.618 | ... O23: =O21-O22 -> 100951.01
A24: Finance costs | D24: 449.91 | E24: 514.27 | F24: 578.01 | G24: 1225.77 | H24: 1155.32 | I24: 1348.53 | J24: 3307.8 | K24: ='Debt schedule'!K12 -> 1527.2812 | L24: ='Debt schedule'!L12 -> 2111.6101 | M24: ='Debt schedule'!M12 -> 2541.0398 | N24: ='Debt schedule'!N12 -> 2962.1896 | O24: ='Debt schedule'!O12 -> 3375.0593
A25: EBT | D25: =D23-D24 -> 7147.5 | E25: =E23-E24 -> 749.04 | F25: =F23-F24 -> 9873.18 | G25: =G23-G24 -> 4718.97 | H25: =H23-H24 -> 18465.23 | I25: =I23-I24 -> 28289.5 | J25: =J23-J24 -> 21442.99 | K25: =K23-K24 -> 49311.336 | ... O25: =O23-O24 -> 97575.946
A26: Tax | D26: =SUM(D28:D30) -> -1352.85 | E26: =SUM(E28:E30) -> 656.9 | F26: =SUM(F28:F30) -> -2039.61 | G26: =SUM(G28:G30) -> 14.3 | H26: =SUM(H28:H30) -> -5423.51 | I26: =I28-I30 -> -6215.56 | J26: =J28-J30 -> -4851.52 | K26: =IF(K25>0,-K25*K27,0) -> -10601.937 | L26: =IF(L25>0,-L25*L27,0) -> -11865.807 | M26: =IF(M25>0,-M25*M27,0) -> -14595.526 | N26: =IF(N25>0,-N25*N27,0) -> -17430.013 | O26: =IF(O25>0,-O25*O27,0) -> -20978.828
A27: Effective Tax rate | D27: =-D26/D25 -> 0.18927597 | E27: =-E26/E25 -> -0.87698921 | F27: =-F26/F25 -> 0.20658086 | G27: =-G26/G25 -> -0.0030303223 | H27: =-H26/H25 -> 0.29371473 | I27: =-I26/I25 -> 0.21971261 | J27: =-J26/J25 -> 0.22625203 | K27: 0.215 | L27: 0.215 | M27: 0.215 | N27: 0.215 | O27: 0.215
A28: Current period | D28: -1356.05 | E28: -77.9 | F28: -1924.25 | G28: -926.35 | H28: -3889.77 | I28: -7303.93 | J28: -4911.51
A29: Less: MAT credit entitlement | D29: 611.65 | E29: 77.9 | F29: 1086.89 | G29: 926.35 | H29: 2014.85 | I29: 0 | J29: 0
A30: Deferred tax credit / (charge) | D30: -608.45 | E30: 656.9 | F30: -1202.25 | G30: 14.3 | H30: -3548.59 | I30: -1088.37 | J30: -59.99
A31: EAT | D31: =D25+D26 -> 5794.65 | E31: =E25+E26 -> 1405.94 | F31: =F25+F26 -> 7833.57 | G31: =G25+G26 -> 4733.27 | H31: =H25+H26 -> 13041.72 | I31: =I25+I26 -> 22073.94 | J31: =J25+J26 -> 16591.47 | K31: =K25+K26 -> 38709.399 | ... O31: =O25+O26 -> 76597.118
D32: =D28/D25 -> -0.18972368 | E32: =E28/E25 -> -0.10399979 | F32: =F28/F25 -> -0.19489668 | G32: =G28/G25 -> -0.19630343 | H32: =H28/H25 -> -0.21065375 | I32: =I28/I25 -> -0.25818519 | J32: =J28/J25 -> -0.22904968
A33: Earnings per equity share of face value of Rs. 1000 each
A34: Basic (Rs.) | D34: 18875 | E34: 4580 | F34: 25517 | G34: 15418 | H34: 42.48 | I34: 58.17 | J34: 45.94
A35: Diluted (Rs.) | D35: 16859 | E35: 4090 | F35: 22791 | G35: 13771 | H35: 37.94 | I35: 56.49 | J35: 45.85

Sheet Asset Schedule 
A1: Interglobe Aviation
A2: Template
A3: All Data in Millions INR, except per share
A4: (Red=Assumption, Blue=Actual, Black=Calculation)
A5: Date | D5: 40633 | E5: =EOMONTH(D5,12) -> 40999 | F5: =EOMONTH(E5,12) -> 41364 | G5: =EOMONTH(F5,12) -> 41729 | H5: =EOMONTH(G5,12) -> 42094 | I5: =EOMONTH(H5,12) -> 42460 | J5: =EOMONTH(I5,12) -> 42825 | K5: =EOMONTH(J5,12) -> 43190 | L5: =EOMONTH(K5,12) -> 43555 | ... O5: =EOMONTH(N5,12) -> 44651
A6: Year | D6: =YEAR(D5) -> 2011 | E6: =YEAR(E5) -> 2012 | F6: =YEAR(F5) -> 2013 | G6: =YEAR(G5) -> 2014 | H6: =YEAR(H5) -> 2015 | I6: =YEAR(I5) -> 2016 | J6: =YEAR(J5) -> 2017 | K6: =YEAR(K5) -> 2018 | ... O6: =YEAR(O5) -> 2022
A7: Tangible assets
A8: Opening Balance | H8: =44154.12-4746.92 -> 39407.2 | I8: =H12 -> 48664.02 | J8: =I12 -> 46755.15 | K8: =J12 -> 37474.72 | L8: =K12 -> 43402.958 | M8: =L12 -> 49083.446 | N8: =M12 -> 54538.977 | O8: =N12 -> 59790.247
A9: Addition | H9: 10776.51 | I9: 1944.73 | J9: 2017.57 | K9: =K15 -> 9828 | L9: =L15 -> 10140 | M9: =M15 -> 10452 | N9: =N15 -> 10764 | O9: =O15 -> 11076
A10: Depreciation | H10: -2941.52 | I10: -4913.81 | J10: -4398.09 | K10: =(K8+K9/2)*K18 -> -3899.7622 | L10: =(L8+L9/2)*L18 -> -4459.5121 | M10: =(M8+M9/2)*M18 -> -4996.469 | N10: =(N8+N9/2)*N18 -> -5512.7299 | O10: =(O8+O9/2)*O18 -> -6010.1987
A11: Adjustments | H11: =H12-SUM(H8:H10) -> 1421.83 | I11: =I12-SUM(I8:I10) -> 1060.21
A12: Closing Balance | H12: 48664.02 | I12: 46755.15 | J12: 37474.72 | K12: =SUM(K8:K11) -> 43402.958 | L12: =SUM(L8:L11) -> 49083.446 | M12: =SUM(M8:M11) -> 54538.977 | N12: =SUM(N8:N11) -> 59790.247 | O12: =SUM(O8:O11) -> 64856.048 | R12: 26
A14: Addition to Aircaft | H14: 4 | K14: 6 | L14: 6 | M14: 6 | N14: 6 | O14: 6
A15: Gross Amount of addition | H15: 9859.51 | K15: =K14*K16 -> 9828 | L15: =L14*L16 -> 10140 | M15: =M14*M16 -> 10452 | N15: =N14*N16 -> 10764 | O15: =O14*O16 -> 11076 | Q15: 800
A16: Cost per aircraft | H16: =H15/H14 -> 2464.8775 | K16: =26*'Cost Matrix'!R13 -> 1638 | L16: =26*'Cost Matrix'!S13 -> 1690 | M16: =26*'Cost Matrix'!T13 -> 1742 | N16: =26*'Cost Matrix'!U13 -> 1794 | O16: =26*'Cost Matrix'!V13 -> 1846 | Q16: 26
Q17: =Q15/Q16 -> 30.769231
A18: Depreciation rate | H18: =H10/(H8+H9/2) -> -0.06566559 | I18: =I10/(I8+I9/2) -> -0.09899613 | J18: =J10/(J8+J9/2) -> -0.092079725 | K18: -0.092 | L18: -0.092 | M18: -0.092 | N18: -0.092 | O18: -0.092
A20: Intangible assets
A21: Opening Balance | H21: =350.44-197.98 -> 152.46 | I21: =H25 -> 96.37 | J21: =I25 -> 199.74 | K21: =J25 -> 463.69 | L21: =K25 -> 614.9602 | M21: =L25 -> 702.69692 | N21: =M25 -> 753.58421 | O21: =N25 -> 783.09884
A22: Addition | H22: 24.52 | I22: 220.36 | J22: 438.39 | K22: 438 | L22: 438 | M22: 438 | N22: 438 | O22: 438
A23: Amortisation | H23: -80.62 | I23: -116.98 | J23: -174.44 | K23: =(K21+K22/2)*K27 -> -286.7298 | L23: =(L21+L22/2)*L27 -> -350.26328 | M23: =(M21+M22/2)*M27 -> -387.1127 | N23: =(N21+N22/2)*N27 -> -408.48537 | O23: =(O21+O22/2)*O27 -> -420.88151
A24: Adjustments | H24: =H25-SUM(H21:H23) -> 0.01 | I24: =I25-SUM(I21:I23) -> -0.01 | J24: =J25-SUM(J21:J23) -> 0
A25: Closing Balance | H25: 96.37 | I25: 199.74 | J25: 463.69 | K25: =SUM(K21:K24) -> 614.9602 | L25: =SUM(L21:L24) -> 702.69692 | M25: =SUM(M21:M24) -> 753.58421 | N25: =SUM(N21:N24) -> 783.09884 | O25: =SUM(O21:O24) -> 800.21733
A27: Amortisation rate | H27: =H23/(H21+H22/2) -> -0.48943662 | I27: =I23/(I21+I22/2) -> -0.56635197 | J27: =J23/(J21+J22/2) -> -0.41638918 | K27: -0.42 | L27: -0.42 | M27: -0.42 | N27: -0.42 | O27: -0.42

Sheet Valuation
A1: Interglobe Aviation | J1: 1 | K1: 2 | L1: 3 | M1: 4 | N1: 5
A3: BOTTOM-UP BETA | D3: COST OF DEBT | H3: COST OF EQUITY | K3: DEBT CALCULATION | O3: Loan Type | P3: Amount | Q3: Interest | R3: Maturity | S3: Weights
A4: Marginal Tax Rate | B4: 0.3461 | D4: Earnings before interest and taxes | F4: 24751.4 | H4: Rf | I4: 0.0755 | K4: Capitalized Operating Leases | M4: ='Assumptions Sheet'!P63 -> 63160.93 | O4: Foreign Currency Term Loan | P4: 4604 | Q4: =1.426%+2.75% -> 0.04176 | R4: 82 | S4: =P4*R4 -> 377528
A5: Mean Beta for Sector | B5: 0.93 | D5: current interest expenses | F5: 3308 | H5: Bottom Up Beta | I5: =B9 -> 0.72456975 | K5: Book Value of Debt (Sept 17) | M5: =23301+27478 -> 50779 | O5: Foreign Currency Term Loan | P5: 4035 | Q5: =1.426%+2.75% -> 0.04176 | R5: 94 | S5: =P5*R5 -> 379290
A6: Mean D/E for Sector | B6: 0.73 | D6: Interest coverage ratio | F6: 7.4822854 | H6: Rm | I6: =I4+I7 -> 0.1482 | K6: Interest Expense | M6: =F5 -> 3308 | O6: Foreign Currency Term Loan | P6: 3000 | Q6: =1.426%+2.75% -> 0.04176 | R6: 106 | S6: =P6*R6 -> 318000
A7: Unlevered beta For Sector | B7: =B5/(1+((1-B4)*B6)) -> 0.62950681 | D7: Estimated Bond Rating | F7: Aa2/AA | H7: Rm - Rf | I7: 0.0727 | K7: Weighted Avg Maturity of Debt | M7: =S17/(P17*12) -> 5.9338876 | O7: Finance Lease | P7: 2993 | Q7: =1.1%+2.5% -> 0.036 | R7: 12 | S7: =P7*R7 -> 35916
A8: Debt to Equity of Indigo | B8: =B14/B13 -> 0.23094015 | D8: Country Risk Free Rate | F8: 0.0755 | H8: Cost Of Equity | I8: =I4+I5*I7 -> 0.12817622 | K8: Market Value of Debt | M8: =(M6*((1-(1/(1+F11)^M7))/F11))+(M5/(1+F11)^M7) -> 42162.63 | O8: Finance Lease | P8: 2995 | Q8: =1.1%+2.5% -> 0.036 | R8: 24 | S8: =P8*R8 -> 71880
A9: Levered Bottom Up Beta for IndiGo | B9: =B7*(1+(1-B4)*(B14/B13)) -> 0.72456975 | D9: Company Default Spread | F9: 0.01 | K9: Adjusted Market Value of Debt | M9: =M8+M4 -> 105323.56 | O9: Finance Lease | P9: 2995 | Q9: =1.1%+2.5% -> 0.036 | R9: 36 | S9: =P9*R9 -> 107820
D10: Country Default Spread | F10: 0.0195 | O10: Finance Lease | P10: 2995 | Q10: =1.1%+2.5% -> 0.036 | R10: 48 | S10: =P10*R10 -> 143760
A11: WEIGHTED AVERAGE COST | D11: Cost of Debt | F11: =SUM(F8:F10) -> 0.105 | O11: Finance Lease | P11: 2995 | Q11: =1.1%+2.5% -> 0.036 | R11: 60 | S11: =P11*R11 -> 179700
A12: Number of Shares | B12: 383678176 | O12: Finance Lease | P12: 2267.2 | Q12: =1.1%+2.5% -> 0.036 | R12: 72 | S12: =P12*R12 -> 163238.4
A13: Market Value of Equity | B13: 456064.3 | O13: Finance Lease | P13: 2267.2 | Q13: =1.1%+2.5% -> 0.036 | R13: 84 | S13: =P13*R13 -> 190444.8
A14: Market Value of Debt | B14: =M9 -> 105323.56 | O14: Finance Lease | P14: 2267.2 | Q14: =1.1%+2.5% -> 0.036 | R14: 96 | S14: =P14*R14 -> 217651.2
A15: Equity Weightage | B15: =B13/(B13+B14) -> 0.81238718 | O15: Finance Lease | P15: 2267.2 | Q15: =1.1%+2.5% -> 0.036 | R15: 108 | S15: =P15*R15 -> 244857.6
A16: Debt Weightage | B16: =B14/(B14+B13) -> 0.18761282 | O16: Finance Lease | P16: 2267.2 | Q16: =1.1%+2.5% -> 0.036 | R16: 120 | S16: =P16*R16 -> 272064
A17: WACC | B17: =(I8*(B13/(B13+B14)))+(F11*(1-B4)*(B14/(B13+B14))) -> 0.11701012 | O17: Sum Total | P17: =SUM(P4:P16) -> 37948 | S17: =SUM(S4:S16) -> 2702150
A20: Date | C20: 40633 | D20: =EOMONTH(C20,12) -> 40999 | E20: =EOMONTH(D20,12) -> 41364 | F20: =EOMONTH(E20,12) -> 41729 | G20: =EOMONTH(F20,12) -> 42094 | H20: =EOMONTH(G20,12) -> 42460 | I20: =EOMONTH(H20,12) -> 42825 | J20: =EOMONTH(I20,12) -> 43190 | K20: =EOMONTH(J20,12) -> 43555 | ... N20: =EOMONTH(M20,12) -> 44651
A21: Year | C21: =YEAR(C20) -> 2011 | D21: =YEAR(D20) -> 2012 | E21: =YEAR(E20) -> 2013 | F21: =YEAR(F20) -> 2014 | G21: =YEAR(G20) -> 2015 | H21: =YEAR(H20) -> 2016 | I21: =YEAR(I20) -> 2017 | J21: =YEAR(J20) -> 2018 | ... N21: =YEAR(N20) -> 2022 | P21: WACC | Q21: Terminal Growth Rate %
Q22: =B46 -> 1697.9938 | R22: 0.02 | S22: =R22+0.5% -> 0.025 | T22: =S22+0.5% -> 0.03 | U22: =T22+0.5% -> 0.035 | V22: =U22+0.5% -> 0.04 | W22: =V22+0.5% -> 0.045 | X22: =W22+0.5% -> 0.05 | Y22: =X22+0.5% -> 0.055 | Z22: =Y22+0.5% -> 0.06 | ... AB22: =AA22+0.5% -> 0.07
A23: Revenues | C23: ='Assumptions Sheet'!D32 -> 39441.7 | D23: ='Assumptions Sheet'!E32 -> 57086.316 | E23: ='Assumptions Sheet'!F32 -> 94402.453 | F23: ='Assumptions Sheet'!G32 -> 114321.31 | G23: ='Assumptions Sheet'!H32 -> 143199.33 | H23: ='Assumptions Sheet'!I32 -> 166013.15 | I23: ='Assumptions Sheet'!J32 -> 193696.17 | J23: ='Assumptions Sheet'!K32 -> 254652.67 | ... N23: ='Assumptions Sheet'!O32 -> 524625.77 | Q23: 0.11 | R23: 1727.4565 | S23: 1787.6338 | T23: 1855.3333 | U23: 1932.0593 | V23: 2019.7462 | W23: 2120.9234 | X23: 2238.9635 | Y23: 2378.4654 | Z23: 2545.8677 | AA23: 2750.4704 | AB23: 3006.2239
A24: EBITDAR | C24: ='Income statement'!D17 -> 12324.6 | D24: ='Income statement'!E17 -> 9935.69 | E24: ='Income statement'!F17 -> 24868.87 | F24: ='Income statement'!G17 -> 24907.96 | G24: ='Income statement'!H17 -> 42165.07 | H24: ='Income statement'!I17 -> 60790.34 | I24: ='Income statement'!J17 -> 60577.05 | J24: ='Income statement'!K17 -> 89731.537 | ... N24: ='Income statement'!O17 -> 178973.36 | Q24: =Q23+0.7% -> 0.117 | R24: 1595.1002 | S24: 1643.8488 | T24: 1698.2008 | U24: 1759.181 | V24: 1828.0808 | W24: 1906.55 | X24: 1996.731 | Y24: 2101.4573 | Z24: 2224.5566 | AA24: 2371.3289 | AB24: 2549.3294
A25: EBITDA | C25: ='Income statement'!D21 -> 8226.11 | D25: ='Income statement'!E21 -> 1928.54 | E25: ='Income statement'!F21 -> 11307.39 | F25: ='Income statement'!G21 -> 8204.82 | G25: ='Income statement'!H21 -> 22642.69 | H25: ='Income statement'!I21 -> 34668.82 | I25: ='Income statement'!J21 -> 29323.32 | J25: ='Income statement'!K21 -> 55025.11 | ... N25: ='Income statement'!O21 -> 107382.09 | Q25: =Q24+0.5% -> 0.122 | R25: 1513.0104 | S25: 1555.2474 | T25: 1602.0754 | U25: 1654.2859 | V25: 1712.8636 | W25: 1779.0488 | X25: 1854.4263 | Y25: 1941.0542 | Z25: 2041.6544 | AA25: 2159.9037 | AB25: 2300.8932
A26: EBIT | C26: ='Income statement'!D23 -> 7597.41 | D26: ='Income statement'!E23 -> 1263.31 | E26: ='Income statement'!F23 -> 10451.19 | F26: ='Income statement'!G23 -> 5944.74 | G26: ='Income statement'!H23 -> 19620.55 | H26: ='Income statement'!I23 -> 29638.03 | I26: ='Income statement'!J23 -> 24750.79 | J26: ='Income statement'!K23 -> 50838.618 | ... N26: ='Income statement'!O23 -> 100951.01 | Q26: =Q25+0.5% -> 0.127 | R26: 1439.5725 | S26: 1476.3601 | T26: 1516.9402 | U26: 1561.9313 | V26: 1612.0937 | W26: 1668.3735 | X26: 1731.9624 | Y26: 1804.383 | Z26: 1887.6127 | AA26: 1984.2665 | AB26: 2097.8772
A27: Tax Expense | C27: ='Income statement'!D26 -> -1352.85 | D27: ='Income statement'!E26 -> 656.9 | E27: ='Income statement'!F26 -> -2039.61 | F27: ='Income statement'!G26 -> 14.3 | G27: ='Income statement'!H26 -> -5423.51 | H27: ='Income statement'!I26 -> -6215.56 | I27: ='Income statement'!J26 -> -4851.52 | J27: ='Income statement'!K26 -> -10601.937 | ... N27: ='Income statement'!O26 -> -20978.828 | Q27: =Q26+0.5% -> 0.132 | R27: 1373.5686 | S27: 1405.763 | T27: 1441.1138 | U27: 1480.109 | V27: 1523.3428 | W27: 1571.546 | X27: 1625.6277 | Y27: 1686.7329 | Z27: 1756.325 | AA27: 1836.304 | AB27: 1929.1827
A28: Net Operating Profit After Tax (NOPAT) | C28: ='Income statement'!D31 -> 5794.65 | D28: ='Income statement'!E31 -> 1405.94 | E28: ='Income statement'!F31 -> 7833.57 | F28: ='Income statement'!G31 -> 4733.27 | G28: ='Income statement'!H31 -> 13041.72 | H28: ='Income statement'!I31 -> 22073.94 | I28: ='Income statement'!J31 -> 16591.47 | J28: ='Income statement'!K31 -> 38709.399 | ... N28: ='Income statement'!O31 -> 76597.118 | Q28: =Q27+0.5% -> 0.137 | R28: 1313.9927 | S28: 1342.2905 | T28: 1373.233 | U28: 1407.209 | V28: 1444.6877 | W28: 1486.2402 | X28: 1532.5689 | Y28: 1584.5473 | Z28: 1643.2763 | AA28: 1710.162 | AB28: 1787.0307
A29: Depreciation & Amortisation | C29: ='Income statement'!D22 -> 628.7 | D29: ='Income statement'!E22 -> 665.23 | E29: ='Income statement'!F22 -> 856.2 | F29: ='Income statement'!G22 -> 2260.08 | G29: ='Income statement'!H22 -> 3022.14 | H29: ='Income statement'!I22 -> 5030.79 | I29: ='Income statement'!J22 -> 4572.53 | J29: ='Income statement'!K22 -> 4186.492 | ... N29: ='Income statement'!O22 -> 6431.0802 | Q29: =Q28+0.5% -> 0.142 | R29: 1260.0068 | S29: 1284.9792 | T29: 1312.1813 | U29: 1341.9256 | V29: 1374.586 | W29: 1410.6135 | X29: 1450.557 | Y29: 1495.0918 | Z29: 1545.0576 | AA29: 1601.5124 | AB29: 1665.8082
A30: Working Capital Change | C30: ='CashFlow Statement'!D29 -> 2600.14 | D30: ='CashFlow Statement'!E29 -> 8535.03 | E30: ='CashFlow Statement'!F29 -> 9696.27 | F30: ='CashFlow Statement'!G29 -> 11218.92 | G30: ='CashFlow Statement'!H29 -> 7765.16 | H30: ='CashFlow Statement'!I29 -> 3496.89 | I30: ='CashFlow Statement'!J29 -> 21135.19 | J30: ='CashFlow Statement'!K29 -> 5196.8744 | ... N30: ='CashFlow Statement'!O29 -> 16643.372 | Q30: =Q29+0.5% -> 0.147 | R30: 1210.9077 | S30: 1233.0267 | T30: 1257.0363 | U30: 1283.1896 | V30: 1311.7871 | W30: 1343.1883 | X30: 1377.8267 | Y30: 1416.2302 | Z30: 1459.0479 | AA30: 1507.0872 | AB30: 1561.3654
A31: Operating Cash Flow | C31: =SUM(C28,C29,C30) -> 9023.49 | D31: =SUM(D28,D29,D30) -> 10606.2 | E31: =SUM(E28,E29,E30) -> 18386.04 | F31: =SUM(F28,F29,F30) -> 18212.27 | G31: =SUM(G28,G29,G30) -> 23829.02 | H31: =SUM(H28,H29,H30) -> 30601.62 | I31: =SUM(I28,I29,I30) -> 42299.19 | J31: =SUM(J28,J29,J30) -> 48092.765 | ... N31: =SUM(N28,N29,N30) -> 99671.57 | Q31: =Q30+0.5% -> 0.152 | R31: 1166.1012 | S31: 1185.7597 | T31: 1207.0296 | U31: 1230.1174 | V31: 1255.2667 | W31: 1282.7663 | X31: 1312.9619 | Y31: 1346.2706 | Z31: 1383.1997 | AA31: 1424.3735 | AB31: 1470.5686
A32: Interest | C32: ='Income statement'!D24 -> 449.91 | D32: ='Income statement'!E24 -> 514.27 | E32: ='Income statement'!F24 -> 578.01 | F32: ='Income statement'!G24 -> 1225.77 | G32: ='Income statement'!H24 -> 1155.32 | H32: ='Income statement'!I24 -> 1348.53 | I32: ='Income statement'!J24 -> 3307.8 | J32: ='Income statement'!K24 -> 1527.2812 | ... N32: ='Income statement'!O24 -> 3375.0593 | Q32: =Q31+0.5% -> 0.157 | R32: 1125.0824 | S32: 1142.6093 | T32: 1161.5163 | U32: 1181.9731 | V32: 1204.1783 | W32: 1228.3661 | X32: 1254.8145 | Y32: 1283.8558 | Z32: 1315.8911 | AA32: 1351.4085 | AB32: 1391.0084
A33: Capex | C33: ='CashFlow Statement'!D31 -> -2133.12 | D33: ='CashFlow Statement'!E31 -> -331.74 | E33: ='CashFlow Statement'!F31 -> -9155.68 | F33: ='CashFlow Statement'!G31 -> -23241.67 | G33: ='CashFlow Statement'!H31 -> -10171.15 | H33: ='CashFlow Statement'!I31 -> -2319.9 | I33: ='CashFlow Statement'!J31 -> -2372.38 | J33: ='CashFlow Statement'!K31 -> -10266 | ... N33: ='CashFlow Statement'!O31 -> -11514 | Q33: =Q32+0.5% -> 0.162 | R33: 1087.4193 | S33: 1103.0917 | T33: 1119.9515 | U33: 1138.1387 | V33: 1157.8168 | W33: 1179.1767 | X33: 1202.4438 | Y33: 1227.8854 | Z33: 1255.8212 | AA33: 1286.6371 | AB33: 1320.8024
A34: FCFF | C34: =C31+(1-$B$4)*C32+C33 -> 7184.5661 | D34: =D31+(1-$B$4)*D32+D33 -> 10610.741 | E34: =E31+(1-$B$4)*E32+E33 -> 9608.3207 | F34: =F31+(1-$B$4)*F32+F33 -> -4227.869 | G34: =G31+(1-$B$4)*G32+G33 -> 14413.334 | H34: =H31+(1-$B$4)*H32+H33 -> 29163.524 | I34: =I31+(1-$B$4)*I32+I33 -> 42089.78 | J34: =J31+(1-$B$4)*J32+J33 -> 38825.455 | ... N34: =N31+(1-$B$4)*N32+N33 -> 90364.521 | Q34: =Q33+0.5% -> 0.167 | R34: 1052.7407 | S34: 1066.7933 | T34: 1081.8717 | U34: 1098.0923 | V34: 1115.5902 | W34: 1134.5224 | X34: 1155.0726 | Y34: 1177.4577 | Z34: 1201.9349 | AA34: 1228.8118 | AB34: 1258.4595
A35: PV of FCFF | J35: =J34/(1+$B$17)^J36 -> 34758.373 | K35: =K34/(1+$B$17)^K36 -> 39326.811 | L35: =L34/(1+$B$17)^L36 -> 40420.873 | M35: =M34/(1+$B$17)^M36 -> 47804.109 | N35: =N34/(1+$B$17)^N36 -> 51965.177 | Q35: =Q34+0.5% -> 0.172 | R35: 1020.726 | S35: 1033.3586 | T35: 1046.8808 | U35: 1061.39 | V35: 1076.9983 | W35: 1093.8357 | X35: 1112.0532 | Y35: 1131.8278 | Z35: 1153.3679 | AA35: 1176.9212 | AB35: 1202.7835
J36: 1 | K36: 2 | L36: 3 | M36: 4 | N36: 5 | Q36: =Q35+0.5% -> 0.177 | R36: 991.09697 | S36: 1002.4803 | T36: 1014.638 | U36: 1027.6519 | V36: 1041.6157 | W36: 1056.6374 | X36: 1072.8419 | Y36: 1090.3746 | Z36: 1109.4058 | AA36: 1130.1363 | AB36: 1152.8041 | AW36: 2018 | AX36: 2019 | AY36: 2020 | AZ36: 2021 | BA36: 2022
AV37: Revenues | AW37: 254652.67 | AX37: 305739.51 | AY37: 365511.64 | AZ37: 436963.04 | BA37: 524625.77
A38: Terminal Value | AV38: EBITDAR | AW38: 89731.537 | AX38: 102878.76 | AY38: 128190.98 | AZ38: 150685.96 | BA38: 178973.36
A39: Sum of PV of Cash Flows | B39: =SUM(J35:N35) -> 214275.34 | AV39: Net Operating Profit After Tax (NOPAT) | AW39: 38709.399 | AX39: 43323.992 | AY39: 53290.64 | AZ39: 63639.816 | BA39: 76597.118
A40: Perpetual Value of Growth | B40: 0.03 | AV40: Operating Cash Flow | AW40: 48092.765 | AX40: 58265.737 | AY40: 65563.247 | AZ40: 83685.709 | BA40: 99671.57
A41: Present Value of Terminal Value | B41: =((N35*(1+B40))/(B17-B40))/(1+B17)^5 -> 353748.27 | AV41: FCFF | AW41: 38825.455 | AX41: 49068.519 | AY41: 56334.833 | AZ41: 74420.684 | BA41: 90364.521
A42: Book Value of Debt | B42: 50779 | AV42: PV of FCFF | AW42: 34758.373 | AX42: 39326.811 | AY42: 40420.873 | AZ42: 47804.109 | BA42: 51965.177
A43: Enterprise Value | B43: =B42+B41+B39+B44 -> 702262.16
A44: Value of Non-Operating Assets | B44: ='Balance sheet'!J43+'Balance sheet'!J40 -> 83459.55
A45: Equity Value | B45: =B43-B42 -> 651483.16
A46: Value Per Share | B46: =B45*10^6/B12 -> 1697.9938

Sheet Cost Matrix
A1: Interglobe Aviation
A2: Template
A3: All Data in Millions INR, except per share
A4: (Red=Assumption, Blue=Actual, Black=Calculation)
A5: Date | D5: 40633 | E5: =EOMONTH(D5,12) -> 40999 | F5: =EOMONTH(E5,12) -> 41364 | G5: =EOMONTH(F5,12) -> 41729 | H5: =EOMONTH(G5,12) -> 42094 | I5: =EOMONTH(H5,12) -> 42460 | J5: =EOMONTH(I5,12) -> 42825 | K5: =EOMONTH(J5,12) -> 43190 | L5: =EOMONTH(K5,12) -> 43555 | ... O5: =EOMONTH(N5,12) -> 44651
A6: Year | D6: =YEAR(D5) -> 2011 | E6: =YEAR(E5) -> 2012 | F6: =YEAR(F5) -> 2013 | G6: =YEAR(G5) -> 2014 | H6: =YEAR(H5) -> 2015 | I6: =YEAR(I5) -> 2016 | J6: =YEAR(J5) -> 2017 | K6: =YEAR(K5) -> 2018 | ... O6: =YEAR(O5) -> 2022
A7: Block hours | D7: 125553 | E7: =167784+11468 -> 179252 | F7: =214823+31317 -> 246140 | G7: =261952+35701 -> 297653 | H7: 354276 | I7: 436739 | J7: 558567 | K7: =AVERAGE(J8:K8)*K9 -> 669154.5 | L7: =AVERAGE(K8:L8)*L9 -> 742717.11 | M7: =AVERAGE(L8:M8)*M9 -> 823244.54 | N7: =AVERAGE(M8:N8)*N9 -> 963196.11 | O7: =AVERAGE(N8:O8)*O9 -> 1126198.5
A8: No of aircrafts | D8: 39 | E8: 55 | F8: 66 | G8: 77 | H8: 94 | I8: 107 | J8: 131 | K8: ='Assumptions Sheet'!K17 -> 160 | L8: ='Assumptions Sheet'!L17 -> 170.86852 | M8: ='Assumptions Sheet'!M17 -> 205.04223 | N8: ='Assumptions Sheet'!N17 -> 246.05067 | O8: ='Assumptions Sheet'!O17 -> 295.26081
A9: Block hours per aircraft | E9: =E7/AVERAGE(D8:E8) -> 3813.8723 | F9: =F7/AVERAGE(E8:F8) -> 4068.4298 | G9: =G7/AVERAGE(F8:G8) -> 4162.979 | H9: =H7/AVERAGE(G8:H8) -> 4143.5789 | I9: =I7/AVERAGE(H8:I8) -> 4345.6617 | J9: =J7/AVERAGE(I8:J8) -> 4693.8403 | K9: =K10*K11 -> 4599 | L9: =L10*L11 -> 4489.5 | M9: =M10*M11 -> 4380 | N9: =N10*N11 -> 4270.5 | O9: =O10*O11 -> 4161
A10: No of days | E10: 365 | F10: 365 | G10: 365 | H10: 365 | I10: 365 | J10: 365 | K10: 365 | L10: 365 | M10: 365 | N10: 365 | O10: 365
A11: Block hours per day | D11: 10.7 | E11: =E9/E10 -> 10.448965 | F11: =F9/F10 -> 11.146383 | G11: =G9/G10 -> 11.405422 | H11: =H9/H10 -> 11.352271 | I11: =I9/I10 -> 11.905922 | J11: =J9/J10 -> 12.859837 | K11: 12.6 | L11: =K11-0.3 -> 12.3 | M11: =L11-0.3 -> 12 | N11: =M11-0.3 -> 11.7 | O11: =N11-0.3 -> 11.4
J12: =(J11/E11)^(1/5)-1 -> 0.04239527 | Q12: Year | R12: 2018 | S12: 2019 | T12: 2020 | U12: 2021 | V12: 2022 | AI12: Year | AJ12: 2018 | AK12: 2019 | AL12: 2020 | AM12: 2021 | AN12: 2022
A13: Aircraft fuel expenses | D13: 15213.26 | E13: 28735.91 | F13: 43126.26 | G13: 55133.5 | H13: 57484.86 | I13: 47793.24 | J13: 63415.13 | K13: =K14*K15 -> 88047.37 | L13: =L14*L15 -> 109130.02 | M13: =M14*M15 -> 123622.97 | N13: =N14*N15 -> 148476.98 | O13: =O14*O15 -> 178058.99 | Q13: USD/INR E | R13: 63 | S13: 65 | T13: 67 | U13: 69 | V13: 71 | AI13: USD/INR E | AJ13: 63 | AK13: 65 | AL13: 67 | AM13: 69 | AN13: 71
A14: Average fuel price | E14: 63.8 | F14: 70.8 | G14: 75.7 | H14: 68.37 | I14: 47.28 | J14: 50.87 | K14: =R17/1000 -> 61.095159 | L14: =S17/1000 -> 70.038542 | M14: =T17/1000 -> 72.193574 | N14: =U17/1000 -> 74.348606 | O14: =V17/1000 -> 76.503638 | Q14: Brent ($) E | R14: 67.5 | S14: 75 | T14: 75 | U14: 75 | V14: 75 | AI14: Brent ($) E | AJ14: 67.5 | AK14: 75 | AL14: 75 | AM14: 75 | AN14: 75
A15: Fuel comsumption in million Lt | E15: =E13/E14 -> 450.40611 | F15: =F13/F14 -> 609.12797 | G15: =G13/G14 -> 728.31572 | H15: =H13/H14 -> 840.7907 | I15: =I13/I14 -> 1010.8553 | J15: =J13/J14 -> 1246.6116 | K15: =K17*K7/10^6 -> 1441.1513 | L15: =L17*L7/10^6 -> 1558.1425 | M15: =M17*M7/10^6 -> 1712.382 | N15: =N17*N7/10^6 -> 1997.0379 | O15: =O17*O7/10^6 -> 2327.4578 | Q15: USD/INR * Brent ($) | R15: 4252.5 | S15: =S14*S13 -> 4875 | T15: =T14*T13 -> 5025 | U15: =U14*U13 -> 5175 | V15: =V14*V13 -> 5325 | AI15: USD/INR * Brent ($) | AJ15: 4252.5 | AK15: =AK14*AK13 -> 4875 | AL15: =AL14*AL13 -> 5025 | AM15: =AM14*AM13 -> 5175 | AN15: =AN14*AN13 -> 5325
J16: =I17/J17-1 -> 0.037077363 | Q16: Change (%) | R16: 0.035765715 | S16: =(S15/R15)-1 -> 0.14638448 | T16: =(T15/S15)-1 -> 0.030769231 | U16: =(U15/T15)-1 -> 0.029850746 | V16: =(V15/U15)-1 -> 0.028985507 | AI16: Change (%) | AJ16: 0.035765715 | AK16: =(AK15/AJ15)-1 -> 0.14638448 | AL16: =(AL15/AK15)-1 -> 0.030769231 | AM16: =(AM15/AL15)-1 -> 0.029850746 | AN16: =(AN15/AM15)-1 -> 0.028985507
A17: Fuel consumed per block hour | E17: =E15/E7*10^6 -> 2512.6978 | F17: =F15/F7*10^6 -> 2474.7216 | G17: =G15/G7*10^6 -> 2446.8617 | H17: =H15/H7*10^6 -> 2373.2646 | I17: =I15/I7*10^6 -> 2314.5525 | J17: =J15/J7*10^6 -> 2231.8031 | K17: =$J$17*(1-K18) -> 2153.69 | L17: =$J$17*(1-L18) -> 2097.8949 | M17: =$J$17*(1-M18) -> 2080.0405 | N17: =$J$17*(1-N18) -> 2073.3451 | O17: =$J$17*(1-O18) -> 2066.6497 | Q17: ATF Forecast Price | R17: 61095.159 | S17: =R17*(1+S16) -> 70038.542 | T17: =S17*(1+T16) -> 72193.574 | U17: =T17*(1+U16) -> 74348.606 | V17: =U17*(1+V16) -> 76503.638 | AI17: ATF Forecast Price | AJ17: 61095.159 | AK17: =AJ17*(1+AK16) -> 70038.542 | AL17: =AK17*(1+AL16) -> 72193.574 | AM17: =AL17*(1+AM16) -> 74348.606 | AN17: =AM17*(1+AN16) -> 76503.638
A18: Growth | F18: =F17/E17-1 -> -0.015113744 | G18: =G17/F17-1 -> -0.011257785 | H18: =H17/G17-1 -> -0.030078144 | I18: =I17/H17-1 -> -0.024738984 | J18: =J17/I17-1 -> -0.035751781 | K18: 0.035 | L18: 0.06 | M18: 0.068 | N18: 0.071 | O18: 0.074
J19: =(E17/J17)^(1/5)-1 -> 0.023992741
A21: Passenger ticket revenue | D21: 33909.86 | E21: 49873.04 | F21: 82666.57 | G21: 99239.83 | H21: 122939 | I21: 140624.22 | J21: 161970.72 | K21: 198026.48 | L21: 241326.58 | M21: 293837.03 | N21: 357472.24 | O21: 434536.4
A22: Ancillary revenue | D22: 4356.65 | E22: 5680.34 | F22: 9253.44 | G22: 11553.33 | H22: 15724.87 | I22: 20019.95 | J22: 22667.6 | K22: 26733.575 | L22: 32579.089 | M22: 38198.814 | N22: 44684.029 | O22: 54317.049
A23: Other operating revenue | D23: 67.69 | E23: 93.22 | F23: 111.29 | G23: 372.69 | H23: 589.5 | I23: 754.9 | J23: 1167 | K23: 1545.5978 | L23: 2028.3514 | M23: 2646.0042 | N23: 3433.5229 | O23: 4434.4465
A24: Other Income | D24: 1107.37 | E24: 1439.6 | F24: 2371.04 | G24: 3155.34 | H24: 3945.83 | I24: 4613.93 | J24: 7890.7 | K24: 5940.7943 | L24: 7239.7975 | M24: 8815.111 | N24: 10724.167 | O24: 13036.092
A25: Total Revenue | D25: 39441.7 | E25: 57086.316 | F25: 94402.453 | G25: 114321.31 | H25: 143199.33 | I25: 166013.15 | J25: 193696.17 | K25: 232246.59 | L25: 283173.97 | M25: 343497.1 | N25: 416314.09 | O25: 506324.12
A26: Aircraft fuel expenses | D26: 15213.26 | E26: 28735.91 | F26: 43126.26 | G26: 55133.5 | H26: 57484.86 | I26: 47793.24 | J26: 63415.13 | K26: =K13 -> 88047.37 | L26: =L13 -> 109130.02 | M26: =M13 -> 123622.97 | N26: =N13 -> 148476.98 | O26: =O13 -> 178058.99
D27: =D26/D$25 -> 0.38571511 | E27: =E26/E$25 -> 0.5033765 | F27: =F26/F$25 -> 0.4568341 | G27: =G26/G$25 -> 0.48226792 | H27: =H26/H$25 -> 0.40143246 | I27: =I26/I$25 -> 0.28788828 | J27: =J26/J$25 -> 0.32739486 | K27: =K26/K$25 -> 0.37911158 | ... O27: =O26/O$25 -> 0.35166997
A28: Aircraft and engine rentals | D28: 6372.43 | E28: 10634.4 | F28: 17149.51 | G28: 20310.31 | H28: 23075.5 | I28: 29687.48 | J28: 36585.73 | K28: =K29*K$25 -> 41804.386 | L28: =L29*L$25 -> 50121.792 | M28: =M29*M$25 -> 59768.496 | N28: =N29*N$25 -> 71189.709 | O28: =O29*O$25 -> 85062.452
D29: =D28/D$25 -> 0.1615658 | E29: =E28/E$25 -> 0.18628633 | F29: =F28/F$25 -> 0.18166382 | G29: =G28/G$25 -> 0.17765988 | H29: =H28/H$25 -> 0.16114251 | I29: =I28/I$25 -> 0.17882608 | J29: =J28/J$25 -> 0.18888205 | K29: 0.18 | L29: =K29-0.3% -> 0.177 | M29: =L29-0.3% -> 0.174 | N29: =M29-0.3% -> 0.171 | O29: =N29-0.3% -> 0.168
A30: Incentives | D30: ='Assumptions Sheet'!D51 -> -2273.94 | E30: ='Assumptions Sheet'!E51 -> -2627.25 | F30: ='Assumptions Sheet'!F51 -> -3588.03 | G30: ='Assumptions Sheet'!G51 -> -3607.17 | H30: ='Assumptions Sheet'!H51 -> -3553.12 | I30: ='Assumptions Sheet'!I51 -> -3565.96 | J30: ='Assumptions Sheet'!J51 -> -5332 | K30: =30%*-'Balance sheet'!K16 -> -6681.5826 | L30: =30%*-'Balance sheet'!L16 -> -5277.3572 | M30: =30%*-'Balance sheet'!M16 -> -7469.275 | N30: =30%*-'Balance sheet'!N16 -> -9622.269 | O30: =30%*-'Balance sheet'!O16 -> -11929.023
D31: =D30/D28 -> -0.35684033 | E31: =E30/E28 -> -0.24705202 | F31: =F30/F28 -> -0.20922055 | G31: =G30/G28 -> -0.1776029 | H31: =H30/H28 -> -0.15397803 | I31: =I30/I28 -> -0.12011663 | J31: =J30/J28 -> -0.14573988 | K31: =K30/K$25 -> -0.028769347 | L31: =L30/L$25 -> -0.018636449 | M31: =M30/M$25 -> -0.021744798 | N31: =N30/N$25 -> -0.023113003 | O31: =O30/O$25 -> -0.023560054
A32: Purchase of stock in trade | D32: 190.93 | E32: 341.79 | F32: 559.94 | G32: 589.63 | H32: 817.1 | I32: 1147.82 | J32: 1238.32 | K32: =K33*K$25 -> 1393.4795 | L32: =L33*L$25 -> 1699.0438 | M32: =M33*M$25 -> 2060.9826 | N32: =N33*N$25 -> 2497.8845 | O32: =O33*O$25 -> 3037.9447
D33: =D32/D$25 -> 0.0048408156 | E33: =E32/E$25 -> 0.0059872492 | F33: =F32/F$25 -> 0.0059314137 | G33: =G32/G$25 -> 0.0051576561 | H33: =H32/H$25 -> 0.0057060322 | I33: =I32/I$25 -> 0.0069140307 | J33: =J32/J$25 -> 0.0063931053 | K33: 0.006 | L33: =K33 -> 0.006 | M33: =L33 -> 0.006 | N33: =M33 -> 0.006 | O33: =N33 -> 0.006
A34: Change in inventories of stock in trade | D34: -1.1 | E34: -6.83 | F34: -18.65 | G34: 7.06 | H34: -31.72 | I34: -11.32 | J34: -2.94
A35: Employee benefits | D35: 2930.16 | E35: 5118.6 | F35: 6904.52 | G35: 9211.08 | H35: 11886.91 | I35: 17899.23 | J35: 20481.9 | K35: =K36*K$25 -> 24385.892 | L35: =L36*L$25 -> 29733.266 | M35: =M36*M$25 -> 36067.196 | N35: =N36*N$25 -> 43712.979 | O35: =O36*O$25 -> 53164.032
D36: =D35/D$25 -> 0.074290915 | E36: =E35/E$25 -> 0.08966422 | F36: =F35/F$25 -> 0.073139201 | G36: =G35/G$25 -> 0.080571855 | H36: =H35/H$25 -> 0.083009535 | I36: =I35/I$25 -> 0.10781815 | J36: =J35/J$25 -> 0.10574241 | K36: 0.105 | L36: 0.105 | M36: 0.105 | N36: 0.105 | O36: 0.105
A37: Finance costs | D37: 449.91 | E37: 514.27 | F37: 578.01 | G37: 1225.77 | H37: 1155.32 | I37: 3041 | J37: 3307.8 | K37: ='Debt schedule'!K12 -> 1527.2812 | L37: ='Debt schedule'!L12 -> 2111.6101 | M37: ='Debt schedule'!M12 -> 2541.0398 | N37: ='Debt schedule'!N12 -> 2962.1896 | O37: ='Debt schedule'!O12 -> 3375.0593 | T37: 58985.5
D38: =D37/D$25 -> 0.011406963 | E38: =E37/E$25 -> 0.0090086388 | F38: =F37/F$25 -> 0.0061228282 | G38: =G37/G$25 -> 0.010722148 | H38: =H37/H$25 -> 0.0080679147 | I38: =I37/I$25 -> 0.018317826 | J38: =J37/J$25 -> 0.017077261 | K38: 0.017 | L38: 0.017 | M38: 0.017 | N38: 0.017 | O38: 0.017
A39: Depreciation and Amortization | D39: 628.7 | E39: 665.23 | F39: 856.2 | G39: 2260.08 | H39: 3022.14 | I39: 5054.68 | J39: 4572.53 | K39: =K40*K$25 -> 5806.1647 | L39: =L40*L$25 -> 7079.3491 | M39: =M40*M$25 -> 8587.4276 | N39: =N40*N$25 -> 10407.852 | O39: =O40*O$25 -> 12658.103
D40: =D39/D$25 -> 0.015939982 | E40: =E39/E$25 -> 0.011653055 | F40: =F39/F$25 -> 0.0090696795 | G40: =G39/G$25 -> 0.019769542 | H40: =H39/H$25 -> 0.021104428 | I40: =I39/I$25 -> 0.030447468 | J40: =J39/J$25 -> 0.023606714 | K40: 0.025 | L40: 0.025 | M40: 0.025 | N40: 0.025 | O40: 0.025
A41: Other Expenses | D41: ='Assumptions Sheet'!D73 -> 8783.72 | E41: ='Assumptions Sheet'!E73 -> 12961.04 | F41: ='Assumptions Sheet'!F73 -> 18961.4 | G41: ='Assumptions Sheet'!G73 -> 24471.95 | H41: ='Assumptions Sheet'!H73 -> 30876.97 | I41: ='Assumptions Sheet'!I73 -> 38393.71 | J41: ='Assumptions Sheet'!J73 -> 47985.83 | K41: =K42*K$25 -> 51094.249 | L41: =L42*L$25 -> 62298.272 | M41: =M42*M$25 -> 75569.363 | N41: =N42*N$25 -> 91589.1 | O41: =O42*O$25 -> 111391.31
D42: =D41/D$25 -> 0.22270135 | E42: =E41/E$25 -> 0.22704285 | F42: =F41/F$25 -> 0.20085707 | G42: =G41/G$25 -> 0.21406289 | H42: =H41/H$25 -> 0.2156223 | I42: =I41/I$25 -> 0.23126909 | J42: =J41/J$25 -> 0.24773763 | K42: =22% -> 0.22 | L42: =22% -> 0.22 | M42: =22% -> 0.22 | N42: =22% -> 0.22 | O42: =22% -> 0.22
A43: Total Expenses | D43: =SUM(D26,D28,D30,D32,D34,D35,D37,D39,D41) -> 32294.07 | E43: =SUM(E26,E28,E30,E32,E34,E35,E37,E39,E41) -> 56337.16 | F43: =SUM(F26,F28,F30,F32,F34,F35,F37,F39,F41) -> 84529.16 | G43: =SUM(G26,G28,G30,G32,G34,G35,G37,G39,G41) -> 109602.21 | H43: =SUM(H26,H28,H30,H32,H34,H35,H37,H39,H41) -> 124733.96 | I43: =SUM(I26,I28,I30,I32,I34,I35,I37,I39,I41) -> 139439.88 | J43: =SUM(J26,J28,J30,J32,J34,J35,J37,J39,J41) -> 172252.3 | K43: =SUM(K26,K28,K30,K32,K34,K35,K37,K39,K41) -> 207377.24 | ... O43: =SUM(O26,O28,O30,O32,O34,O35,O37,O39,O41) -> 434818.86
A46: Dividend Paid | D46: =-'CashFlow Statement'!D46 -> 0 | E46: =-'CashFlow Statement'!E46 -> 4904.31 | F46: =-'CashFlow Statement'!F46 -> 5486.38 | G46: =-'CashFlow Statement'!G46 -> 0 | H46: =-'CashFlow Statement'!H46 -> 13575.3 | I46: =-'CashFlow Statement'!I46 -> 11026.49 | J46: =-'CashFlow Statement'!J46 -> 5422.03 | K46: =K48*'Income statement'!K31 -> 12650.086 | L46: =L48*'Income statement'!L31 -> 14158.118 | M46: =M48*'Income statement'!M31 -> 17415.181 | N46: =N48*'Income statement'!N31 -> 20797.253 | O46: =O48*'Income statement'!O31 -> 25031.65
A47: Dividend Tax | D47: =-'CashFlow Statement'!D47 -> 0 | E47: =-'CashFlow Statement'!E47 -> 795.59 | F47: =-'CashFlow Statement'!F47 -> 890.03 | G47: =-'CashFlow Statement'!G47 -> 0 | H47: =-'CashFlow Statement'!H47 -> 2552.83 | I47: =-'CashFlow Statement'!I47 -> 2244.77 | J47: =-'CashFlow Statement'!J47 -> 1103.8 | K47: =K46*K49 -> 2575.2652 | L47: =L46*L49 -> 2882.2655 | M47: =M46*M49 -> 3545.3283 | N47: =N46*N49 -> 4233.84 | O47: =O46*O49 -> 5095.8654
A48: Dividend Payout Ratio (Dividends paid) | D48: =D46/'Income statement'!D31 -> 0 | E48: =E46/'Income statement'!E31 -> 3.4882783 | F48: =F46/'Income statement'!F31 -> 0.70036778 | G48: =G46/'Income statement'!G31 -> 0 | H48: =H46/'Income statement'!H31 -> 1.0409133 | I48: =I46/'Income statement'!I31 -> 0.49952523 | J48: =J46/'Income statement'!J31 -> 0.32679624 | K48: =J48 -> 0.32679624 | L48: =K48 -> 0.32679624 | M48: =L48 -> 0.32679624 | N48: =M48 -> 0.32679624 | O48: =N48 -> 0.32679624
A49: Dividend tax as a % of Dividends Paid | D49: 0 | E49: =E47/E46 -> 0.16222262 | F49: =F47/F46 -> 0.16222537 | G49: 0 | H49: =H47/H46 -> 0.18804962 | I49: =I47/I46 -> 0.20357974 | J49: =J47/J46 -> 0.20357689 | K49: =J49 -> 0.20357689 | L49: =K49 -> 0.20357689 | M49: =L49 -> 0.20357689 | N49: =M49 -> 0.20357689 | O49: =N49 -> 0.20357689

Sheet ATF Fuel 2
A1: Date | B1: ATF Price (Rs) | D1: USD/INR | F1: Brent ($) | H1: MCX | J1: US Oil ($) | L1: Date | M1: ATF Price (Rs) | N1: Brent ($) | O1: US Oil ($) | P1: MCX | Q1: Premium
A2: April 01, 2010 | B2: 44361.803 | D2: 44.76 | F2: 82.63 | H2: =D2*F2 -> 3698.5188 | J2: 84.53 | L2: April 01, 2010 | M2: 100 | N2: 100 | O2: 100 | P2: 100 | Q2: =M2/N2-1 -> 0
A3: May 01, 2010 | B3: 46016.395 | C3: =B3/B2-1 -> 0.037297684 | D3: 44.52 | E3: =B3/B2-1 -> 0.037297684 | F3: 88.09 | G3: =F3/F2-1 -> 0.066077696 | H3: =D3*F3 -> 3921.7668 | I3: =H3/H2-1 -> 0.060361461 | J3: 86.19 | K3: =J3/J2-1 -> 0.019637998 | L3: May 01, 2010 | M3: =(1+(B3/B2)-1)*M2 -> 103.72977 | N3: =(1+(F3/F2)-1)*N2 -> 106.60777 | O3: =(1+(J3/J2)-1)*O2 -> 101.9638 | P3: =(1+(H3/H2)-1)*P2 -> 106.03615 | Q3: =M3/N3-1 -> -0.026996167 | AN3: Q2 | AO3: Q1
A4: June 01, 2010 | B4: 42951.23 | C4: =B4/B3-1 -> -0.066610281 | D4: 46.5125 | E4: =B4/B3-1 -> -0.066610281 | F4: 73.08 | G4: =F4/F3-1 -> -0.17039392 | H4: =D4*F4 -> 3399.1335 | I4: =H4/H3-1 -> -0.13326476 | J4: 72.7 | K4: =J4/J3-1 -> -0.15651468 | L4: June 01, 2010 | M4: =(1+(B4/B3)-1)*M3 -> 96.820299 | N4: =(1+(F4/F3)-1)*N3 -> 88.442454 | O4: =(1+(J4/J3)-1)*O3 -> 86.004969 | P4: =(1+(H4/H3)-1)*P3 -> 91.905265 | Q4: =M4/N4-1 -> 0.094726511 | AM4: O | AN4: 64.685 | AO4: 64.805
A5: July 01, 2010 | B5: 45016.693 | C5: =B5/B4-1 -> 0.048088553 | D5: 46.74 | E5: =B5/B4-1 -> 0.048088553 | F5: 71.73 | G5: =F5/F4-1 -> -0.018472906 | H5: =D5*F5 -> 3352.6602 | I5: =H5/H4-1 -> -0.013672102 | J5: 72.95 | K5: =J5/J4-1 -> 0.0034387895 | L5: July 01, 2010 | M5: =(1+(B5/B4)-1)*M4 -> 101.47625 | N5: =(1+(F5/F4)-1)*N4 -> 86.808665 | O5: =(1+(J5/J4)-1)*O4 -> 86.300722 | P5: =(1+(H5/H4)-1)*P4 -> 90.648727 | Q5: =M5/N5-1 -> 0.1689645 | AM5: C | AN5: 65.28 | AO5: 64.575
A6: August 01, 2010 | B6: 44697.147 | C6: =B6/B5-1 -> -0.0070983669 | D6: 46.19 | E6: =B6/B5-1 -> -0.0070983669 | F6: 81.93 | G6: =F6/F5-1 -> 0.14219992 | H6: =D6*F6 -> 3784.3467 | I6: =H6/H5-1 -> 0.1287594 | J6: 81.25 | K6: =J6/J5-1 -> 0.11377656 | L6: August 01, 2010 | M6: =(1+(B6/B5)-1)*M5 -> 100.75593 | N6: =(1+(F6/F5)-1)*N5 -> 99.15285 | O6: =(1+(J6/J5)-1)*O5 -> 96.119721 | P6: =(1+(H6/H5)-1)*P5 -> 102.3206 | Q6: =M6/N6-1 -> 0.016167783 | AN6: 1000 | AO6: 1000
A7: September 01, 2010 | B7: 43596.4 | C7: =B7/B6-1 -> -0.024626795 | D7: 46.92 | E7: =B7/B6-1 -> -0.024626795 | F7: 75.53 | G7: =F7/F6-1 -> -0.078115464 | H7: =D7*F7 -> 3543.8676 | I7: =H7/H6-1 -> -0.063545737 | J7: 73.97 | K7: =J7/J6-1 -> -0.0896 | L7: September 01, 2010 | M7: =(1+(B7/B6)-1)*M6 -> 98.274636 | N7: =(1+(F7/F6)-1)*N6 -> 91.407479 | O7: =(1+(J7/J6)-1)*O6 -> 87.507394 | P7: =(1+(H7/H6)-1)*P6 -> 95.818564 | Q7: =M7/N7-1 -> 0.075126862 | AN7: =AN4-AN5 -> -0.595 | AO7: =AO4-AO5 -> 0.23 | AR7: 900 | AS7: 48
A8: October 01, 2010 | B8: 44195.268 | C8: =B8/B7-1 -> 0.013736627 | D8: 44.77 | E8: =B8/B7-1 -> 0.013736627 | F8: 82.69 | G8: =F8/F7-1 -> 0.094796769 | H8: =D8*F8 -> 3702.0313 | I8: =H8/H7-1 -> 0.044630251 | J8: 81.57 | K8: =J8/J7-1 -> 0.10274436 | L8: October 01, 2010 | M8: =(1+(B8/B7)-1)*M7 -> 99.624598 | N8: =(1+(F8/F7)-1)*N7 -> 100.07261 | O8: =(1+(J8/J7)-1)*O7 -> 96.498285 | P8: =(1+(H8/H7)-1)*P7 -> 100.09497 | Q8: =M8/N8-1 -> -0.0044768956 | AN8: =AN7*AN6 -> -595 | AO8: =AO7*AO6 -> 230 | AR8: 270
A9: November 01, 2010 | B9: 45777 | C9: =B9/B8-1 -> 0.035789635 | D9: 44.35 | E9: =B9/B8-1 -> 0.035789635 | F9: 84.06 | G9: =F9/F8-1 -> 0.016567904 | H9: =D9*F9 -> 3728.061 | I9: =H9/H8-1 -> 0.0070311939 | J9: 82.94 | K9: =J9/J8-1 -> 0.01679539 | L9: November 01, 2010 | M9: =(1+(B9/B8)-1)*M8 -> 103.19013 | N9: =(1+(F9/F8)-1)*N8 -> 101.73061 | O9: =(1+(J9/J8)-1)*O8 -> 98.119011 | P9: =(1+(H9/H8)-1)*P8 -> 100.79876 | Q9: =M9/N9-1 -> 0.014346911 | AN9: 460000000 | AO9: 346000000 | AR9: =AR7-AR8 -> 630 | AS9: =AR9/AS7 -> 13.125
A10: December 01, 2010 | B10: 47892.115 | C10: =B10/B9-1 -> 0.046204753 | D10: 45.87 | E10: =B10/B9-1 -> 0.046204753 | F10: 88.56 | G10: =F10/F9-1 -> 0.053533191 | H10: =D10*F10 -> 4062.2472 | I10: =H10/H9-1 -> 0.089640754 | J10: 86.75 | K10: =J10/J9-1 -> 0.045936822 | L10: December 01, 2010 | M10: =(1+(B10/B9)-1)*M9 -> 107.958 | N10: =(1+(F10/F9)-1)*N9 -> 107.17657 | O10: =(1+(J10/J9)-1)*O9 -> 102.62629 | P10: =(1+(H10/H9)-1)*P9 -> 109.83443 | Q10: =M10/N10-1 -> 0.0072910555 | AN10: =AN9/AN8 -> -773109.24 | AO10: =AO9/AO8 -> 1504347.8
A11: January 01, 2011 | B11: 50576.88 | C11: =B11/B10-1 -> 0.056058602 | D11: 44.76 | E11: =B11/B10-1 -> 0.056058602 | F11: 95.82 | G11: =F11/F10-1 -> 0.08197832 | H11: =D11*F11 -> 4288.9032 | I11: =H11/H10-1 -> 0.055795718 | J11: 91.59 | K11: =J11/J10-1 -> 0.055792507 | L11: January 01, 2011 | M11: =(1+(B11/B10)-1)*M10 -> 114.00998 | N11: =(1+(F11/F10)-1)*N10 -> 115.96273 | O11: =(1+(J11/J10)-1)*O10 -> 108.35206 | P11: =(1+(H11/H10)-1)*P10 -> 115.96273 | Q11: =M11/N11-1 -> -0.016839465
A12: February 01, 2011 | B12: 53872.265 | C12: =B12/B11-1 -> 0.065155957 | D12: 45.85 | E12: =B12/B11-1 -> 0.065155957 | F12: 100.4 | G12: =F12/F11-1 -> 0.047797954 | H12: =D12*F12 -> 4603.34 | I12: =H12/H11-1 -> 0.073314035 | J12: 89.54 | K12: =J12/J11-1 -> -0.022382356 | L12: February 01, 2011 | M12: =(1+(B12/B11)-1)*M11 -> 121.4384 | N12: =(1+(F12/F11)-1)*N11 -> 121.50551 | O12: =(1+(J12/J11)-1)*O11 -> 105.92689 | P12: =(1+(H12/H11)-1)*P11 -> 124.46442 | Q12: =M12/N12-1 -> -0.00055225763 | AO12: =1.1106^30 -> 23.266447
A13: March 01, 2011 | B13: 58021.292 | C13: =B13/B12-1 -> 0.077016021 | D13: 45.18 | E13: =B13/B12-1 -> 0.077016021 | F13: 113.34 | G13: =F13/F12-1 -> 0.12888446 | H13: =D13*F13 -> 5120.7012 | I13: =H13/H12-1 -> 0.11238822 | J13: 99.63 | K13: =J13/J12-1 -> 0.11268707 | L13: March 01, 2011 | M13: =(1+(B13/B12)-1)*M12 -> 130.79111 | N13: =(1+(F13/F12)-1)*N12 -> 137.16568 | O13: =(1+(J13/J12)-1)*O12 -> 117.86348 | P13: =(1+(H13/H12)-1)*P12 -> 138.45276 | Q13: =M13/N13-1 -> -0.046473517
A14: April 01, 2011 | B14: 62458.097 | C14: =B14/B13-1 -> 0.076468565 | D14: 44.44 | E14: =B14/B13-1 -> 0.076468565 | F14: 118.63 | G14: =F14/F13-1 -> 0.046673725 | H14: =D14*F14 -> 5271.9172 | I14: =H14/H13-1 -> 0.029530331 | J14: 107.55 | K14: =J14/J13-1 -> 0.079494128 | L14: April 01, 2011 | M14: =(1+(B14/B13)-1)*M13 -> 140.79252 | N14: =(1+(F14/F13)-1)*N13 -> 143.56771 | O14: =(1+(J14/J13)-1)*O13 -> 127.23294 | P14: =(1+(H14/H13)-1)*P13 -> 142.54131 | Q14: =M14/N14-1 -> -0.019330226
A15: May 01, 2011 | B15: 63967.75 | C15: =B15/B14-1 -> 0.024170645 | D15: 44.29 | E15: =B15/B14-1 -> 0.024170645 | F15: 121.55 | G15: =F15/F14-1 -> 0.024614347 | H15: =D15*F15 -> 5383.4495 | I15: =H15/H14-1 -> 0.021155928 | J15: 113.03 | K15: =J15/J14-1 -> 0.050953045 | L15: May 01, 2011 | M15: =(1+(B15/B14)-1)*M14 -> 144.19556 | N15: =(1+(F15/F14)-1)*N14 -> 147.10154 | O15: =(1+(J15/J14)-1)*O14 -> 133.71584 | P15: =(1+(H15/H14)-1)*P14 -> 145.55691 | Q15: =M15/N15-1 -> -0.019754899
A16: June 01, 2011 | B16: 59747.973 | C16: =B16/B15-1 -> -0.065967265 | D16: 44.985 | E16: =B16/B15-1 -> -0.065967265 | F16: 115.09 | G16: =F16/F15-1 -> -0.053146853 | H16: =D16*F16 -> 5177.3237 | I16: =H16/H15-1 -> -0.038288805 | J16: 100.3 | K16: =J16/J15-1 -> -0.11262497 | L16: June 01, 2011 | M16: =(1+(B16/B15)-1)*M15 -> 134.68337 | N16: =(1+(F16/F15)-1)*N15 -> 139.28355 | O16: =(1+(J16/J15)-1)*O15 -> 118.6561 | P16: =(1+(H16/H15)-1)*P15 -> 139.98371 | Q16: =M16/N16-1 -> -0.033027438
A17: July 01, 2011 | B17: 59498.082 | C17: =B17/B16-1 -> -0.0041824013 | D17: 44.65 | E17: =B17/B16-1 -> -0.0041824013 | F17: 113.55 | G17: =F17/F16-1 -> -0.013380832 | H17: =D17*F17 -> 5070.0075 | I17: =H17/H16-1 -> -0.020728113 | J17: 94.81 | K17: =J17/J16-1 -> -0.054735793 | L17: July 01, 2011 | M17: =(1+(B17/B16)-1)*M16 -> 134.12007 | N17: =(1+(F17/F16)-1)*N16 -> 137.41982 | O17: =(1+(J17/J16)-1)*O16 -> 112.16136 | P17: =(1+(H17/H16)-1)*P16 -> 137.08211 | Q17: =M17/N17-1 -> -0.024012176
A18: August 01, 2011 | B18: 61142.5 | C18: =B18/B17-1 -> 0.02763816 | D18: 44.04 | E18: =B18/B17-1 -> 0.02763816 | F18: 113.74 | G18: =F18/F17-1 -> 0.0016732717 | H18: =D18*F18 -> 5009.1096 | I18: =H18/H17-1 -> -0.012011402 | J18: 94.98 | K18: =J18/J17-1 -> 0.0017930598 | L18: August 01, 2011 | M18: =(1+(B18/B17)-1)*M17 -> 137.82691 | N18: =(1+(F18/F17)-1)*N17 -> 137.64976 | O18: =(1+(J18/J17)-1)*O17 -> 112.36247 | P18: =(1+(H18/H17)-1)*P17 -> 135.43556 | Q18: =M18/N18-1 -> 0.0012869065
A19: September 01, 2011 | B19: 59492 | C19: =B19/B18-1 -> -0.026994317 | D19: 45.98 | E19: =B19/B18-1 -> -0.026994317 | F19: 117.5 | G19: =F19/F18-1 -> 0.033057851 | H19: =D19*F19 -> 5402.65 | I19: =H19/H18-1 -> 0.078564941 | J19: 88.93 | K19: =J19/J18-1 -> -0.063697621 | L19: September 01, 2011 | M19: =(1+(B19/B18)-1)*M18 -> 134.10636 | N19: =(1+(F19/F18)-1)*N18 -> 142.20017 | O19: =(1+(J19/J18)-1)*O18 -> 105.20525 | P19: =(1+(H19/H18)-1)*P18 -> 146.07605 | Q19: =M19/N19-1 -> -0.0569184
A20: October 01, 2011 | B20: 61886.75 | C20: =B20/B19-1 -> 0.040253311 | D20: 49.48 | E20: =B20/B19-1 -> 0.040253311 | F20: 104.38 | G20: =F20/F19-1 -> -0.11165957 | H20: =D20*F20 -> 5164.7224 | I20: =H20/H19-1 -> -0.044039055 | J20: 77.34 | K20: =J20/J19-1 -> -0.13032722 | L20: October 01, 2011 | M20: =(1+(B20/B19)-1)*M19 -> 139.50459 | N20: =(1+(F20/F19)-1)*N19 -> 126.32216 | O20: =(1+(J20/J19)-1)*O19 -> 91.494144 | P20: =(1+(H20/H19)-1)*P19 -> 139.64299 | Q20: =M20/N20-1 -> 0.10435564
A21: November 01, 2011 | B21: 64490.415 | C21: =B21/B20-1 -> 0.042071445 | D21: 48.83 | E21: =B21/B20-1 -> 0.042071445 | F21: 112.22 | G21: =F21/F20-1 -> 0.075110174 | H21: =D21*F21 -> 5479.7026 | I21: =H21/H20-1 -> 0.06098686 | J21: 92.19 | K21: =J21/J20-1 -> 0.19200931 | L21: November 01, 2011 | M21: =(1+(B21/B20)-1)*M20 -> 145.37375 | N21: =(1+(F21/F20)-1)*N20 -> 135.81024 | O21: =(1+(J21/J20)-1)*O20 -> 109.06187 | P21: =(1+(H21/H20)-1)*P20 -> 148.15938 | Q21: =M21/N21-1 -> 0.070418179
A22: December 01, 2011 | B22: 68172.65 | C22: =B22/B21-1 -> 0.0570974 | D22: 51.85 | E22: =B22/B21-1 -> 0.0570974 | F22: 110.16 | G22: =F22/F21-1 -> -0.018356799 | H22: =D22*F22 -> 5711.796 | I22: =H22/H21-1 -> 0.042355109 | J22: 100.2 | K22: =J22/J21-1 -> 0.086885779 | L22: December 01, 2011 | M22: =(1+(B22/B21)-1)*M21 -> 153.67421 | N22: =(1+(F22/F21)-1)*N21 -> 133.3172 | O22: =(1+(J22/J21)-1)*O21 -> 118.5378 | P22: =(1+(H22/H21)-1)*P21 -> 154.43469 | Q22: =M22/N22-1 -> 0.15269608
A23: January 01, 2012 | B23: 66600.057 | C23: =B23/B22-1 -> -0.023067792 | D23: 53.3 | E23: =B23/B22-1 -> -0.023067792 | F23: 111.07 | G23: =F23/F22-1 -> 0.0082607117 | H23: =D23*F23 -> 5920.031 | I23: =H23/H22-1 -> 0.036457009 | J23: 102.96 | K23: =J23/J22-1 -> 0.02754491 | L23: January 01, 2012 | M23: =(1+(B23/B22)-1)*M22 -> 150.12929 | N23: =(1+(F23/F22)-1)*N22 -> 134.41849 | O23: =(1+(J23/J22)-1)*O22 -> 121.80291 | P23: =(1+(H23/H22)-1)*P22 -> 160.06492 | Q23: =M23/N23-1 -> 0.11687971
A24: February 01, 2012 | B24: 66407.39 | C24: =B24/B23-1 -> -0.0028929029 | D24: 49.59 | E24: =B24/B23-1 -> -0.0028929029 | F24: 116.86 | G24: =F24/F23-1 -> 0.052129288 | H24: =D24*F24 -> 5795.0874 | I24: =H24/H23-1 -> -0.021105227 | J24: 97.63 | K24: =J24/J23-1 -> -0.051767677 | L24: February 01, 2012 | M24: =(1+(B24/B23)-1)*M23 -> 149.69498 | N24: =(1+(F24/F23)-1)*N23 -> 141.42563 | O24: =(1+(J24/J23)-1)*O23 -> 115.49746 | P24: =(1+(H24/H23)-1)*P23 -> 156.68671 | Q24: =M24/N24-1 -> 0.058471328
... A94: December 01,2017 | B94: 58985.5 | C94: =B94/B93-1 -> 0.058107048 | D94: 64.595 | E94: =B94/B93-1 -> 0.058107048 | F94: 63.56 | G94: =F94/F93-1 -> 0.047980214 | H94: =D94*F94 -> 4105.6582 | I94: =H94/H93-1 -> 0.046036961 | J94: 58.35 | K94: =J94/J93-1 -> 0.074189985 | L94: December 01,2017 | M94: =(1+(B94/B93)-1)*M93 -> 132.96462 | N94: =(1+(F94/F93)-1)*N93 -> 76.921215 | O94: =(1+(J94/J93)-1)*O93 -> 69.028747 | P94: =(1+(H94/H93)-1)*P93 -> 111.00817 | Q94: =M94/N94-1 -> 0.72858184
A95: 2018 | B95: =B94*(1+$C$95) -> 61095.159 | C95: =I95 -> 0.035765715 | D95: 63 | F95: 67.5 | G95: =F95/F94-1 -> 0.061988672 | H95: =D95*F95 -> 4252.5 | I95: =H95/H94-1 -> 0.035765715 | J95: 60.3 | K95: =J95/J94-1 -> 0.033419023
A96: 2019 | B96: =B95*(1+$C$95) -> 63280.271 | C96: =I96 -> 0.069958848 | D96: 65 | F96: 70 | H96: =D96*F96 -> 4550 | I96: =H96/H95-1 -> 0.069958848
A97: 2020 | B97: =B96*(1+$C$95) -> 65543.535 | C97: =I97 -> 0.030769231 | D97: 67 | F97: 70 | H97: =D97*F97 -> 4690 | I97: =H97/H96-1 -> 0.030769231
A98: 2021 | B98: =B97*(1+$C$95) -> 67887.746 | C98: =I98 -> 0.029850746 | D98: 69 | F98: =F97 -> 70 | H98: =D98*F98 -> 4830 | I98: =H98/H97-1 -> 0.029850746
A99: 2022 | B99: =B98*(1+$C$95) -> 70315.8 | C99: =I99 -> 0.028985507 | D99: 71 | F99: =F98 -> 70 | H99: =D99*F99 -> 4970 | I99: =H99/H98-1 -> 0.028985507
E103: Year | F103: USD/INR E | G103: Brent ($) E | H103: USD/INR * Brent ($) | I103: Change (%) | J103: ATF Forecast Price
E104: 2018 | F104: 63 | G104: 67.5 | H104: 4252.5 | I104: 0.035765715 | J104: 61095.159
E105: 2019 | F105: 65 | G105: 70 | H105: 4550 | I105: 0.069958848 | J105: 63280.271
E106: 2020 | F106: 67 | G106: 70 | H106: 4690 | I106: 0.030769231 | J106: 65543.535
E107: 2021 | F107: 69 | G107: 70 | H107: 4830 | I107: 0.029850746 | J107: 67887.746
E108: 2022 | F108: 71 | G108: 70 | H108: 4970 | I108: 0.028985507 | J108: 70315.8

Sheet Balance sheet
A1: Interglobe Aviation
A2: Template
A3: All Data in Millions INR, except per share
A4: (Red=Assumption, Blue=Actual, Black=Calculation)
A5: Date | D5: 40633 | E5: =EOMONTH(D5,12) -> 40999 | F5: =EOMONTH(E5,12) -> 41364 | G5: =EOMONTH(F5,12) -> 41729 | H5: =EOMONTH(G5,12) -> 42094 | I5: =EOMONTH(H5,12) -> 42460 | J5: =EOMONTH(I5,12) -> 42825 | K5: =EOMONTH(J5,12) -> 43190 | L5: =EOMONTH(K5,12) -> 43555 | ... O5: =EOMONTH(N5,12) -> 44651
A6: Year | D6: =YEAR(D5) -> 2011 | E6: =YEAR(E5) -> 2012 | F6: =YEAR(F5) -> 2013 | G6: =YEAR(G5) -> 2014 | H6: =YEAR(H5) -> 2015 | I6: =YEAR(I5) -> 2016 | J6: =YEAR(J5) -> 2017 | K6: =YEAR(K5) -> 2018 | ... O6: =YEAR(O5) -> 2022
A7: Equity and Liabilities
A8: Share capital | D8: 343.72 | E8: 343.72 | F8: 343.72 | G8: 343.72 | H8: 343.72 | I8: 3603.57 | J8: 3614.68 | K8: =J8 -> 3614.68 | L8: =K8 -> 3614.68 | M8: =L8 -> 3614.68 | N8: =M8 -> 3614.68 | O8: =N8 -> 3614.68
A9: Reserves and surplus | D9: 683.67 | E9: 2089.61 | F9: 3546.77 | G9: 3862.56 | H9: 3863.23 | I9: 14739.2 | J9: 34177.08 | K9: =J9+'Income statement'!K31-'Cost Matrix'!K46-'Cost Matrix'!K47 -> 57661.128 | L9: =K9+'Income statement'!L31-'Cost Matrix'!L46-'Cost Matrix'!L47 -> 83944.737 | M9: =L9+'Income statement'!M31-'Cost Matrix'!M46-'Cost Matrix'!M47 -> 116274.87 | N9: =M9+'Income statement'!N31-'Cost Matrix'!N46-'Cost Matrix'!N47 -> 154883.59 | O9: =N9+'Income statement'!O31-'Cost Matrix'!O46-'Cost Matrix'!O47 -> 201353.19
A10: Shareholders’ funds | D10: =SUM(D8:D9) -> 1027.39 | E10: =SUM(E8:E9) -> 2433.33 | F10: =SUM(F8:F9) -> 3890.49 | G10: =SUM(G8:G9) -> 4206.28 | H10: =SUM(H8:H9) -> 4206.95 | I10: =SUM(I8:I9) -> 18342.77 | J10: =SUM(J8:J9) -> 37791.76 | K10: =SUM(K8:K9) -> 61275.808 | ... O10: =SUM(O8:O9) -> 204967.87
A12: Deferred tax liabilities (net) | D12: 0 | E12: 0 | F12: 537.15 | G12: 522.85 | H12: 4091.35 | I12: 5179.72 | J12: 1618.06 | K12: =J12 -> 1618.06 | L12: =K12 -> 1618.06 | M12: =L12 -> 1618.06 | N12: =M12 -> 1618.06 | O12: =N12 -> 1618.06
A13: Long-term borrowings | D13: 8069.76 | E13: 9055.48 | F13: 16173.32 | G13: 30807.4 | H13: 35884.02 | I13: 29498.61 | J13: 23957.08 | K13: ='Debt schedule'!K10 -> 31580.42 | L13: ='Debt schedule'!L10 -> 38806.582 | M13: ='Debt schedule'!M10 -> 45894.745 | N13: ='Debt schedule'!N10 -> 52844.907 | O13: ='Debt schedule'!O10 -> 59657.07
A14: Other long-term liabilities | D14: 1014.6 | E14: 2793.79 | F14: 7234.82 | G14: 12957.85 | H14: 20169.51 | I14: 24722.47 | J14: =22685.34+75 -> 22760.34 | K14: =K57*'Income statement'!K18 -> 31007.629 | L14: =L57*'Income statement'!L18 -> 37176.911 | M14: =M57*'Income statement'!M18 -> 44332.175 | N14: =N57*'Income statement'!N18 -> 52803.648 | O14: =O57*'Income statement'!O18 -> 63093.498
A15: Long-term provisions | D15: 133.82 | E15: 158.31 | F15: 231.64 | G15: 368.32 | H15: 522.91 | I15: 810.64 | J15: 1223.94 | K15: =J15 -> 1223.94 | L15: =K15 -> 1223.94 | M15: =L15 -> 1223.94 | N15: =M15 -> 1223.94 | O15: =N15 -> 1223.94
A16: Deferred incentives | D16: 4678.16 | E16: 8748.39 | F16: 11677.54 | G16: 13654.32 | H16: 13317.44 | I16: 11778.16 | J16: 16899.9 | K16: =Incentive!K7 -> 22271.942 | L16: =Incentive!L7 -> 17591.191 | M16: =Incentive!M7 -> 24897.583 | N16: =Incentive!N7 -> 32074.23 | O16: =Incentive!O7 -> 39763.411
A17: Non-current liabilities | D17: =SUM(D12:D16) -> 13896.34 | E17: =SUM(E12:E16) -> 20755.97 | F17: =SUM(F12:F16) -> 35854.47 | G17: =SUM(G12:G16) -> 58310.74 | H17: =SUM(H12:H16) -> 73985.23 | I17: =SUM(I12:I16) -> 71989.6 | J17: =SUM(J12:J16) -> 66459.32 | K17: =SUM(K12:K16) -> 87701.991 | ... O17: =SUM(O12:O16) -> 165355.98
D18: ='Cost Matrix'!D30 -> -2273.94 | E18: ='Cost Matrix'!E30 -> -2627.25 | F18: ='Cost Matrix'!F30 -> -3588.03 | G18: ='Cost Matrix'!G30 -> -3607.17 | H18: ='Cost Matrix'!H30 -> -3553.12 | I18: ='Cost Matrix'!I30 -> -3565.96 | J18: ='Cost Matrix'!J30 -> -5332
D19: =D18/D16 -> -0.48607572 | E19: =E18/E16 -> -0.3003124 | F19: =F18/F16 -> -0.30725906 | G19: =G18/G16 -> -0.26417793 | H19: =H18/H16 -> -0.26680203 | I19: =I18/I16 -> -0.30276036 | J19: =J18/J16 -> -0.31550483
A20: Short-term borrowings | D20: 540.29 | E20: 305.58 | F20: 814.34 | G20: 0 | H20: 0 | I20: 0 | J20: 0 | K20: =J20 -> 0 | L20: =K20 -> 0 | M20: =L20 -> 0 | N20: =M20 -> 0 | O20: =N20 -> 0
A21: Trade payables | D21: 1076.17 | E21: 1584.84 | F21: 2647.91 | G21: 3844.46 | H21: =17.75+4737 -> 4754.75 | I21: =15.89+7396.39 -> 7412.28 | J21: 7746.1 | K21: =('Income statement'!K14+'Income statement'!K16)*'Balance sheet'!K50 -> 9598.4016 | L21: =('Income statement'!L14+'Income statement'!L16)*'Balance sheet'!L50 -> 11806.487 | M21: =('Income statement'!M14+'Income statement'!M16)*'Balance sheet'!M50 -> 13812.054 | N21: =('Income statement'!N14+'Income statement'!N16)*'Balance sheet'!N50 -> 16661.318 | O21: =('Income statement'!O14+'Income statement'!O16)*'Balance sheet'!O50 -> 20116.962
A22: Other current liabilities | D22: 4624.85 | E22: 8149.01 | F22: 11383.29 | G22: 16149.4 | H22: 19007.99 | I22: 21509.21 | J22: =19725.85+14322.67+447 -> 34495.52 | K22: =K51*'Income statement'!K14 -> 33375.436 | L22: =L51*'Income statement'!L14 -> 40694.052 | M22: =M51*'Income statement'!M14 -> 49362.903 | N22: =N51*'Income statement'!N14 -> 59827.206 | O22: =O51*'Income statement'!O14 -> 72762.268
A23: Short-term provision | D23: 5808.63 | E23: 186.51 | F23: 307.85 | G23: 4645.06 | H23: 1528.51 | I23: 6883.18 | J23: 667.06 | K23: =K52*'Income statement'!K14 -> 737.98676 | L23: =L52*'Income statement'!L14 -> 899.81359 | M23: =M52*'Income statement'!M14 -> 1091.4964 | N23: =N52*'Income statement'!N14 -> 1322.8797 | O23: =O52*'Income statement'!O14 -> 1608.8955
A24: Deferred incentives | D24: 2220.83 | E24: 3055.37 | F24: 3626.58 | G24: 3878.42 | H24: 4199.02 | I24: 4054.07 | J24: 4937.83 | K24: =Incentive!K8 -> 7097.958 | L24: =Incentive!L8 -> 9354.2156 | M24: =Incentive!M8 -> 7388.3001 | N24: =Incentive!N8 -> 10456.985 | O24: =Incentive!O8 -> 13471.177
A25: Current liabilities | D25: =SUM(D20:D24) -> 14270.77 | E25: =SUM(E20:E24) -> 13281.31 | F25: =SUM(F20:F24) -> 18779.97 | G25: =SUM(G20:G24) -> 28517.34 | H25: =SUM(H20:H24) -> 29490.27 | I25: =SUM(I20:I24) -> 39858.74 | J25: =SUM(J20:J24) -> 47846.51 | K25: =SUM(K20:K24) -> 50809.783 | ... O25: =SUM(O20:O24) -> 107959.3
A26: Total | D26: =D10+D17+D25 -> 29194.5 | E26: =E10+E17+E25 -> 36470.61 | F26: =F10+F17+F25 -> 58524.93 | G26: =G10+G17+G25 -> 91034.36 | H26: =H10+H17+H25 -> 107682.45 | I26: =I10+I17+I25 -> 130191.11 | J26: =J10+J17+J25 -> 152097.59 | K26: =K10+K17+K25 -> 199787.58 | ... O26: =O10+O17+O25 -> 478283.15
A28: Tangible fixed assets | D28: 8310.12 | E28: 8813.12 | F28: 17547.89 | G28: 39407.2 | H28: 48664.02 | I28: 46755.15 | J28: 37474.72 | K28: ='Asset Schedule '!K12 -> 43402.958 | L28: ='Asset Schedule '!L12 -> 49083.446 | M28: ='Asset Schedule '!M12 -> 54538.977 | N28: ='Asset Schedule '!N12 -> 59790.247 | O28: ='Asset Schedule '!O12 -> 64856.048
A29: Intangible fixed assets | D29: 1.29 | E29: 46.99 | F29: 96.7 | G29: 152.46 | H29: 96.37 | I29: 199.74 | J29: 463.69 | K29: ='Asset Schedule '!K25 -> 614.9602 | L29: ='Asset Schedule '!L25 -> 702.69692 | M29: ='Asset Schedule '!M25 -> 753.58421 | N29: ='Asset Schedule '!N25 -> 783.09884 | O29: ='Asset Schedule '!O25 -> 800.21733
A30: Capital work in progress | D30: 0 | E30: 0 | F30: 68.47 | G30: 0 | H30: 4.53 | I30: 237.34 | J30: 233.03 | K30: =J30 -> 233.03 | L30: =K30 -> 233.03 | M30: =L30 -> 233.03 | N30: =M30 -> 233.03 | O30: =N30 -> 233.03
A31: Intangible assets under development | D31: 0 | E31: 0 | F31: 0 | G31: 0 | H31: 0 | I31: 82.31 | J31: 18.83 | K31: =J31 -> 18.83 | L31: =K31 -> 18.83 | M31: =L31 -> 18.83 | N31: =M31 -> 18.83 | O31: =N31 -> 18.83
A32: Fixed assets | D32: =SUM(D28:D31) -> 8311.41 | E32: =SUM(E28:E31) -> 8860.11 | F32: =SUM(F28:F31) -> 17713.06 | G32: =SUM(G28:G31) -> 39559.66 | H32: =SUM(H28:H31) -> 48764.92 | I32: =SUM(I28:I31) -> 47274.54 | J32: =SUM(J28:J31) -> 38190.27 | K32: =SUM(K28:K31) -> 44269.778 | ... O32: =SUM(O28:O31) -> 65908.125
A34: Non-current investments | D34: 0 | E34: 0 | F34: 0.35 | G34: 0.47 | H34: 0.46 | I34: 0.25 | J34: 0.18 | K34: =J34 -> 0.18 | L34: =K34 -> 0.18 | M34: =L34 -> 0.18 | N34: =M34 -> 0.18 | O34: =N34 -> 0.18
A35: Deferred tax asset (net) | D35: 8.2 | E35: 665.1 | F35: 0 | G35: 0 | H35: 0 | I35: 0 | J35: 97.6 | K35: =J35 -> 97.6 | L35: =K35 -> 97.6 | M35: =L35 -> 97.6 | N35: =M35 -> 97.6 | O35: =N35 -> 97.6
A36: Long-term loans and advances | D36: 1268.71 | E36: 2973.09 | F36: 5246.98 | G36: 8012.06 | H36: 11181.34 | I36: 11930.62 | J36: 5440.26 | K36: =J36 -> 5440.26 | L36: =K36 -> 5440.26 | M36: =L36 -> 5440.26 | N36: =M36 -> 5440.26 | O36: =N36 -> 5440.26
A37: Other non-current assets | D37: 118.95 | E37: 885.3 | F37: 4857.72 | G37: 14315.23 | H37: 16055.6 | I37: 14977.84 | J37: =3548.74+10356.39 -> 13905.13 | K37: =J37 -> 13905.13 | L37: =K37 -> 13905.13 | M37: =L37 -> 13905.13 | N37: =M37 -> 13905.13 | O37: =N37 -> 13905.13
A38: Non-current assets | D38: =SUM(D34:D37) -> 1395.86 | E38: =SUM(E34:E37) -> 4523.49 | F38: =SUM(F34:F37) -> 10105.05 | G38: =SUM(G34:G37) -> 22327.76 | H38: =SUM(H34:H37) -> 27237.4 | I38: =SUM(I34:I37) -> 26908.71 | J38: =SUM(J34:J37) -> 19443.17 | K38: =SUM(K34:K37) -> 19443.17 | ... O38: =SUM(O34:O37) -> 19443.17
A40: Current investments | D40: 8022.44 | E40: 5234.18 | F40: 11383.42 | G40: 12714.84 | H40: 5167.52 | I40: 9741.2 | J40: 37134.1 | K40: =J40 -> 37134.1 | L40: =K40 -> 37134.1 | M40: =L40 -> 37134.1 | N40: =M40 -> 37134.1 | O40: =N40 -> 37134.1
A41: Inventories | D41: 446.74 | E41: 373.88 | F41: 522.75 | G41: 672.86 | H41: 1305.54 | I41: 1267.2 | J41: 1631.5 | K41: =('Income statement'!K14+'Income statement'!K16)*K53 -> 1806.3111 | L41: =('Income statement'!L14+'Income statement'!L16)*L53 -> 2221.8479 | M41: =('Income statement'!M14+'Income statement'!M16)*M53 -> 2599.273 | N41: =('Income statement'!N14+'Income statement'!N16)*N53 -> 3135.4724 | O41: =('Income statement'!O14+'Income statement'!O16)*O53 -> 3785.7857
A42: Trade receivables | D42: 166.58 | E42: 389.2 | F42: 685.22 | G42: 891.22 | H42: 1045.5 | I42: 1571.14 | J42: 1587.02 | K42: =K54*'Income statement'!K7 -> 1864.0833 | L42: =L54*'Income statement'!L7 -> 2238.0744 | M42: =M54*'Income statement'!M7 -> 2675.3543 | N42: =N54*'Income statement'!N7 -> 3198.0233 | O42: =O54*'Income statement'!O7 -> 3839.6573
A43: Cash and bank balances | D43: 7756.93 | E43: 13088.26 | F43: 13405.88 | G43: 11015.33 | H43: 19993.8 | I43: 37186.7 | J43: =1531.19+44794.26 -> 46325.45 | K43: ='CashFlow Statement'!K55+'CashFlow Statement'!K57 -> 90169.535 | L43: ='CashFlow Statement'!L55+'CashFlow Statement'!L57 -> 129531.58 | M43: ='CashFlow Statement'!M55+'CashFlow Statement'!M57 -> 184794.14 | N43: ='CashFlow Statement'!N55+'CashFlow Statement'!N57 -> 254845.04 | O43: ='CashFlow Statement'!O55+'CashFlow Statement'!O57 -> 337666.29
A44: Short-term loans and advances | D44: 2491.33 | E44: 3179.45 | F44: 3586.59 | G44: 2231.34 | H44: 1555.61 | I44: 2248.75 | J44: 39.76 | K44: ='Income statement'!K7*'Balance sheet'!K55 -> 49.627719 | L44: ='Income statement'!L7*'Balance sheet'!L55 -> 59.584529 | M44: ='Income statement'!M7*'Balance sheet'!M55 -> 71.226286 | N44: ='Income statement'!N7*'Balance sheet'!N55 -> 85.141365 | O44: ='Income statement'!O7*'Balance sheet'!O55 -> 102.22367
A45: Other current assets | D45: 603.21 | E45: 822.04 | F45: 1122.96 | G45: 1621.35 | H45: 2612.16 | I45: 3992.87 | J45: =3645.23+4100.86 -> 7746.09 | K45: =K56*'Income statement'!K7 -> 5050.7462 | L45: =L56*'Income statement'!L7 -> 6064.0775 | M45: =M56*'Income statement'!M7 -> 7248.8904 | N45: =N56*'Income statement'!N7 -> 8665.0653 | O45: =O56*'Income statement'!O7 -> 10403.577
A46: Current assets | D46: =SUM(D40:D45) -> 19487.23 | E46: =SUM(E40:E45) -> 23087.01 | F46: =SUM(F40:F45) -> 30706.82 | G46: =SUM(G40:G45) -> 29146.94 | H46: =SUM(H40:H45) -> 31680.13 | I46: =SUM(I40:I45) -> 56007.86 | J46: =SUM(J40:J45) -> 94463.92 | K46: =SUM(K40:K45) -> 136074.4 | ... O46: =SUM(O40:O45) -> 392931.63
A47: Total | D47: =D32+D38+D46 -> 29194.5 | E47: =E32+E38+E46 -> 36470.61 | F47: =F32+F38+F46 -> 58524.93 | G47: =G32+G38+G46 -> 91034.36 | H47: =H32+H38+H46 -> 107682.45 | I47: =I32+I38+I46 -> 130191.11 | J47: =J32+J38+J46 -> 152097.36 | K47: =K32+K38+K46 -> 199787.35 | ... O47: =O32+O38+O46 -> 478282.92
A48: Checksum | D48: =D26-D47 -> 0 | E48: =E26-E47 -> 0 | F48: =F26-F47 -> 0 | G48: =G26-G47 -> 0 | H48: =H26-H47 -> 0 | I48: =I26-I47 -> 0 | J48: =J26-J47 -> 0.23 | K48: =K26-K47 -> 0.23 | ... O48: =O26-O47 -> 0.23
A50: Payable as a % of cost | D50: =D21/('Income statement'!D14+'Income statement'!D16) -> 0.039686219 | E50: =E21/('Income statement'!E14+'Income statement'!E16) -> 0.033612362 | F50: =F21/('Income statement'!F14+'Income statement'!F16) -> 0.038081085 | G50: =G21/('Income statement'!G14+'Income statement'!G16) -> 0.04299655 | H50: =H21/('Income statement'!H14+'Income statement'!H16) -> 0.047060834 | I50: =I21/('Income statement'!I14+'Income statement'!I16) -> 0.070443748 | J50: =J21/('Income statement'!J14+'Income statement'!J16) -> 0.058189442 | K50: 0.0582 | L50: 0.0582 | M50: 0.0582 | N50: 0.0582 | O50: 0.0582
A51: other current liabilities as a % of operating cost | D51: =D22/'Income statement'!D14 -> 0.38852173 | E51: =E22/'Income statement'!E14 -> 0.44252984 | F51: =F22/'Income statement'!F14 -> 0.4310675 | G51: =G22/'Income statement'!G14 -> 0.47110653 | H51: =H22/'Income statement'!H14 -> 0.43647102 | I51: =I22/'Income statement'!I14 -> 0.37453282 | J51: =J22/'Income statement'!J14 -> 0.49488921 | K51: =AVERAGE(D51:J51) -> 0.43415981 | L51: =K51 -> 0.43415981 | M51: =L51 -> 0.43415981 | N51: =M51 -> 0.43415981 | O51: =N51 -> 0.43415981
A52: Short term provisions as a % of operating cost | D52: =D23/'Income statement'!D14 -> 0.48796804 | E52: =E23/'Income statement'!E14 -> 0.010128376 | F52: =F23/'Income statement'!F14 -> 0.011657801 | G52: =G23/'Income statement'!G14 -> 0.13550461 | H52: =H23/'Income statement'!H14 -> 0.035098415 | I52: =I23/'Income statement'!I14 -> 0.11985456 | J52: =J23/'Income statement'!J14 -> 0.0095699615 | K52: 0.0096 | L52: 0.0096 | M52: 0.0096 | N52: 0.0096 | O52: 0.0096
A53: Inventory as % of total expenses | D53: =D41/('Income statement'!D14+'Income statement'!D16) -> 0.016474554 | E53: =E41/('Income statement'!E14+'Income statement'!E16) -> 0.0079295007 | F53: =F41/('Income statement'!F14+'Income statement'!F16) -> 0.0075179622 | G53: =G41/('Income statement'!G14+'Income statement'!G16) -> 0.0075252854 | H53: =H41/('Income statement'!H14+'Income statement'!H16) -> 0.012921773 | I53: =I41/('Income statement'!I14+'Income statement'!I16) -> 0.012043031 | J53: =J41/('Income statement'!J14+'Income statement'!J16) -> 0.012255984 | K53: =AVERAGE(D53:J53) -> 0.010952584 | L53: =K53 -> 0.010952584 | M53: =L53 -> 0.010952584 | N53: =M53 -> 0.010952584 | O53: =N53 -> 0.010952584
A54: Trade receivable as a % of Revenue | D54: =D42/'Income statement'!D7 -> 0.004345467 | E54: =E42/'Income statement'!E7 -> 0.006994138 | F54: =F42/'Income statement'!F7 -> 0.0074455104 | G54: =G42/'Income statement'!G7 -> 0.0080170311 | H54: =H42/'Income statement'!H7 -> 0.0075078978 | I54: =I42/'Income statement'!I7 -> 0.0097345035 | J54: =J42/'Income statement'!J7 -> 0.0085413202 | K54: =AVERAGE(D54:J54) -> 0.0075122669 | L54: =K54 -> 0.0075122669 | M54: =L54 -> 0.0075122669 | N54: =M54 -> 0.0075122669 | O54: =N54 -> 0.0075122669
A55: Short term loans and advances as a %pf sales | D55: =D44/'Income statement'!D7 -> 0.064989748 | E55: =E44/'Income statement'!E7 -> 0.057136465 | F55: =F44/'Income statement'!F7 -> 0.038971415 | G55: =G44/'Income statement'!G7 -> 0.020072173 | H55: =H44/'Income statement'!H7 -> 0.011171077 | I55: =I44/'Income statement'!I7 -> 0.013932854 | J55: =J44/'Income statement'!J7 -> 0.00021398778 | K55: 0.0002 | L55: 0.0002 | M55: 0.0002 | N55: 0.0002 | O55: 0.0002
A56: Other current Assets as a % of sales | D56: =D45/'Income statement'!D7 -> 0.015735557 | E56: =E45/'Income statement'!E7 -> 0.014772511 | F56: =F45/'Income statement'!F7 -> 0.012201936 | G56: =G45/'Income statement'!G7 -> 0.014584966 | H56: =H45/'Income statement'!H7 -> 0.018758327 | I56: =I45/'Income statement'!I7 -> 0.024739111 | J56: =J45/'Income statement'!J7 -> 0.041689352 | K56: =AVERAGE(D56:J56) -> 0.020354537 | L56: =K56 -> 0.020354537 | M56: =L56 -> 0.020354537 | N56: =M56 -> 0.020354537 | O56: =N56 -> 0.020354537
A57: Other long term liabilities as a % of Rental | D57: =D14/'Income statement'!D18 -> 0.15921713 | E57: =E14/'Income statement'!E18 -> 0.26271252 | F57: =F14/'Income statement'!F18 -> 0.42186745 | G57: =G14/'Income statement'!G18 -> 0.63799371 | H57: =H14/'Income statement'!H18 -> 0.874066 | I57: =I14/'Income statement'!I18 -> 0.83275745 | J57: =J14/'Income statement'!J18 -> 0.62210875 | K57: =AVERAGE(G57:J57) -> 0.74173148 | L57: =K57 -> 0.74173148 | M57: =L57 -> 0.74173148 | N57: =M57 -> 0.74173148 | O57: =N57 -> 0.74173148

Sheet Revenue Matrix
A1: Interglobe Aviation
A2: Template
A3: All Data in Millions INR, except per share
A4: (Red=Assumption, Blue=Actual, Black=Calculation)
A5: Date | D5: 40633 | E5: =EOMONTH(D5,12) -> 40999 | F5: =EOMONTH(E5,12) -> 41364 | G5: =EOMONTH(F5,12) -> 41729 | H5: =EOMONTH(G5,12) -> 42094 | I5: =EOMONTH(H5,12) -> 42460 | J5: =EOMONTH(I5,12) -> 42825 | K5: =EOMONTH(J5,12) -> 43190 | L5: =EOMONTH(K5,12) -> 43555 | ... O5: =EOMONTH(N5,12) -> 44651
A6: Year | D6: =YEAR(D5) -> 2011 | E6: =YEAR(E5) -> 2012 | F6: =YEAR(F5) -> 2013 | G6: =YEAR(G5) -> 2014 | H6: =YEAR(H5) -> 2015 | I6: =YEAR(I5) -> 2016 | J6: =YEAR(J5) -> 2017 | K6: =YEAR(K5) -> 2018 | ... O6: =YEAR(O5) -> 2022
A7: Passenger ticket revenue | D7: 33909.86 | E7: 49873.04 | F7: 82666.57 | G7: 99239.83 | H7: 122938.97 | I7: 140624.22 | J7: 161970.72 | K7: ='Assumptions Sheet'!K24 -> 217131.17 | L7: ='Assumptions Sheet'!L24 -> 260557.41 | M7: ='Assumptions Sheet'!M24 -> 312668.89 | N7: ='Assumptions Sheet'!N24 -> 375202.67 | O7: ='Assumptions Sheet'!O24 -> 450243.2
A8: Ancillary Revenue | D8: 4356.65 | E8: 5680.34 | F8: 9253.44 | G8: 11553.32 | H8: 15724.94 | I8: 20019.97 | J8: 22667.58 | K8: ='Assumptions Sheet'!K26 -> 29312.708 | L8: ='Assumptions Sheet'!L26 -> 35175.25 | M8: ='Assumptions Sheet'!M26 -> 40646.956 | N8: ='Assumptions Sheet'!N26 -> 46900.334 | O8: ='Assumptions Sheet'!O26 -> 56280.4
A9: Other operating revenue | D9: 67.69 | E9: 93.22 | F9: 111.29 | G9: 372.69 | H9: 589.45 | I9: 754.89 | J9: =J11-J7-J8 -> 1166.7 | K9: ='Assumptions Sheet'!K28 -> 1694.7101 | L9: ='Assumptions Sheet'!L28 -> 2189.9866 | M9: ='Assumptions Sheet'!M28 -> 2815.5852 | N9: ='Assumptions Sheet'!N28 -> 3603.8239 | O9: ='Assumptions Sheet'!O28 -> 4594.7346
A10: Other Income | D10: ='Assumptions Sheet'!C30 -> 621.93 | E10: ='Assumptions Sheet'!D30 -> 1107.37 | F10: ='Assumptions Sheet'!E30 -> 1439.6 | G10: ='Assumptions Sheet'!F30 -> 2371.04 | H10: ='Assumptions Sheet'!G30 -> 3155.34 | I10: ='Assumptions Sheet'!H30 -> 3945.83 | J10: ='Assumptions Sheet'!I30 -> 4613.93 | K10: ='Assumptions Sheet'!J30 -> 7890.7 | ... O10: ='Assumptions Sheet'!N30 -> 11256.08
A11: Revenue from operations | D11: =SUM(D7:D9) -> 38334.2 | E11: =SUM(E7:E9) -> 55646.6 | F11: =SUM(F7:F9) -> 92031.3 | G11: =SUM(G7:G9) -> 111165.84 | H11: =SUM(H7:H9) -> 139253.36 | I11: =SUM(I7:I9) -> 161399.08 | J11: 185805 | K11: =SUM(K7:K9) -> 248138.59 | L11: =SUM(L7:L9) -> 297922.65 | M11: =SUM(M7:M9) -> 356131.43 | N11: =SUM(N7:N9) -> 425706.83 | O11: =SUM(O7:O9) -> 511118.34
A13: ASK (millions) | D13: 12491 | E13: =16661+1345 -> 18006 | F13: =21263+3714 -> 24977 | G13: =25760+4207 -> 29967 | H13: 35327 | I13: 42826 | J13: 54583 | K13: ='Assumptions Sheet'!K2 -> 65499.6 | L13: ='Assumptions Sheet'!L2 -> 78599.52 | M13: ='Assumptions Sheet'!M2 -> 94319.424 | N13: ='Assumptions Sheet'!N2 -> 113183.31 | O13: ='Assumptions Sheet'!O2 -> 135819.97
A14: No of aircrafts | D14: 39 | E14: 55 | F14: 66 | G14: 77 | H14: 94 | I14: 107 | J14: 131 | K14: ='Assumptions Sheet'!K17 -> 160 | L14: ='Assumptions Sheet'!L17 -> 170.86852 | M14: ='Assumptions Sheet'!M17 -> 205.04223 | N14: ='Assumptions Sheet'!N17 -> 246.05067 | O14: ='Assumptions Sheet'!O17 -> 295.26081
A15: ASK per aircraft | E15: =E13/AVERAGE(D14:E14) -> 383.10638 | F15: =F13/AVERAGE(E14:F14) -> 412.84298 | G15: =G13/AVERAGE(F14:G14) -> 419.11888 | H15: =H13/AVERAGE(G14:H14) -> 413.18129 | I15: =I13/AVERAGE(H14:I14) -> 426.12935 | J15: =J13/AVERAGE(I14:J14) -> 458.68067 | K15: ='Assumptions Sheet'!K20 -> 460 | L15: ='Assumptions Sheet'!L20 -> 460 | M15: ='Assumptions Sheet'!M20 -> 460 | N15: ='Assumptions Sheet'!N20 -> 460 | O15: ='Assumptions Sheet'!O20 -> 460
E16: =E14/D14-1 -> 0.41025641 | F16: =F14/E14-1 -> 0.2 | G16: =G14/F14-1 -> 0.16666667 | H16: =H14/G14-1 -> 0.22077922 | I16: =I14/H14-1 -> 0.13829787 | J16: =J14/I14-1 -> 0.22429907 | K16: =K14/J14-1 -> 0.22137405 | L16: =L14/K14-1 -> 0.067928261 | ... O16: =O14/N14-1 -> 0.2
A17: RPK (millions) | D17: 10634 | E17: =13719+1107 -> 14826 | F17: =17176+3084 -> 20260 | G17: =19701+3435 -> 23136 | H17: 28177 | I17: 35968 | J17: 46288 | K17: ='Assumptions Sheet'!K4 -> 55674.66 | L17: ='Assumptions Sheet'!L4 -> 66809.592 | M17: ='Assumptions Sheet'!M4 -> 80171.51 | N17: ='Assumptions Sheet'!N4 -> 96205.812 | O17: ='Assumptions Sheet'!O4 -> 115446.97
A18: Load Factor | D18: 0.85 | E18: 0.82 | F18: 0.81 | G18: 0.77 | H18: 0.798 | I18: 0.84 | J18: 0.848 | K18: ='Assumptions Sheet'!K5 -> 0.85 | L18: ='Assumptions Sheet'!L5 -> 0.85 | M18: ='Assumptions Sheet'!M5 -> 0.85 | N18: ='Assumptions Sheet'!N5 -> 0.85 | O18: ='Assumptions Sheet'!O5 -> 0.85
A19: Yields (Rs) | D19: 3.19 | E19: 3.36 | F19: 4.08 | G19: 4.29 | H19: =H7/H17 -> 4.3630965 | I19: 3.91 | J19: 3.5 | K19: ='Assumptions Sheet'!K7 -> 3.9 | L19: ='Assumptions Sheet'!L7 -> 3.9 | M19: ='Assumptions Sheet'!M7 -> 3.9 | N19: ='Assumptions Sheet'!N7 -> 3.9 | O19: ='Assumptions Sheet'!O7 -> 3.9 | Q19: =O20 -> 0 | R19: 85
Q20: =100%-Q19 -> 1 | R20: 100
R21: =SUMPRODUCT(R19:R20,Q19:Q20) -> 100

Sheet Debt schedule
A1: Interglobe Aviation
A2: Template
A3: All Data in Millions INR, except per share
A4: (Red=Assumption, Blue=Actual, Black=Calculation)
A5: Date | D5: 40633 | E5: =EOMONTH(D5,12) -> 40999 | F5: =EOMONTH(E5,12) -> 41364 | G5: =EOMONTH(F5,12) -> 41729 | H5: =EOMONTH(G5,12) -> 42094 | I5: =EOMONTH(H5,12) -> 42460 | J5: =EOMONTH(I5,12) -> 42825 | K5: =EOMONTH(J5,12) -> 43190 | L5: =EOMONTH(K5,12) -> 43555 | ... O5: =EOMONTH(N5,12) -> 44651
A6: Year | D6: =YEAR(D5) -> 2011 | E6: =YEAR(E5) -> 2012 | F6: =YEAR(F5) -> 2013 | G6: =YEAR(G5) -> 2014 | H6: =YEAR(H5) -> 2015 | I6: =YEAR(I5) -> 2016 | J6: =YEAR(J5) -> 2017 | K6: =YEAR(K5) -> 2018 | ... O6: =YEAR(O5) -> 2022
A7: Opening Balance | D7: 6603 | E7: =D10 -> 8069.76 | F7: =E10 -> 9055.48 | G7: =F10 -> 16173.32 | H7: =G10 -> 30807.4 | I7: =H10 -> 35884.02 | J7: =I10 -> 29498.61 | K7: =J10 -> 23957.08 | L7: =K10 -> 31580.42 | ... O7: =N10 -> 52844.907
A8: Addition | K8: ='Asset Schedule '!K9 -> 9828 | L8: ='Asset Schedule '!L9 -> 10140 | M8: ='Asset Schedule '!M9 -> 10452 | N8: ='Asset Schedule '!N9 -> 10764 | O8: ='Asset Schedule '!O9 -> 11076
A9: Repayment | K9: =-(2004.66+200) -> -2204.66 | L9: =-(9055.35/4+450+200) -> -2913.8375 | M9: =-(9055.35/4+450*2+200) -> -3363.8375 | N9: =-(9055.35/4+450*3+200) -> -3813.8375 | O9: =-(9055.35/4+450*4+200) -> -4263.8375
A10: Closing Balance | D10: 8069.76 | E10: 9055.48 | F10: 16173.32 | G10: 30807.4 | H10: 35884.02 | I10: 29498.61 | J10: 23957.08 | K10: =SUM(K7:K9) -> 31580.42 | L10: =SUM(L7:L9) -> 38806.582 | M10: =SUM(M7:M9) -> 45894.745 | N10: =SUM(N7:N9) -> 52844.907 | O10: =SUM(O7:O9) -> 59657.07
A12: Finance cost | D12: 449.91 | E12: 514.27 | F12: 578.01 | G12: 1225.77 | H12: 1155.32 | I12: 1348.53 | J12: 1348.53 | K12: =AVERAGE(K7,K10)*K13 -> 1527.2812 | L12: =AVERAGE(L7,L10)*L13 -> 2111.6101 | M12: =AVERAGE(M7,M10)*M13 -> 2541.0398 | N12: =AVERAGE(N7,N10)*N13 -> 2962.1896 | O12: =AVERAGE(O7,O10)*O13 -> 3375.0593
A13: Interest Rate | D13: =D12/AVERAGE(D7,D10) -> 0.061325886 | E13: =E12/AVERAGE(E7,E10) -> 0.060059888 | F13: =F12/AVERAGE(F7,F10) -> 0.045821442 | G13: =G12/AVERAGE(G7,G10) -> 0.052181831 | H13: =H12/AVERAGE(H7,H10) -> 0.034646736 | I13: =I12/AVERAGE(I7,I10) -> 0.041250405 | J13: =J12/AVERAGE(J7,J10) -> 0.050454124 | K13: 0.055 | L13: 0.06 | M13: 0.06 | N13: 0.06 | O13: 0.06

Sheet Incentive
A1: Interglobe Aviation
A2: Template
A3: All Data in Millions INR, except per share
A4: (Red=Assumption, Blue=Actual, Black=Calculation)
A5: Date | D5: 40633 | E5: =EOMONTH(D5,12) -> 40999 | F5: =EOMONTH(E5,12) -> 41364 | G5: =EOMONTH(F5,12) -> 41729 | H5: =EOMONTH(G5,12) -> 42094 | I5: =EOMONTH(H5,12) -> 42460 | J5: =EOMONTH(I5,12) -> 42825 | K5: =EOMONTH(J5,12) -> 43190 | L5: =EOMONTH(K5,12) -> 43555 | ... O5: =EOMONTH(N5,12) -> 44651
A6: Year | D6: =YEAR(D5) -> 2011 | E6: =YEAR(E5) -> 2012 | F6: =YEAR(F5) -> 2013 | G6: =YEAR(G5) -> 2014 | H6: =YEAR(H5) -> 2015 | I6: =YEAR(I5) -> 2016 | J6: =YEAR(J5) -> 2017 | K6: =YEAR(K5) -> 2018 | ... O6: =YEAR(O5) -> 2022
A7: Long-term deferred incentives | D7: 4678.16 | E7: 8748.39 | F7: 11677.54 | G7: 13654.32 | H7: 13317.44 | I7: 11778.16 | J7: 16899.9 | K7: =J7+K12-K8 -> 22271.942 | L7: =K7+L12-L8 -> 17591.191 | M7: =L7+M12-M8 -> 24897.583 | N7: =M7+N12-N8 -> 32074.23 | O7: =N7+O12-O8 -> 39763.411
A8: Short-term deferred incentives | D8: 2220.83 | E8: 3055.37 | F8: 3626.58 | G8: 3878.42 | H8: 4199.02 | I8: 4054.07 | J8: 4937.83 | K8: =J7*K16 -> 7097.958 | L8: =K7*L16 -> 9354.2156 | M8: =L7*M16 -> 7388.3001 | N8: =M7*N16 -> 10456.985 | O8: =N7*O16 -> 13471.177
A10: Additional Aircraft | E10: ='Revenue Matrix'!E14-'Revenue Matrix'!D14 -> 16 | F10: ='Revenue Matrix'!F14-'Revenue Matrix'!E14 -> 11 | G10: ='Revenue Matrix'!G14-'Revenue Matrix'!F14 -> 11 | H10: ='Revenue Matrix'!H14-'Revenue Matrix'!G14 -> 17 | I10: ='Revenue Matrix'!I14-'Revenue Matrix'!H14 -> 13 | J10: ='Revenue Matrix'!J14-'Revenue Matrix'!I14 -> 24 | K10: ='Revenue Matrix'!K14-'Revenue Matrix'!J14 -> 29 | L10: ='Revenue Matrix'!L14-'Revenue Matrix'!K14 -> 10.868522 | ... O10: ='Revenue Matrix'!O14-'Revenue Matrix'!N14 -> 49.210134
A12: Additional incentive | E12: =E7-D7+E8 -> 7125.6 | F12: =F7-E7+F8 -> 6555.73 | G12: =G7-F7+G8 -> 5855.2 | H12: =H7-G7+H8 -> 3862.14 | I12: =I7-H7+I8 -> 2514.79 | J12: =J7-I7+J8 -> 10059.57 | K12: =K10*K14 -> 12470 | L12: =L10*L14 -> 4673.4643 | M12: =M10*M14 -> 14694.693 | N12: =N10*N14 -> 17633.631 | O12: =O10*O14 -> 21160.358
A14: Incentive per aircraft | E14: =E12/E10 -> 445.35 | F14: =F12/F10 -> 595.97545 | G14: =G12/G10 -> 532.29091 | H14: =H12/H10 -> 227.18471 | I14: =I12/I10 -> 193.44538 | J14: =J12/J10 -> 419.14875 | K14: 430 | L14: 430 | M14: 430 | N14: 430 | O14: 430
A16: Short -term as a % of Long term | E16: =E8/D7 -> 0.65311362 | F16: =F8/E7 -> 0.41454256 | G16: =G8/F7 -> 0.33212646 | H16: =H8/G7 -> 0.30752319 | I16: =I8/H7 -> 0.30441812 | J16: =J8/I7 -> 0.41923611 | K16: 0.42 | L16: 0.42 | M16: 0.42 | N16: 0.42 | O16: 0.42

Sheet CashFlow Statement
A1: Interglobe Aviation
A2: Template
A3: All Data in Millions INR, except per share
A4: (Red=Assumption, Blue=Actual, Black=Calculation)
A5: Date | D5: 40633 | E5: =EOMONTH(D5,12) -> 40999 | F5: =EOMONTH(E5,12) -> 41364 | G5: =EOMONTH(F5,12) -> 41729 | H5: =EOMONTH(G5,12) -> 42094 | I5: =EOMONTH(H5,12) -> 42460 | J5: =EOMONTH(I5,12) -> 42825 | K5: =EOMONTH(J5,12) -> 43190 | L5: =EOMONTH(K5,12) -> 43555 | ... O5: =EOMONTH(N5,12) -> 44651
A6: Year | D6: =YEAR(D5) -> 2011 | E6: =YEAR(E5) -> 2012 | F6: =YEAR(F5) -> 2013 | G6: =YEAR(G5) -> 2014 | H6: =YEAR(H5) -> 2015 | I6: =YEAR(I5) -> 2016 | J6: =YEAR(J5) -> 2017 | K6: =YEAR(K5) -> 2018 | ... O6: =YEAR(O5) -> 2022
A7: Cash flows from operating activities
A8: Net profit before tax | D8: 7147.5 | E8: 749.04 | F8: 9873.18 | G8: 4718.97 | H8: 18465.23 | I8: 28289.5 | J8: 21442.99 | K8: ='Income statement'!K25 -> 49311.336 | L8: ='Income statement'!L25 -> 55189.799 | M8: ='Income statement'!M25 -> 67886.166 | N8: ='Income statement'!N25 -> 81069.83 | O8: ='Income statement'!O25 -> 97575.946
A9: Adjustments for:
A10: Depreciation and amortisation | D10: 628.7 | E10: 665.23 | F10: 856.2 | G10: 2260.08 | H10: 3022.14 | I10: 5030.79 | J10: 4572.53 | K10: ='Income statement'!K22 -> 4186.492 | L10: ='Income statement'!L22 -> 4809.7754 | M10: ='Income statement'!M22 -> 5383.5817 | N10: ='Income statement'!N22 -> 5921.2152 | O10: ='Income statement'!O22 -> 6431.0802
A11: Provisions | D11: =30.5+37.38 -> 67.88 | E11: =42.34+1.17+11.61 -> 55.12 | F11: =58.93-0.42+70.68 -> 129.19 | G11: =62.73+0.24+23.71 -> 86.68 | H11: =63.37+71.45+21.34 -> 156.16 | I11: =82.48+31.62 -> 114.1 | J11: =286.55+1670.58 -> 1957.13 | K11: - | L11: - | M11: - | N11: - | O11: -
A12: Loss / (profit) on sale of fixed asset (net) | D12: -222.48 | E12: 1.07 | F12: 0.6 | G12: -0.66 | H12: 0.13 | I12: -0.4 | J12: -24.58 | K12: - | L12: - | M12: - | N12: - | O12: -
A13: Interest expense | D13: 143.47 | E13: 143.98 | F13: 178.92 | G13: 192.87 | H13: 107.29 | I13: 137.99 | J13: 179.98 | K13: ='Income statement'!K24 -> 1527.2812 | L13: ='Income statement'!L24 -> 2111.6101 | M13: ='Income statement'!M24 -> 2541.0398 | N13: ='Income statement'!N24 -> 2962.1896 | O13: ='Income statement'!O24 -> 3375.0593
A14: Finance lease charges | D14: 300.35 | E14: 313.18 | F14: 364.29 | G14: 826.57 | H14: 929.36 | I14: 1019.02 | J14: 1298.99 | K14: - | L14: - | M14: - | N14: - | O14: -
A15: Interest income on fixed deposits | D15: -333.38 | E15: -804.44 | F15: -1419.6 | G15: -1868.62 | H15: -2703.77 | I15: -3687.41 | J15: =-3913.27-488.02 -> -4401.29 | K15: - | L15: - | M15: - | N15: - | O15: -
A16: Net gain on sale of current investments | D16: -11.12 | E16: -18.31 | F16: -257.96 | G16: -639.28 | H16: -1035.88 | I16: -372.31 | J16: -1221.27 | K16: - | L16: - | M16: - | N16: - | O16: -
A17: Dividend from current investments | D17: -382.56 | E17: -384.25 | F17: -328.81 | G17: -355.65 | H17: 0 | I17: 0 | J17: -546.42 | K17: - | L17: - | M17: - | N17: - | O17: -
A18: Others | D18: =45.22+0.62+63.48-5.75 -> 103.57 | E18: =50.58+17.11+7.88-4.87+1.47 -> 72.17 | F18: =44.5+126-1.03+3 -> 172.47 | G18: =26.37+1+563+0.17 -> 590.54 | H18: =-107.78-1.12+0.9+0.18+1192.08 -> 1084.26 | I18: =-69.34+51.72+2.1+4.26+2057.93+677.07 -> 2723.74 | J18: =-414.93-2152.27+535.97+47.46+9.09-861.8+504.89 -> -2331.59 | K18: ='Balance sheet'!K16-'Balance sheet'!J16 -> 5372.042 | L18: ='Balance sheet'!L16-'Balance sheet'!K16 -> -4680.7513 | M18: ='Balance sheet'!M16-'Balance sheet'!L16 -> 7306.3928 | N18: ='Balance sheet'!N16-'Balance sheet'!M16 -> 7176.6464 | O18: ='Balance sheet'!O16-'Balance sheet'!N16 -> 7689.1812
A19: Operating profit before working capital changes | D19: =SUM(D8:D18) -> 7441.93 | E19: =SUM(E8:E18) -> 792.79 | F19: =SUM(F8:F18) -> 9568.48 | G19: =SUM(G8:G18) -> 5811.5 | H19: =SUM(H8:H18) -> 20024.92 | I19: =SUM(I8:I18) -> 33255.02 | J19: =SUM(J8:J18) -> 20926.47 | K19: =SUM(K8:K18) -> 60397.152 | ... O19: =SUM(O8:O18) -> 115071.27
A20: Adjustment for:
A21: (Increase)/decrease in trade receivables | D21: 13.94 | E21: -220.89 | F21: -296.16 | G21: -210.46 | H21: -224.56 | I21: -530.72 | J21: -21.45 | K21: ='Balance sheet'!J42-'Balance sheet'!K42 -> -277.06332 | L21: ='Balance sheet'!K42-'Balance sheet'!L42 -> -373.99109 | M21: ='Balance sheet'!L42-'Balance sheet'!M42 -> -437.27993 | N21: ='Balance sheet'!M42-'Balance sheet'!N42 -> -522.66893 | O21: ='Balance sheet'!N42-'Balance sheet'!O42 -> -641.63406
A22: (Increase)/decrease in inventories | D22: -143.95 | E22: 61.26 | F22: -219.55 | G22: -173.82 | H22: -654.02 | I22: 6.72 | J22: -868.68 | K22: ='Balance sheet'!J41-'Balance sheet'!K41 -> -174.81107 | L22: ='Balance sheet'!K41-'Balance sheet'!L41 -> -415.53686 | M22: ='Balance sheet'!L41-'Balance sheet'!M41 -> -377.42504 | N22: ='Balance sheet'!M41-'Balance sheet'!N41 -> -536.19946 | O22: ='Balance sheet'!N41-'Balance sheet'!O41 -> -650.31325
A23: (Increase)/decrease in loans and advances and other assets | D23: -496.23 | E23: -1743.87 | F23: -1314.42 | G23: 390.88 | H23: 2.01 | I23: -3013.81 | J23: -2432.46 | K23: =('Balance sheet'!J44-'Balance sheet'!K44)+('Balance sheet'!J45-'Balance sheet'!K45) -> 2685.4761 | L23: =('Balance sheet'!K44-'Balance sheet'!L44)+('Balance sheet'!K45-'Balance sheet'!L45) -> -1023.2882 | M23: =('Balance sheet'!L44-'Balance sheet'!M44)+('Balance sheet'!L45-'Balance sheet'!M45) -> -1196.4546 | N23: =('Balance sheet'!M44-'Balance sheet'!N44)+('Balance sheet'!M45-'Balance sheet'!N45) -> -1430.09 | O23: =('Balance sheet'!N44-'Balance sheet'!O44)+('Balance sheet'!N45-'Balance sheet'!O45) -> -1755.5941
A24: Increase/(decrease) in trade payables, other liabilities and provisions | D24: 2107.84 | E24: 5596.75 | F24: 8157.12 | G24: 9004.11 | H24: 8607.22 | I24: 8842.66 | J24: 17338.75 | K24: =('Balance sheet'!K21-'Balance sheet'!J21)+('Balance sheet'!K22-'Balance sheet'!J22)+('Balance sheet'!K23-'Balance sheet'!J23) -> 803.14466 | L24: =('Balance sheet'!L21-'Balance sheet'!K21)+('Balance sheet'!L22-'Balance sheet'!K22)+('Balance sheet'!L23-'Balance sheet'!K23) -> 9688.5279 | M24: =('Balance sheet'!M21-'Balance sheet'!L21)+('Balance sheet'!M22-'Balance sheet'!L22)+('Balance sheet'!M23-'Balance sheet'!L23) -> 10866.1 | N24: =('Balance sheet'!N21-'Balance sheet'!M21)+('Balance sheet'!N22-'Balance sheet'!M22)+('Balance sheet'!N23-'Balance sheet'!M23) -> 13544.951 | O24: =('Balance sheet'!O21-'Balance sheet'!N21)+('Balance sheet'!O22-'Balance sheet'!N22)+('Balance sheet'!O23-'Balance sheet'!N23) -> 16676.722
A25: Increase/(decrease) in deferred incentives | D25: 1118.54 | E25: 4841.78 | F25: 3369.28 | G25: 2208.21 | H25: 34.51 | I25: -1807.96 | J25: 7119.03 | K25: ='Balance sheet'!K24-'Balance sheet'!J24 -> 2160.128 | L25: ='Balance sheet'!L24-'Balance sheet'!K24 -> 2256.2576 | M25: ='Balance sheet'!M24-'Balance sheet'!L24 -> -1965.9155 | N25: ='Balance sheet'!N24-'Balance sheet'!M24 -> 3068.685 | O25: ='Balance sheet'!O24-'Balance sheet'!N24 -> 3014.1915
A26: Cash generated from operating activities | D26: =SUM(D21:D25)+D19 -> 10042.07 | E26: =SUM(E21:E25)+E19 -> 9327.82 | F26: =SUM(F21:F25)+F19 -> 19264.75 | G26: =SUM(G21:G25)+G19 -> 17030.42 | H26: =SUM(H21:H25)+H19 -> 27790.08 | I26: =SUM(I21:I25)+I19 -> 36751.91 | J26: =SUM(J21:J25)+J19 -> 42061.66 | K26: =SUM(K21:K25)+K19 -> 65594.026 | ... O26: =SUM(O21:O25)+O19 -> 131714.64
A27: Taxes paid | D27: -1322.23 | E27: -371.13 | F27: -1851.53 | G27: -1075.42 | H27: -3951.24 | I27: -5761.16 | J27: -4240.96 | K27: ='Income statement'!K26 -> -10601.937 | L27: ='Income statement'!L26 -> -11865.807 | M27: ='Income statement'!M26 -> -14595.526 | N27: ='Income statement'!N26 -> -17430.013 | O27: ='Income statement'!O26 -> -20978.828
A28: Net cash generated from operating activities | D28: =D26+D27 -> 8719.84 | E28: =E26+E27 -> 8956.69 | F28: =F26+F27 -> 17413.22 | G28: =G26+G27 -> 15955 | H28: =H26+H27 -> 23838.84 | I28: =I26+I27 -> 30990.75 | J28: =J26+J27 -> 37820.7 | K28: =K26+K27 -> 54992.089 | ... O28: =O26+O27 -> 110735.81
A29: Change in Working Capital | D29: =SUM(D21:D25) -> 2600.14 | E29: =SUM(E21:E25) -> 8535.03 | F29: =SUM(F21:F25) -> 9696.27 | G29: =SUM(G21:G25) -> 11218.92 | H29: =SUM(H21:H25) -> 7765.16 | I29: =SUM(I21:I25) -> 3496.89 | J29: =SUM(J21:J25) -> 21135.19 | K29: =SUM(K21:K25) -> 5196.8744 | ... O29: =SUM(O21:O25) -> 16643.372
A30: Cash flows from investing activities
A31: Purchase of fixed assets (including capital advances), net of cash incentives | D31: -2133.12 | E31: -331.74 | F31: -9155.68 | G31: -23241.67 | H31: -10171.15 | I31: -2319.9 | J31: -2372.38 | K31: =-'Asset Schedule '!K9-'Asset Schedule '!K22 -> -10266 | L31: =-'Asset Schedule '!L9-'Asset Schedule '!L22 -> -10578 | M31: =-'Asset Schedule '!M9-'Asset Schedule '!M22 -> -10890 | N31: =-'Asset Schedule '!N9-'Asset Schedule '!N22 -> -11202 | O31: =-'Asset Schedule '!O9-'Asset Schedule '!O22 -> -11514
A32: Proceeds from sale of fixed assets | D32: 1657.02 | E32: 0.74 | F32: 2.56 | G32: 4.56 | H32: 1.63 | I32: 1.62 | J32: 6132.3 | K32: - | L32: - | M32: - | N32: - | O32: -
A33: Purchase/Sale of investment | D33: =-106291.94+104851.47-4835.26+85.32 -> -6190.41 | E33: =-3212.69-771-45218.79+48025.37 -> -1177.11 | F33: =-1446.78-3842.08-64831.09+58939.45 -> -11180.5 | G33: =2051.49-8907.53-71175.76+70483.47 -> -7548.33 | H33: =-7617.43-1504.44-65074.52+73657.73 -> -538.66 | I33: =-11606.71+1578.62-59387.98+55186.61 -> -14229.46 | J33: =-15661.24+3567.53-126733.58+101228.56 -> -37598.73 | K33: - | L33: - | M33: - | N33: - | O33: -
A34: Interest received | D34: 200.51 | E34: 657.27 | F34: 1107.94 | G34: 1292 | H34: 1303.12 | I34: 3285.8 | J34: 3460.24 | K34: - | L34: - | M34: - | N34: - | O34: -
A35: Dividend received | D35: 382.56 | E35: 384.25 | F35: 328.81 | G35: 355.65 | H35: 0 | I35: 0 | J35: 0 | K35: - | L35: - | M35: - | N35: - | O35: -
A36: Net cash (used) in investing activities | D36: =SUM(D31:D35) -> -6083.44 | E36: =SUM(E31:E35) -> -466.59 | F36: =SUM(F31:F35) -> -18896.87 | G36: =SUM(G31:G35) -> -29137.79 | H36: =SUM(H31:H35) -> -9405.06 | I36: =SUM(I31:I35) -> -13261.94 | J36: =SUM(J31:J35) -> -30378.57 | K36: =SUM(K31:K35) -> -10266 | ... O36: =SUM(O31:O35) -> -11514
A38: Cash flows from financing activities
A39: Proceeds/Repayment from Loans | D39: =3428.19-3690.62 -> -262.43 | E39: =2934.99-2475.73-678.6 -> -219.34 | F39: =10301.45-3031.95 -> 7269.5 | G39: =18153.29-4515.8 -> 13637.49 | H39: =8137.45-4320.32 -> 3817.13 | I39: =843.7-11084.9 -> -10241.2 | J39: =676.61-7526.39 -> -6849.78 | K39: ='Debt schedule'!K8+'Debt schedule'!K9 -> 7623.34 | L39: ='Debt schedule'!L8+'Debt schedule'!L9 -> 7226.1625 | M39: ='Debt schedule'!M8+'Debt schedule'!M9 -> 7088.1625 | N39: ='Debt schedule'!N8+'Debt schedule'!N9 -> 6950.1625 | O39: ='Debt schedule'!O8+'Debt schedule'!O9 -> 6812.1625
A40: Interest paid | D40: -143.47 | E40: -143.98 | F40: -169.14 | G40: -185.86 | H40: -100.46 | I40: -123.76 | J40: -168.77 | K40: =-K13 -> -1527.2812 | L40: =-L13 -> -2111.6101 | M40: =-M13 -> -2541.0398 | N40: =-N13 -> -2962.1896 | O40: =-O13 -> -3375.0593
A41: Change in other long term liabilities | K41: ='Balance sheet'!K14-'Balance sheet'!J14 -> 8247.2887 | L41: ='Balance sheet'!L14-'Balance sheet'!K14 -> 6169.2819 | M41: ='Balance sheet'!M14-'Balance sheet'!L14 -> 7155.2641 | N41: ='Balance sheet'!N14-'Balance sheet'!M14 -> 8471.4734 | O41: ='Balance sheet'!O14-'Balance sheet'!N14 -> 10289.85
A42: Finance lease charges paid | D42: -302.35 | E42: -312.73 | F42: -363.12 | G42: -603.2 | H42: -669.67 | I42: -701.57 | J42: -478.79 | K42: - | L42: - | M42: - | N42: - | O42: -
A43: Proceed from Share issue | D43: 0 | E43: 0 | F43: 0 | G43: 0 | H43: 0 | I43: 166.41 | J43: 11.11 | K43: - | L43: - | M43: - | N43: - | O43: -
A44: Securities Premium | D44: 0 | E44: 0 | F44: 0 | G44: 0 | H44: 0 | I44: 11971.74 | J44: 0 | K44: - | L44: - | M44: - | N44: - | O44: -
A45: Repayment of share capital | D45: -2012.43 | E45: 0 | F45: 0 | G45: 0 | H45: 0 | I45: 0 | J45: 0 | K45: - | L45: - | M45: - | N45: - | O45: -
A46: Dividend paid | D46: 0 | E46: -4904.31 | F46: -5486.38 | G46: 0 | H46: -13575.3 | I46: -11026.49 | J46: -5422.03 | K46: =-'Cost Matrix'!K46 -> -12650.086 | L46: =-'Cost Matrix'!L46 -> -14158.118 | M46: =-'Cost Matrix'!M46 -> -17415.181 | N46: =-'Cost Matrix'!N46 -> -20797.253 | O46: =-'Cost Matrix'!O46 -> -25031.65
A47: Tax paid on dividends | D47: 0 | E47: -795.59 | F47: -890.03 | G47: 0 | H47: -2552.83 | I47: -2244.77 | J47: -1103.8 | K47: =-'Cost Matrix'!K47 -> -2575.2652 | L47: =-'Cost Matrix'!L47 -> -2882.2655 | M47: =-'Cost Matrix'!M47 -> -3545.3283 | N47: =-'Cost Matrix'!N47 -> -4233.84 | O47: =-'Cost Matrix'!O47 -> -5095.8654
A48: Net cash generated from / (used in) financing activities | D48: =SUM(D39:D47) -> -2720.68 | E48: =SUM(E39:E47) -> -6375.95 | F48: =SUM(F39:F47) -> 360.83 | G48: =SUM(G39:G47) -> 12848.43 | H48: =SUM(H39:H47) -> -13081.13 | I48: =SUM(I39:I47) -> -12199.64 | J48: =SUM(J39:J47) -> -14012.06 | K48: =SUM(K39:K47) -> -882.00371 | ... O48: =SUM(O39:O47) -> -16400.563
A50: Net increase / (decrease) in cash and cash equivalents during the year / period | D50: =D28+D36+D48 -> -84.28 | E50: =E28+E36+E48 -> 2114.15 | F50: =F28+F36+F48 -> -1122.82 | G50: =G28+G36+G48 -> -334.36 | H50: =H28+H36+H48 -> 1352.65 | I50: =I28+I36+I48 -> 5529.17 | J50: =J28+J36+J48 -> -6569.93 | K50: =K28+K36+K48 -> 43844.085 | ... O50: =O28+O36+O48 -> 82821.248
A52: Effect of exchange rate difference on cash and cash equivalents held in foreign currency | D52: 0 | E52: 4.39 | F52: -6.14 | G52: -4.72 | H52: 8.4 | I52: 57.02 | J52: 47.44
A54: Opening Balance | D54: 540.31 | E54: 456.03 | F54: 2574.67 | G54: 1445.5 | H54: 1106.44 | I54: 2467.49 | J54: 8053.68 | K54: =J55 -> 1531.19 | L54: =K55 -> 45375.275 | M54: =L55 -> 84737.322 | N54: =M55 -> 139999.88 | O54: =N55 -> 210050.78
A55: Closing Balance | D55: =D54+D52+D50 -> 456.03 | E55: =E54+E52+E50 -> 2574.57 | F55: =F54+F52+F50 -> 1445.71 | G55: =G54+G52+G50 -> 1106.42 | H55: =H54+H52+H50 -> 2467.49 | I55: =I54+I52+I50 -> 8053.68 | J55: =J54+J52+J50 -> 1531.19 | K55: =K54+K50 -> 45375.275 | L55: =L54+L50 -> 84737.322 | M55: =M54+M50 -> 139999.88 | N55: =N54+N50 -> 210050.78 | O55: =O54+O50 -> 292872.03
A57: Deposits | J57: ='Balance sheet'!J43-'CashFlow Statement'!J55 -> 44794.26 | K57: =J57 -> 44794.26 | L57: =K57 -> 44794.26 | M57: =L57 -> 44794.26 | N57: =M57 -> 44794.26 | O57: =N57 -> 44794.26

Sheet ATF fuel
A1: Month | B1: Delhi | C1: Kolkata | D1: Mumbai | E1: Chennai | F1: Average | I1: ATF Price (Rs) | J1: Brent ($) | K1: US Oil ($)
A2: December 01,2017 | B2: 57349 | C2: 61699 | D2: 56636 | E2: 60258 | F2: =AVERAGE(B2:E2) -> 58985.5 | G2: 131 | H2: =INDIRECT("A"&G2) -> April 01, 2010 | I2: =INDIRECT("F"&G2) -> 44361.803 | J2: 82.63 | K2: 84.53 | L2: 50873 | M2: 2017 | O2: =L2/1000 -> 50.873 | Q2: =AVERAGE(F2:F23) -> 50873.203
A3: November 01,2017 | B3: 54143 | C3: 58478 | D3: 53430 | E3: 56934 | F3: =AVERAGE(B3:E3) -> 55746.25 | G3: =G2-1 -> 130 | H3: =INDIRECT("A"&G4) -> May 01, 2010 | I3: =INDIRECT("F"&G4) -> 46016.395 | J3: 88.09 | K3: 86.19 | L3: 47277.21 | M3: 2016 | O3: =L3/1000 -> 47.27721
A4: October 01,2017 | B4: 53045 | C4: 57337 | D4: 52318 | E4: 55770 | F4: =AVERAGE(B4:E4) -> 54617.5 | G4: =G3-1 -> 129 | H4: =INDIRECT("A"&G6) -> June 01, 2010 | I4: =INDIRECT("F"&G6) -> 42951.23 | J4: 73.08 | K4: 72.7 | L4: 68370.447 | M4: 2015 | O4: =L4/1000 -> 68.370447
A5: September 01,2017 | B5: 50020 | C5: 54416 | D5: 49383 | E5: 52740 | F5: =AVERAGE(B5:E5) -> 51639.75 | G5: =G4-1 -> 128 | H5: =INDIRECT("A"&G8) -> July 01, 2010 | I5: =INDIRECT("F"&G8) -> 45016.693 | J5: 71.73 | K5: 72.95 | L5: 75749.376 | M5: 2014 | O5: =L5/1000 -> 75.749376
A6: August 01, 2017 | B6: 48,110 .00 | C6: 52535 | D6: 47459 | E6: 50784 | F6: =AVERAGE(B6:E6) -> 50259.333 | G6: =G5-1 -> 127 | H6: =INDIRECT("A"&G10) -> August 01, 2010 | I6: =INDIRECT("F"&G10) -> 44697.147 | J6: 81.93 | K6: 81.25 | L6: 70800.462 | M6: 2013 | O6: =L6/1000 -> 70.800462
A7: July 01, 2017 | B7: 47013 | C7: 51491 | D7: 46376 | E7: 49705 | F7: =AVERAGE(B7:E7) -> 48646.25 | G7: =G6-1 -> 126 | H7: =INDIRECT("A"&G12) -> September 01, 2010 | I7: =INDIRECT("F"&G12) -> 43596.4 | J7: 75.53 | K7: 73.97 | L7: 63783.688 | M7: 2012 | O7: =L7/1000 -> 63.783688
A8: June 01, 2017 | B8: 49730 | C8: 54463 | D8: 49115 | E8: 52461 | F8: =AVERAGE(B8:E8) -> 51442.25 | G8: =G7-1 -> 125 | H8: =INDIRECT("A"&G14) -> October 01, 2010 | I8: =INDIRECT("F"&G14) -> 44195.268 | J8: 82.69 | K8: 81.57 | L8: 47800.881 | M8: 2011 | O8: =L8/1000 -> 47.800881
A9: May 01, 2017 | B9: 51696 | C9: 56430 | D9: 51110 | E9: 54505 | F9: =AVERAGE(B9:E9) -> 53435.25 | G9: =G8-1 -> 124 | H9: =INDIRECT("A"&G16) -> November 01, 2010 | I9: =INDIRECT("F"&G16) -> 45777 | J9: 84.06 | K9: 82.94
A10: April 01, 2017 | B10: 51482 | C10: 56268 | D10: 50896 | E10: 54324 | F10: =AVERAGE(B10:E10) -> 53242.5 | G10: =G9-1 -> 123 | H10: =INDIRECT("A"&G18) -> December 01, 2010 | I10: =INDIRECT("F"&G18) -> 47892.115 | J10: 88.56 | K10: 86.75
A11: March 01,2017 | B11: 54293.38 | C11: 59178.78 | D11: 53663.58 | E11: 57283.86 | F11: =AVERAGE(B11:E11) -> 56104.9 | G11: =G10-1 -> 122 | H11: =INDIRECT("A"&G20) -> January 01, 2011 | I11: =INDIRECT("F"&G20) -> 50576.88 | J11: 95.82 | K11: 91.59
A12: February 01,2017 | B12: 54079.63 | C12: 58822.53 | D12: 53407.08 | E12: 56960.33 | F12: =AVERAGE(B12:E12) -> 55817.393 | G12: =G11-1 -> 121 | H12: =INDIRECT("A"&G22) -> February 01, 2011 | I12: =INDIRECT("F"&G22) -> 53872.265 | J12: 100.4 | K12: 89.54
A13: January 01, 2017 | B13: 52540.63 | C13: 57215.61 | D13: 51776.88 | E13: 55322.55 | F13: =AVERAGE(B13:E13) -> 54213.917 | G13: =G12-1 -> 120 | H13: =INDIRECT("A"&G24) -> March 01, 2011 | I13: =INDIRECT("F"&G24) -> 58021.292 | J13: 113.34 | K13: 99.63
A14: December 01,2016 | B14: 48379.63 | C14: 53011.86 | D14: 47601.63 | E14: 50998.98 | F14: =AVERAGE(B14:E14) -> 49998.025 | G14: =G13-1 -> 119 | H14: =INDIRECT("A"&G26) -> April 01, 2011 | I14: =INDIRECT("F"&G26) -> 62458.097 | J14: 118.63 | K14: 107.55
A15: November 01,2016 | B15: 50260.63 | C15: 54921.36 | D15: 49482.63 | E15: 52940.19 | F15: =AVERAGE(B15:E15) -> 51901.202 | G15: =G14-1 -> 118 | H15: =INDIRECT("A"&G28) -> May 01, 2011 | I15: =INDIRECT("F"&G28) -> 63967.75 | J15: 121.55 | K15: 113.03
A16: October 01,2016 | B16: 46826.38 | C16: 51562.45 | D16: 45933.21 | E16: 49447.19 | F16: =AVERAGE(B16:E16) -> 48442.307 | G16: =G15-1 -> 117 | H16: =INDIRECT("A"&G30) -> June 01, 2011 | I16: =INDIRECT("F"&G30) -> 59747.973 | J16: 115.09 | K16: 100.3
A17: September 01,2016 | B17: 45411.18 | C17: 50265.7 | D17: 44418.05 | E17: 48108.95 | F17: =AVERAGE(B17:E17) -> 47050.97 | G17: =G16-1 -> 116 | H17: =INDIRECT("A"&G32) -> July 01, 2011 | I17: =INDIRECT("F"&G32) -> 59498.082 | J17: 113.55 | K17: 94.81
A18: August 01,2016 | B18: 47206.68 | C18: 52089.7 | D18: 46242.05 | E18: 49991.32 | F18: =AVERAGE(B18:E18) -> 48882.438 | G18: =G17-1 -> 115 | H18: =INDIRECT("A"&G34) -> August 01, 2011 | I18: =INDIRECT("F"&G34) -> 61142.5 | J18: 113.74 | K18: 94.98
A19: July 01,2016 | B19: 49287.18 | C19: 54114.43 | D19: 48322.55 | E19: 52110.63 | F19: =AVERAGE(B19:E19) -> 50958.698 | G19: =G18-1 -> 114 | H19: =INDIRECT("A"&G36) -> September 01, 2011 | I19: =INDIRECT("F"&G36) -> 59492 | J19: 117.5 | K19: 88.93
A20: June 01,2016 | B20: 46729.48 | C20: 51492.43 | D20: 45700.55 | E20: 49404.73 | F20: =AVERAGE(B20:E20) -> 48331.798 | G20: =G19-1 -> 113 | H20: =INDIRECT("A"&G38) -> October 01, 2011 | I20: =INDIRECT("F"&G38) -> 61886.75 | J20: 104.38 | K20: 77.34
A21: May 01,2016 | B21: 42784.01 | C21: 47561.18 | D21: 41756.16 | E21: 45346.82 | F21: =AVERAGE(B21:E21) -> 44362.043 | G21: =G20-1 -> 112 | H21: =INDIRECT("A"&G41) -> November 01, 2011 | I21: =INDIRECT("F"&G41) -> 64490.415 | J21: 112.22 | K21: 92.19
A22: April 09,2016 | B22: - | C22: - | D22: 41171.91 | E22: - | F22: =AVERAGE(B22:E22) -> 41171.91 | G22: =G21-1 -> 111 | H22: =INDIRECT("A"&G43) -> December 01, 2011 | I22: =INDIRECT("F"&G43) -> 68172.65 | J22: 110.16 | K22: 100.2
A23: April 01,2016 | B23: 42157.01 | C23: 47094.08 | D23: 41768.99 | E23: 44821.08 | F23: =AVERAGE(B23:E23) -> 43960.29 | G23: =G22-1 -> 110 | H23: =INDIRECT("A"&G45) -> January 01, 2012 | I23: =INDIRECT("F"&G45) -> 66600.057 | J23: 111.07 | K23: 102.96
A24: March 10,2016 | B24: 38785.46 | C24: 43893.53 | D24: 38425.94 | E24: 41459.29 | F24: =AVERAGE(B24:E24) -> 40641.055 | G24: =G23-1 -> 109 | H24: =INDIRECT("A"&G47) -> February 01, 2012 | I24: =INDIRECT("F"&G47) -> 66407.39 | J24: 116.86 | K24: 97.63
A25: March 01,2016 | B25: 39301.31 | C25: 46038.16 | D25: 38425.94 | E25: 41991.65 | F25: =AVERAGE(B25:E25) -> 41439.265 | G25: =G24-1 -> 108 | H25: =INDIRECT("A"&G49) -> March 01, 2012 | I25: =INDIRECT("F"&G49) -> 68179.902 | J25: 125.37 | K25: 108.76
A26: February 01,2016 | B26: 35126.82 | C26: 41482.09 | D26: 34284.02 | E26: 37594.24 | F26: =AVERAGE(B26:E26) -> 37121.792 | G26: =G25-1 -> 107 | H26: =INDIRECT("A"&G52) -> April 01, 2012 | I26: =INDIRECT("F"&G52) -> 71514.103 | J26: 121.89 | K26: 105.25
A27: January 01, 2016 | B27: 39892.32 | C27: 46368.94 | D27: 39009.02 | E27: 42418.64 | F27: =AVERAGE(B27:E27) -> 41922.23 | G27: =G26-1 -> 106 | H27: =INDIRECT("A"&G54) -> May 01, 2012 | I27: =INDIRECT("F"&G54) -> 71028.238 | J27: 111.89 | K27: 106.17
A28: December 01, 2015 | B28: 44320.32 | C28: 50837.44 | D28: 43450.52 | E28: 47016.2 | F28: =AVERAGE(B28:E28) -> 46406.12 | G28: =G27-1 -> 105 | H28: =INDIRECT("A"&G56) -> June 01, 2012 | I28: =INDIRECT("F"&G56) -> 69315.495 | J28: 98.6 | K28: 83.17
A29: November 16, 2015 | B29: 44846.82 | C29: 51404.44 | D29: 43977.02 | E29: 47587.41 | F29: =AVERAGE(B29:E29) -> 46953.923 | G29: =G28-1 -> 104 | H29: =INDIRECT("A"&G58) -> July 01, 2012 | I29: =INDIRECT("F"&G58) -> 64652 | J29: 99.23 | K29: 83.72
A30: November 01, 2015 | B30: 43041.61 | C30: 51392.23 | D30: 43966.25 | E30: 47574.35 | F30: =AVERAGE(B30:E30) -> 46493.61 | G30: =G29-1 -> 103 | H30: =INDIRECT("A"&G60) -> August 01, 2012 | I30: =INDIRECT("F"&G60) -> 68561.29 | J30: 113.52 | K30: 88.99
A31: October 01, 2015 | B31: 43184.17 | C31: 51681.42 | D31: 44141.75 | E31: 47858.56 | F31: =AVERAGE(B31:E31) -> 46716.475 | G31: =G30-1 -> 102 | H31: =INDIRECT("A"&G62) -> September 01, 2012 | I31: =INDIRECT("F"&G62) -> 75263.342 | J31: 114.86 | K31: 95.34
A32: September 01, 2015 | B32: 40938.24 | C32: 49318.92 | D32: 41846.75 | E32: 45448.32 | F32: =AVERAGE(B32:E32) -> 44388.058 | G32: =G31-1 -> 101 | H32: =INDIRECT("A"&G64) -> October 01, 2012 | I32: =INDIRECT("F"&G64) -> 73406.565 | J32: 114.32 | K32: 92.44
A33: August 01, 2015 | B33: 46407.36 | C33: 55677.42 | D33: 47516.75 | E33: 51216.17 | F33: =AVERAGE(B33:E33) -> 50204.425 | G33: =G32-1 -> 100 | H33: =INDIRECT("A"&G66) -> November 01, 2012 | I33: =INDIRECT("F"&G66) -> 71455.93 | J33: 108.61 | K33: 87.05
A34: July 01, 2015 | B34: 51267.36 | C34: 60781.87 | D34: 52592.75 | E34: 56522.06 | F34: =AVERAGE(B34:E34) -> 55291.01 | G34: =G33-1 -> 99 | H34: =INDIRECT("A"&G67) -> December 01, 2012 | I34: =INDIRECT("F"&G67) -> 70760.785 | J34: 107.6 | K34: 88.69
A35: June 01, 2015 | B35: 53353.92 | C35: 62928.37 | D35: 54727.49 | E35: 58723.32 | F35: =AVERAGE(B35:E35) -> 57433.275 | G35: =G34-1 -> 98 | H35: =INDIRECT("A"&G68) -> January 01, 2013 | I35: =INDIRECT("F"&G68) -> 70473.55 | J35: 112.97 | K35: 93.14
A36: May 01, 2015 | B36: 49609.84 | C36: 59122.8 | D36: 50844.43 | E36: 54779.66 | F36: =AVERAGE(B36:E36) -> 53589.183 | G36: =G35-1 -> 97 | H36: =INDIRECT("A"&G69) -> February 01, 2013 | I36: =INDIRECT("F"&G69) -> 71872.722 | J36: 118.29 | K36: 97.46
A37: April 01, 2015 | B37: 49338 | C37: 58614 | D37: 50713 | E37: 54457 | F37: =AVERAGE(B37:E37) -> 53280.5 | G37: =G36-1 -> 96 | H37: =INDIRECT("A"&G70) -> March 01, 2013 | I37: =INDIRECT("F"&G70) -> 74502.548 | J37: 108.64 | K37: 90.71
A38: March 01, 2015 | B38: 50363 | C38: 59479 | D38: 51704 | E38: 55346 | F38: =AVERAGE(B38:E38) -> 54223 | G38: =G37-1 -> 95 | H38: =INDIRECT("A"&G71) -> April 01, 2013 | I38: =INDIRECT("F"&G71) -> 70671.505 | J38: 104.08 | K38: 97.1
A39: February 01, 2015 | B39: 46513.03 | C39: 55444.15 | D39: 47691.9 | E39: 51182.36 | F39: =AVERAGE(B39:E39) -> 50207.86 | G39: =G38-1 -> 94 | H39: =INDIRECT("A"&G72) -> May 01, 2013 | I39: =INDIRECT("F"&G72) -> 66995.098 | J39: 103.59 | K39: 90.74
A40: January 01, 2015 | B40: 52423 | C40: 61525 | D40: 53862 | E40: 57457 | F40: =AVERAGE(B40:E40) -> 56316.75 | G40: =G39-1 -> 93 | H40: =INDIRECT("A"&G73) -> June 01, 2013 | I40: =INDIRECT("F"&G73) -> 66745.172 | J40: 101.5 | K40: 93.41
A41: December 01, 2014 | B41: 59943 | C41: 69386 | D41: 61695 | E41: 65556 | F41: =AVERAGE(B41:E41) -> 64145 | G41: =G40-1 -> 92 | H41: =INDIRECT("A"&G74) -> July 01, 2013 | I41: =INDIRECT("F"&G74) -> 70506.75 | J41: 108.43 | K41: 97.94
A42: November 01, 2014 | B42: 62537.93 | C42: 72214.17 | D42: 64414.98 | E42: 68432.11 | F42: =AVERAGE(B42:E42) -> 66899.798 | G42: =G41-1 -> 91 | H42: =INDIRECT("A"&G75) -> August 01, 2013 | I42: =INDIRECT("F"&G75) -> 74827.645 | J42: 108.49 | K42: 107.93
A43: October 01, 2014 | B43: 67525.63 | C43: 77372.56 | D43: 69610.5 | E43: 73775.91 | F43: =AVERAGE(B43:E43) -> 72071.15 | G43: =G42-1 -> 90 | H43: =INDIRECT("A"&G76) -> September 01, 2013 | I43: =INDIRECT("F"&G76) -> 80012.24 | J43: 112.37 | K43: 108.67
A44: September 01, 2014 | B44: 69603.25 | C44: 79537.36 | D44: 71829.42 | E44: 76023.95 | F44: =AVERAGE(B44:E44) -> 74248.495 | G44: =G43-1 -> 89 | H44: =INDIRECT("A"&G77) -> October 01, 2013 | I44: =INDIRECT("F"&G77) -> 82073.537 | J44: 109.02 | K44: 102.09
... A52: February 01, 2014 | B52: 74072.2 | C52: 84358.9 | D52: 76524.33 | E52: 80557.79 | F52: =AVERAGE(B52:E52) -> 78878.305 | G52: =G51-1 -> 81 | H52: =INDIRECT("A"&G85) -> June 01, 2014 | I52: =INDIRECT("F"&G85) -> 74401.777 | J52: 109.21 | K52: 103.07
A53: January 01, 2014 | B53: 76241.33 | C53: 86559.23 | D53: 78783.84 | E53: 82853.73 | F53: =AVERAGE(B53:E53) -> 81109.533 | G53: =G52-1 -> 80 | H53: =INDIRECT("A"&G87) -> July 01, 2014 | I53: =INDIRECT("F"&G87) -> 74794.07 | J53: 107.65 | K53: 106.06
A54: December 01, 2013 | B54: 74204.74 | C54: 84516.61 | D54: 76658.27 | E54: 80748.12 | F54: =AVERAGE(B54:E54) -> 79031.935 | G54: =G53-1 -> 79 | H54: =INDIRECT("A"&G88) -> August 01, 2014 | I54: =INDIRECT("F"&G88) -> 74690.465 | J54: 104.02 | K54: 97.86
A55: November 01, 2013 | B55: 73607.26 | C55: 83934.82 | D55: 76035.89 | E55: 80133.75 | F55: =AVERAGE(B55:E55) -> 78427.93 | G55: =G54-1 -> 78 | H55: =INDIRECT("A"&G89) -> September 01, 2014 | I55: =INDIRECT("F"&G89) -> 74248.495 | J55: 99.53 | K55: 92.92
A56: October 01, 2013 | B56: 77089.42 | C56: 87579.93 | D56: 79716.05 | E56: 83908.75 | F56: =AVERAGE(B56:E56) -> 82073.537 | G56: =G55-1 -> 77 | H56: =INDIRECT("A"&G90) -> October 01, 2014 | I56: =INDIRECT("F"&G90) -> 72071.15 | J56: 90.9 | K56: 90.74
A57: September 01, 2013 | B57: 75031.09 | C57: 85645.14 | D57: 77632.43 | E57: 81740.3 | F57: =AVERAGE(B57:E57) -> 80012.24 | G57: =G56-1 -> 76 | H57: =INDIRECT("A"&G91) -> November 01, 2014 | I57: =INDIRECT("F"&G91) -> 66899.798 | J57: 83.2 | K57: 78.77
A58: August 01, 2013 | B58: 70203.15 | C58: 80317.03 | D58: 72477.5 | E58: 76312.9 | F58: =AVERAGE(B58:E58) -> 74827.645 | G58: =G57-1 -> 75 | H58: =INDIRECT("A"&G92) -> December 01, 2014 | I58: =INDIRECT("F"&G92) -> 64145 | J58: 68 | K58: 68.98
A59: July 01, 2013 | B59: 66033.75 | C59: 75993.93 | D59: 68147.9 | E59: 71851.42 | F59: =AVERAGE(B59:E59) -> 70506.75 | G59: =G58-1 -> 74 | H59: =INDIRECT("A"&G93) -> January 01, 2015 | I59: =INDIRECT("F"&G93) -> 56316.75 | J59: 49.43 | K59: 53.45
A60: June 01, 2013 | B60: 62416.16 | C60: 72256.95 | D60: 64381.15 | E60: 67926.43 | F60: =AVERAGE(B60:E60) -> 66745.172 | G60: =G59-1 -> 73 | H60: =INDIRECT("A"&G94) -> February 01, 2015 | I60: =INDIRECT("F"&G94) -> 50207.86 | J60: 57 | K60: 49.25
A61: May 01, 2013 | B61: 62649.95 | C61: 72514.02 | D61: 64624.69 | E61: 68191.73 | F61: =AVERAGE(B61:E61) -> 66995.098 | G61: =G60-1 -> 72 | H61: =INDIRECT("A"&G95) -> March 01, 2015 | I61: =INDIRECT("F"&G95) -> 54223 | J61: 59.15 | K61: 49.59
A62: April 01, 2013 | B62: 66195.89 | C62: 76171.9 | D62: 68331.91 | E62: 71986.32 | F62: =AVERAGE(B62:E62) -> 70671.505 | G62: =G61-1 -> 71 | H62: =INDIRECT("A"&G96) -> April 01, 2015 | I62: =INDIRECT("F"&G96) -> 53280.5 | J62: 57.55 | K62: 50.12
A63: March 01, 2013 | B63: 70080.87 | C63: 79238.07 | D63: 72451.8 | E63: 76239.45 | F63: =AVERAGE(B63:E63) -> 74502.548 | G63: =G62-1 -> 70 | H63: =INDIRECT("A"&G97) -> May 01, 2015 | I63: =INDIRECT("F"&G97) -> 53589.183 | J63: 64.93 | K63: 59.1
A64: February 01, 2013 | B64: 67561.04 | C64: 76586.2 | D64: 69826.98 | E64: 73516.67 | F64: =AVERAGE(B64:E64) -> 71872.722 | G64: =G63-1 -> 69 | H64: =INDIRECT("A"&G98) -> June 01, 2015 | I64: =INDIRECT("F"&G98) -> 57433.275 | J64: 60.36 | K64: 60.24
... A69: October 01, 2012 | B69: 70515.97 | C69: 77736.89 | D69: 70949.97 | E69: 74423.43 | F69: =AVERAGE(B69:E69) -> 73406.565 | G69: =G68-1 -> 64 | H69: =INDIRECT("A"&G103) -> November 01, 2015 | I69: =INDIRECT("F"&G103) -> 46493.61 | J69: 46.09 | K69: 46.12
A70: September 16, 2012 | B70: 73710.69 | C70: 81119.39 | D70: 74332.47 | E70: 77914.17 | F70: =AVERAGE(B70:E70) -> 76769.18 | G70: =G69-1 -> 63 | H70: =INDIRECT("A"&G105) -> December 01, 2015 | I70: =INDIRECT("F"&G105) -> 46406.12 | J70: 39.69 | K70: 40.58
A71: September 01, 2012 | B71: 72281.92 | C71: 79590.5 | D71: 72830.64 | E71: 76350.31 | F71: =AVERAGE(B71:E71) -> 75263.342 | G71: =G70-1 -> 62 | H71: =INDIRECT("A"&G106) -> January 01, 2016 | I71: =INDIRECT("F"&G106) -> 41922.23 | J71: 33.57 | K71: 37.13
A72: August 16, 2012 | B72: 67135.76 | C72: 75566.68 | D72: 68103.26 | E72: 72256.37 | F72: =AVERAGE(B72:E72) -> 70765.518 | G72: =G71-1 -> 61 | H72: =INDIRECT("A"&G107) -> February 01,2016 | I72: =INDIRECT("F"&G107) -> 37121.792 | J72: 32.76 | K72: 31.62
A73: August 01, 2012 | B73: 65005.59 | C73: 73374.82 | D73: 65884.34 | E73: 69980.41 | F73: =AVERAGE(B73:E73) -> 68561.29 | G73: =G72-1 -> 60 | H73: =INDIRECT("A"&G108) -> March 01,2016 | I73: =INDIRECT("F"&G108) -> 41439.265 | J73: 37.61 | K73: 34.39
A74: July 16, 2012 | B74: 62208.18 | C74: 70506.46 | D74: 63002.45 | E74: 67020.26 | F74: =AVERAGE(B74:E74) -> 65684.338 | G74: =G73-1 -> 59 | H74: =INDIRECT("A"&G110) -> April 01,2016 | I74: =INDIRECT("F"&G110) -> 43960.29 | J74: 37.77 | K74: 35.36
A75: July 01, 2012 | B75: 61169.08 | C75: 69532.3 | D75: 61933.58 | E75: 65973.04 | F75: =AVERAGE(B75:E75) -> 64652 | G75: =G74-1 -> 58 | H75: =INDIRECT("A"&G112) -> May 01,2016 | I75: =INDIRECT("F"&G112) -> 44362.043 | J75: 44.39 | K75: 44.75
A76: June 16, 2012 | B76: 62409.95 | C76: 70777.06 | D76: 63178.34 | E76: 67257.63 | F76: =AVERAGE(B76:E76) -> 65905.745 | G76: =G75-1 -> 57 | H76: =INDIRECT("A"&G113) -> June 01,2016 | I76: =INDIRECT("F"&G113) -> 48331.798 | J76: 48.94 | K76: 49.07
A77: June 01, 2012 | B77: 65670.14 | C77: 74213.68 | D77: 66587.9 | E77: 70790.26 | F77: =AVERAGE(B77:E77) -> 69315.495 | G77: =G76-1 -> 56 | H77: =INDIRECT("A"&G114) -> July 01,2016 | I77: =INDIRECT("F"&G114) -> 50958.698 | J77: 45.7 | K77: 49.02
A78: May 16, 2012 | B78: 67046.95 | C78: 75634.33 | D78: 68022.08 | E78: 72270.34 | F78: =AVERAGE(B78:E78) -> 70743.425 | G78: =G77-1 -> 55 | H78: =INDIRECT("A"&G115) -> August 01,2016 | I78: =INDIRECT("F"&G115) -> 48882.438 | J78: 40.45 | K78: 40.05
A79: May 01, 2012 | B79: 67319.71 | C79: 75909.53 | D79: 68306.21 | E79: 72577.5 | F79: =AVERAGE(B79:E79) -> 71028.238 | G79: =G78-1 -> 54 | H79: =INDIRECT("A"&G116) -> September 01,2016 | I79: =INDIRECT("F"&G116) -> 47050.97 | J79: 46.72 | K79: 43.17
A80: April 16, 2012 | B80: 67631.45 | C80: 76220.72 | D80: 68630.93 | E80: 72912.62 | F80: =AVERAGE(B80:E80) -> 71348.93 | G80: =G79-1 -> 53 | H80: =INDIRECT("A"&G117) -> October 01,2016 | I80: =INDIRECT("F"&G117) -> 48442.307 | J80: 49.57 | K80: 48.8
A81: April 01, 2012 | B81: 67800.3 | C81: 76383.08 | D81: 68806.82 | E81: 73066.21 | F81: =AVERAGE(B81:E81) -> 71514.103 | G81: =G80-1 -> 52 | H81: =INDIRECT("A"&G118) -> November 01,2016 | I81: =INDIRECT("F"&G118) -> 51901.202 | J81: 43.06 | K81: 46.66
A82: March 16, 2012 | B82: 65949.34 | C82: 74415.95 | D82: 66989.74 | E82: 71025.41 | F82: =AVERAGE(B82:E82) -> 69595.11 | G82: =G81-1 -> 51 | H82: =INDIRECT("A"&G119) -> December 01,2016 | I82: =INDIRECT("F"&G119) -> 49998.025 | J82: 52.31 | K82: 51.08
A83: March 07, 2012 | B83: 64650.46 | C83: 72941.18 | D83: 65636.74 | E83: 69545.33 | F83: =AVERAGE(B83:E83) -> 68193.428 | G83: =G82-1 -> 50 | H83: =INDIRECT("A"&G120) -> January 01, 2017 | I83: =INDIRECT("F"&G120) -> 54213.917 | J83: 55.9 | K83: 52.36
A84: March 01, 2012 | B84: 64596.36 | C84: 72941.18 | D84: 65636.74 | E84: 69545.33 | F84: =AVERAGE(B84:E84) -> 68179.902 | G84: =G83-1 -> 49 | H84: =INDIRECT("A"&G121) -> February 01,2017 | I84: =INDIRECT("F"&G121) -> 55817.393 | J84: 55.92 | K84: 53.9
A85: February 16, 2012 | B85: 62557.12 | C85: 70816.98 | D85: 63499 | E85: 67339.19 | F85: =AVERAGE(B85:E85) -> 66053.073 | G85: =G84-1 -> 48 | H85: =INDIRECT("A"&G122) -> March 01,2017 | I85: =INDIRECT("F"&G122) -> 56104.9 | J85: 54.16 | K85: 53.82
A86: February 01, 2012 | B86: 62907.82 | C86: 71155.22 | D86: 63864.31 | E86: 67702.21 | F86: =AVERAGE(B86:E86) -> 66407.39 | G86: =G85-1 -> 47 | H86: =INDIRECT("A"&G123) -> April 01, 2017 | I86: =INDIRECT("F"&G123) -> 53242.5 | J86: 53.08 | K86: 50.25
... A94: October 15, 2011 | B94: 58595.53 | C94: 66586 | D94: 59359 | E94: 63024 | F94: =AVERAGE(B94:E94) -> 61891.132 | G94: =G93-1 -> 39 | H94: =INDIRECT("A"&G131) -> December 01,2017 | I94: =INDIRECT("F"&G131) -> 58985.5 | J94: 63.56 | K94: 58.35
A95: October 01, 2011 | B95: 58578 | C95: 66586 | D95: 59359 | E95: 63024 | F95: =AVERAGE(B95:E95) -> 61886.75 | G95: =G94-1 -> 38
A96: September 16, 2011 | B96: 57688.62 | C96: 65666.4 | D96: 58452.31 | E96: 62074.19 | F96: =AVERAGE(B96:E96) -> 60970.38 | G96: =G95-1 -> 37
A97: September 01, 2011 | B97: 56260 | C97: 64178 | D97: 56978 | E97: 60552 | F97: =AVERAGE(B97:E97) -> 59492 | G97: =G96-1 -> 36
A98: August 16, 2011 | B98: 56688 | C98: 64625 | D98: 57424 | E98: 61013 | F98: =AVERAGE(B98:E98) -> 59937.5 | G98: =G97-1 -> 35
A99: August 01, 2011 | B99: 57844 | C99: 65842 | D99: 58628 | E99: 62256 | F99: =AVERAGE(B99:E99) -> 61142.5 | G99: =G98-1 -> 34
A100: July 16, 2011 | B100: 56324.79 | C100: 64256.87 | D100: 57031.66 | E100: 60621.03 | F100: =AVERAGE(B100:E100) -> 59558.588 | G100: =G99-1 -> 33
A101: July 01, 2011 | B101: 56246.86 | C101: 64216.28 | D101: 56964.01 | E101: 60565.18 | F101: =AVERAGE(B101:E101) -> 59498.082 | G101: =G100-1 -> 32
A102: June 16, 2011 | B102: 57842.92 | C102: 65934.59 | D102: 58601.14 | E102: 62338.48 | F102: =AVERAGE(B102:E102) -> 61179.283 | G102: =G101-1 -> 31
A103: June 01, 2011 | B103: 56466.11 | C103: 64500.41 | D103: 57166.96 | E103: 60858.41 | F103: =AVERAGE(B103:E103) -> 59747.973 | G103: =G102-1 -> 30
A104: May 16, 2011 | B104: 58794 | C104: 66909 | D104: 59602 | E104: 63358 | F104: =AVERAGE(B104:E104) -> 62165.75 | G104: =G103-1 -> 29
A105: May 01, 2011 | B105: 60560 | C105: 68681 | D105: 61429 | E105: 65201 | F105: =AVERAGE(B105:E105) -> 63967.75 | G105: =G104-1 -> 28
A106: April 16, 2011 | B106: 60404 | C106: 68451 | D106: 61199 | E106: 64964 | F106: =AVERAGE(B106:E106) -> 63754.5 | G106: =G105-1 -> 27
... A131: April 01, 2010 | B131: 40841.4 | C131: 49294.36 | D131: 42159.48 | E131: 45151.97 | F131: =AVERAGE(B131:E131) -> 44361.803 | G131: =G130-1 -> 2
B135: Date | C135: ATF Price (Rs) | D135: Brent ($) | E135: US Oil ($) | F135: Date | G135: ATF Price (Rs) | H135: Brent ($) | I135: US Oil ($) | J135: Premium
B136: April 01, 2010 | C136: 44361.803 | D136: 82.63 | E136: 84.53 | F136: April 01, 2010 | G136: 100 | H136: 100 | I136: 100 | J136: =G136/H136-1 -> 0
B137: May 01, 2010 | C137: 46016.395 | D137: 88.09 | E137: 86.19 | F137: May 01, 2010 | G137: =(1+(C137/C136)-1)*G136 -> 103.72977 | H137: =(1+(D137/D136)-1)*H136 -> 106.60777 | I137: =(1+(E137/E136)-1)*I136 -> 101.9638 | J137: =G137/H137-1 -> -0.026996167
B138: June 01, 2010 | C138: 42951.23 | D138: 73.08 | E138: 72.7 | F138: June 01, 2010 | G138: =(1+(C138/C137)-1)*G137 -> 96.820299 | H138: =(1+(D138/D137)-1)*H137 -> 88.442454 | I138: =(1+(E138/E137)-1)*I137 -> 86.004969 | J138: =G138/H138-1 -> 0.094726511
B139: July 01, 2010 | C139: 45016.693 | D139: 71.73 | E139: 72.95 | F139: July 01, 2010 | G139: =(1+(C139/C138)-1)*G138 -> 101.47625 | H139: =(1+(D139/D138)-1)*H138 -> 86.808665 | I139: =(1+(E139/E138)-1)*I138 -> 86.300722 | J139: =G139/H139-1 -> 0.1689645
B140: August 01, 2010 | C140: 44697.147 | D140: 81.93 | E140: 81.25 | F140: August 01, 2010 | G140: =(1+(C140/C139)-1)*G139 -> 100.75593 | H140: =(1+(D140/D139)-1)*H139 -> 99.15285 | I140: =(1+(E140/E139)-1)*I139 -> 96.119721 | J140: =G140/H140-1 -> 0.016167783
B141: September 01, 2010 | C141: 43596.4 | D141: 75.53 | E141: 73.97 | F141: September 01, 2010 | G141: =(1+(C141/C140)-1)*G140 -> 98.274636 | H141: =(1+(D141/D140)-1)*H140 -> 91.407479 | I141: =(1+(E141/E140)-1)*I140 -> 87.507394 | J141: =G141/H141-1 -> 0.075126862
B142: October 01, 2010 | C142: 44195.268 | D142: 82.69 | E142: 81.57 | F142: October 01, 2010 | G142: =(1+(C142/C141)-1)*G141 -> 99.624598 | H142: =(1+(D142/D141)-1)*H141 -> 100.07261 | I142: =(1+(E142/E141)-1)*I141 -> 96.498285 | J142: =G142/H142-1 -> -0.0044768956
B143: November 01, 2010 | C143: 45777 | D143: 84.06 | E143: 82.94 | F143: November 01, 2010 | G143: =(1+(C143/C142)-1)*G142 -> 103.19013 | H143: =(1+(D143/D142)-1)*H142 -> 101.73061 | I143: =(1+(E143/E142)-1)*I142 -> 98.119011 | J143: =G143/H143-1 -> 0.014346911
B144: December 01, 2010 | C144: 47892.115 | D144: 88.56 | E144: 86.75 | F144: December 01, 2010 | G144: =(1+(C144/C143)-1)*G143 -> 107.958 | H144: =(1+(D144/D143)-1)*H143 -> 107.17657 | I144: =(1+(E144/E143)-1)*I143 -> 102.62629 | J144: =G144/H144-1 -> 0.0072910555
B145: January 01, 2011 | C145: 50576.88 | D145: 95.82 | E145: 91.59 | F145: January 01, 2011 | G145: =(1+(C145/C144)-1)*G144 -> 114.00998 | H145: =(1+(D145/D144)-1)*H144 -> 115.96273 | I145: =(1+(E145/E144)-1)*I144 -> 108.35206 | J145: =G145/H145-1 -> -0.016839465
...
